Workbook
Name AdminExpenses_LOAD_2: Административные!$AK$24:$AK$25
Name AdminExpenses_pIns_comm: Административные!$AB$88
Name AdminExpenses_vis_flags: Административные!$AE$17:$AJ$17
Name AdminiExpenses_LOAD_1: Административные!$AE$25:$AJ$25
Name Amortization_LOAD_1: Амортизация!$AE$25:$BB$25
Name Amortization_LOAD_2: Амортизация!$BC$24:$BC$25
Name Amortization_pIns_comm: Амортизация!$AB$180
Name Amortization_vis_flags: Амортизация!$AI$2:$BB$2
Name AUTHORIZED_PERSON_EMAIL: 'Общие сведения'!$AE$227
Name AUTHORIZED_PERSON_FIO: 'Общие сведения'!$AE$224
Name AUTHORIZED_PERSON_PHONE: 'Общие сведения'!$AE$226
Name AUTHORIZED_PERSON_POSITION: 'Общие сведения'!$AE$225
Name Balance_vis_flags: Баланс!$AI$2:$BB$2
Name Calculation_LOAD_1: 'Калькуляция (МИ)'!$AE$25:$BC$25
Name Calculation_LOAD_2: 'Калькуляция (МИ)'!$BN$24:$BP$25
Name Calculation_pIns_comm: 'Калькуляция (МИ)'!$AB$463
Name Calculation_vis_flags: 'Калькуляция (МИ)'!$AJ$2:$BM$2
Name Calculation_vis_flags2: 'Калькуляция (МИ)'!$S$25:$S$25
Name code: Инструкция!$B$2
Name COLDVSNA_TRANSP_VTOV: TEHSHEET!$V$2:$V$4
Name COLDVSNA_VDET_LIST: TEHSHEET!$K$20:$K$24
Name COLDVSNA_VTARIFF: TEHSHEET!$W$2:$W$3
Name COLDVSNA_VTOV: TEHSHEET!$V$2:$V$3
Name diametr_list: TEHSHEET!$AB$2:$AB$22
Name diametr_list_vo: TEHSHEET!$AG$2:$AG$140
Name diametr_list_vs: TEHSHEET!$AF$2:$AF$55
Name DOCUMENT_TYPES: TEHSHEET!$K$46:$K$52
Name DPR_check_range1: ДПР!$AG$28:$AG$28
Name DPR_ee_divide: ДПР!$AF$24
Name dpr_list: DICTIONARIES!$C$2:$C$43
Name DPR_LOAD_1: ДПР!$AC$28:$AK$28
Name DPR_pIns_comm: ДПР!$AB$187
Name DPR_vis_flags: ДПР!$W$28:$W$28
Name DPR_vis_flags2: ДПР!$AG$2:$AK$2
Name DPRConcessions_LOAD_1: 'ДПР (концессии)'!$AC$26:$AK$26
Name DPRConcessions_pIns_comm: 'ДПР (концессии)'!$AB$191
Name DPRConcessions_vis_flags: 'ДПР (концессии)'!$W$26:$W$26
Name DPRConcessions_vis_flags2: 'ДПР (концессии)'!$AG$2:$AK$2
Name Electricity_LOAD_1: ЭЭ!$AE$25:$BB$109
Name Electricity_vis_flags: ЭЭ!$AI$2:$BB$2
Name entityName: 'Общие сведения'!$AI$24
Name et_AdminExpenses_tariff: Административные!$32:$88
Name et_Amortization_tariff: Амортизация!$27:$75
Name et_Balance_tariff_vo: Баланс!$81:$105
Name et_Balance_tariff_vo_transp: Баланс!$107:$117
Name et_Balance_tariff_vs: Баланс!$27:$62
Name et_Balance_tariff_vs_transp: Баланс!$65:$78
Name et_Calculation_tariff: 'Калькуляция (МИ)'!$27:$166
Name et_DPR_tariff_vs: ДПР!$30:$80
Name et_DPRConcessions_block: 'ДПР (концессии)'!$29:$79
Name et_DPRConcessions_tariff: 'ДПР (концессии)'!$28:$28
Name et_GeneralInfo_fio: 'Общие сведения'!$236:$236
Name et_GeneralInfo_tariff: 'Общие сведения'!$180:$193
Name et_InvestmentSources_tariff: 'ИП + источники'!$58:$86
Name et_NegativeImpactFee_tariff: 'Плата за негативное возд'!$26:$28
Name et_NVVCorrection_tariff: 'Корректировка НВВ'!$27:$77
Name et_ObjectList_obj: 'Список объектов'!$28:$28
Name et_ObjectList_tariff_vs: 'Список объектов'!$26:$26
Name et_Purchase_org2: Покупка!$38:$39
Name et_Purchase_org3: Покупка!$45:$46

Sheet Информация JSON
A1: Расположение | B1: Тип | C1: Комментарий

Sheet Инструкция
AA1: (требуется обновление)
B2: Код отчёта: EXPERT.VSVO.2026.EIAS
B3: Версия отчёта: 1.1.2
B6: Условные обозначения
E8: A | F8: - предназначенные для заполнения | O8: A | P8: - ссылки и автозаполняемые поля
E9: A | F9: - с формулами и константами | O9: A | P9: - обязательные для заполнения
E10: A | F10: - выбор по даблклику (необязательные) | O10: A | P10: - выбор по даблклику (обязательные)
B12: Работа с реестрами
E13: Если в предложенном Вам списке необходимая организация, территория или объект отсутствуют, обратитесь к ответственному за поддержание реестра Вашего региона либо в службу поддержки пользователей ФГИС «ТАРИФ». В случае возникновения ошибок или вопросов, пожалуйста, также оставьте обращение на портале поддержки ФГИС «ТАРИФ» по адресу:
E14: https://support.tarif.gov.ru/
B15: Проверка отчёта
E16: • При сохранении отчётной формы осуществляется проверка корректности данных_x000D_ • Для каждого сообщения возможны 2 статуса: ошибка и предупреждение_x000D_ • При наличии сообщений со статусом «Ошибка» файл будет отклонён системой и не будет загружен в хранилище данных, сообщения со статусом «Предупреждение» носят информационный характер, и такой файл будет принят к обработке системой

Sheet Пояснения
B2: flag_vis
E5: flag_size
AB22: Понятия, используемые в Типовом экспертном заключении
AB24: № п/п | AC24: Используемое понятие | AD24: Расшифровка (пояснения)
AB25: 1 | AC25: факт по данным организации | AD25: фактические значения расходов в соответствии с данными раздельного учета затрат по видам деятельности организаций, осуществляющих горячее водоснабжение, холодное водоснабжение и (или) водоотведение
AB26: 2 | AC26: факт, принятый органом регулирования | AD26: фактические значения расходов в соответствии с данными бухгалтерской и статистической отчетности регулируемой организации за соответствующий период, с учетом данных, полученных по результатам проведенных органом регулирования тарифов мероприятий по контролю, предусмотренных Постановление Правительства РФ от 27.06.2013 N 543 (ред. от 17.08.2020) "О государственном контроле (надзоре) в области регулируемых государством цен (тарифов).

Sheet Список листов
B2: flag_vis
E5: flag_size
AB22: Список листов
AB23: * для перехода на лист дважды кликните по названию
B24: TRUE | E24: 27.75 | AB24: скрыть | AC24: Общие сведения | AD24: Сведения о регулируемой организации_x000D_ Информация о рассмотрении дела об установлении тарифов
B25: TRUE | E25: 27.75 | AB25: скрыть | AC25: Список территорий | AD25: Перечень муниципальных образований, на территории которых организация оказывает услуги холодного водоснабжения / водоотведения
B26: TRUE | E26: 27.75 | AB26: скрыть | AC26: Перечень объектов | AD26: Перечень объектов организации, с помощью которых организация оказывает услуги холодного водоснабжения/ водоотведения
B27: TRUE | E27: 27.75 | AB27: скрыть | AC27: Список объектов | AD27: Правоустанавливающие и подтверждающие документы на объекты коммунальной инфраструктуры
B28: =NOT(method_reg="Метод сравнения аналогов") -> TRUE | E28: 27.75 | AB28: скрыть | AC28: Сценарии | AD28: Ключевые сценарные показатели
B29: =method_reg="Метод индексации" -> TRUE | E29: 27.75 | AB29: отобразить | AC29: ИИКА | AD29: Индекс изменения количества активов
B30: TRUE | E30: 27.75 | AB30: скрыть | AC30: Баланс | AD30: Баланс водоснабжения / водоотведения
B31: =OR(method_reg="Метод индексации",method_reg="Метод сравнения аналогов") -> TRUE | E31: 27.75 | AB31: отобразить | AC31: Условные метры | AD31: Расчет условных метров водопроводной (канализационной) сети
B32: =NOT(method_reg="Метод сравнения аналогов") -> TRUE | E32: 27.75 | AB32: скрыть | AC32: Сырье и материалы | AD32: Расходы на реагенты
B33: =NOT(method_reg="Метод сравнения аналогов") -> TRUE | E33: 27.75 | AB33: скрыть | AC33: ЭЭ | AD33: Расходы на электрическую энергию
B34: =NOT(method_reg="Метод сравнения аналогов") -> TRUE | E34: 27.75 | AB34: скрыть | AC34: Амортизация | AD34: Амортизация основных средств и нематериальных активов, относимых к объектам централизованной системы водоснабжения/водоотведения
B35: =method_reg="Метод сравнения аналогов" -> FALSE | E35: 27.75 | AB35: отобразить | AC35: Амортизация (аналог) | AD35: Нормативный уровень расходов на амортизацию основных средств и нематериальных активов, относимых к объектам централизованой системы водоснабжения / водоотведения, используемым для транспортировки воды / сточных вод
B36: =NOT(method_reg="Метод сравнения аналогов") -> TRUE | E36: 27.75 | AB36: скрыть | AC36: Аренда | AD36: Аренда
B37: =NOT(method_reg="Метод сравнения аналогов") -> TRUE | E37: 27.75 | AB37: скрыть | AC37: Покупка | AD37: Расходы на оплату товаров (услуг, работ), приобретаемых у других организаций
B38: =AND(OR(god=first_year,method_reg="Метод обеспечения доходности инвестированного капитала"),NOT(method_reg="Метод сравнения аналогов")) -> FALSE | E38: 27.75 | AB38: отобразить | AC38: ФОТ | AD38: Расходы на оплату труда и страховые взносы на обязательное социальное страхование основного производственного персонала, в том числе налоги и сборы с фонда оплаты труда
B39: =AND(OR(god=first_year,method_reg="Метод обеспечения доходности инвестированного капитала"),NOT(method_reg="Метод сравнения аналогов")) -> FALSE | E39: 27.75 | AB39: отобразить | AC39: Административные | AD39: Административные расходы
B40: =AND(OR(god=first_year,method_reg="Метод обеспечения доходности инвестированного капитала"),NOT(method_reg="Метод сравнения аналогов"),STATUS_GO="да") -> FALSE | E40: 27.75 | AB40: отобразить | AC40: Сбытовые расходы ГО | AD40: Сбытовые расходы гарантирующей организации
B41: =NOT(method_reg="Метод сравнения аналогов") -> TRUE | E41: 27.75 | AB41: скрыть | AC41: Налоги | AD41: Расшифровка по налогам и платежам
B42: =AND(method_reg<>"Метод сравнения аналогов",OR(HAS_DOC5="да",HAS_DOC6="да")) -> FALSE | E42: 27.75 | AB42: отобразить | AC42: ИП + источники | AD42: План и факт по источникам финансирования инвестиционной программы
B43: =AND(NOT(method_reg="Метод экономически обоснованных расходов"),NOT(method_reg="Метод сравнения аналогов")) -> TRUE | E43: 27.75 | AB43: отобразить | AC43: Экономия_корр | AD43: Расчет экономии средств, достигнутой в результате снижения расходов предыдущего долгосрочного периода регулирования
B44: =AND(NOT(method_reg="Метод сравнения аналогов"),hasVO) -> TRUE | E44: 27.75 | AB44: отобразить | AC44: Плата за негативное возд | AD44: Плата за негативное воздействие на работу централизованных систем водоотведения
B45: =AND(NOT(method_reg="Метод экономически обоснованных расходов"),NOT(method_reg="Метод сравнения аналогов")) -> TRUE | E45: 27.75 | AB45: скрыть | AC45: Корректировка НВВ | AD45: Расчет показателей корректировки необходимой валовой выручки
B46: =method_reg="Метод экономически обоснованных расходов" -> FALSE | E46: 27.75 | AB46: отобразить | AC46: Калькуляция (МЭОР) | AD46: Расчет тарифа методом экономически обоснованных расходов
B47: =AND(first_year=god,OR(method_reg="Метод обеспечения доходности инвестированного капитала",method_reg="Метод индексации")) -> FALSE | E47: 27.75 | AB47: отобразить | AC47: Калькуляция (МИ) | AD47: Расчет тарифа методом индексации
B48: =AND(OR(method_reg="Метод индексации",method_reg="Метод обеспечения доходности инвестированного капитала"),first_year<>god) -> TRUE | E48: 27.8 | AB48: скрыть | AC48: Калькуляция (МИ корр) | AD48: Расчет тарифа методом индексации
B49: =NOT(method_reg="Метод сравнения аналогов") -> TRUE | E49: 27.75 | AB49: скрыть | AC49: ТМ | AD49: Тарифное меню
B50: =OR(method_reg="Метод индексации",method_reg="Метод обеспечения доходности инвестированного капитала") -> TRUE | E50: 27.75 | AB50: скрыть | AC50: ДПР | AD50: Долгосрочные параметры регулирования тарифов
B51: =OR(method_reg="Метод индексации",method_reg="Метод обеспечения доходности инвестированного капитала") -> TRUE | E51: 27.75 | AB51: отобразить | AC51: ДПР (концессии) | AD51: Долгосрочные параметры регулирования тарифов (концессии)
B52: =OR(method_reg="Метод сравнения аналогов",AND(method_reg="Метод индексации",STATUS_GO="да")) -> FALSE | E52: 27.75 | AB52: отобразить | AC52: ГО | AD52: Калькуляция расходов гарантирующей организации
B53: =method_reg="Метод сравнения аналогов" -> FALSE | E53: 27.75 | AB53: отобразить | AC53: Калькуляция (МСА) | AD53: Расчет тарифа на транспортировку холодной воды / сточных вод методом сравнения аналогов

Sheet Общие сведения
V1: tariffId | W1: vis_1 | X1: blok_1 | Y1: blok_2 | Z1: ren_1 | AA1: del_2 | AD1: dyn_1 | AE1: dyn_2 | AF1: del_1
B2: flag_vis
E5: flag_size | AA5: 3.43 | AB5: 12 | AC5: 18 | AD5: 56.86 | AE5: 65 | AF5: 3
E21: 11.25
E22: 19.5 | AA22: 552 | AB22: Наименование субъекта Российской Федерации | AE22: Кемеровская область | AF22: {=INDEX(TEHSHEET!B1:B90,MATCH(region_name,REGION,0))} -> RU42
E23: 19.5 | AD23: Метод регулирования | AE23: Метод индексации | AH23: =IF(AND(AE23="Метод индексации",god=first_year),"методом индексации установленных тарифов",IF(AND(AE23="Метод индексации",god<>first_year),"методом индексации установленных тарифов (при корректировке тарифов, начиная со второго года долгосрочного периода регулирования)",IF(AE23="Метод экономически обоснованных расходов","методом экономически обоснованных расходов (затрат)",IF(AE23="Метод сравнения аналогов","методом сравнения аналогов",IF(AE23="Метод обеспечения доходности инвестированного капитала","методом обеспечения доходности инвестированного капитала","выберите метод регулирования"))))) -> методом индексации установленных тарифов (при корректировке тарифов, начиная со второго года долгосрочного периода регулирования) | AI23: =IF(method_reg="Метод индексации","INDEX",IF(method_reg="Метод экономически обоснованных расходов","EOR",IF(method_reg="Метод сравнения аналогов","ANALOG","RAB"))) -> INDEX
E24: 19.5 | AB24: Период регулирования | AE24: 2026 | AI24: =ORG_SHORT_NAME&"_ИНН:"&inn&"_КПП:"&kpp -> ООО "Энергосервис г. Гурьевска"_ИНН:4202049045_КПП:420201001
B25: =AND(NOT(method_reg="Метод экономически обоснованных расходов"),NOT(method_reg="Метод сравнения аналогов")) -> TRUE | E25: 19.5 | AB25: Первый год долгосрочного периода регулирования | AE25: 2024 | AF25: =first_year+PERIOD_LENGTH-1 -> 2028 | AG25: {=IF(AE236="да",god,last_year)} -> 2026
B26: =AND(NOT(method_reg="Метод экономически обоснованных расходов"),NOT(method_reg="Метод сравнения аналогов")) -> TRUE | E26: 19.5 | AB26: Период долгосрочной индексации (количество лет) | AE26: 5
B27: =AND(NOT(method_reg="Метод экономически обоснованных расходов"),NOT(method_reg="Метод сравнения аналогов"),NOT(god=first_year)) -> TRUE | E27: 19.5 | AB27: Количество лет корректировки | AE27: =IF(OR(PERIOD_LENGTH-god+first_year<=0,PERIOD_LENGTH-god+first_year>10),"",PERIOD_LENGTH-god+first_year) -> 3
E28: 7.5
E29: 7.5
E30: 19.5 | AB30: Экспертное заключение
E31: 19.5 | AB31: РЕГИОНАЛЬНАЯ ЭНЕРГЕТИЧЕСКАЯ КОМИССИЯ КУЗБАССА
E32: 19.5 | AB32: по результатам экспертизы предложения
E33: 19.5 | Z33: 463042 | AA33: 28976681 | AB33: ООО "Энергосервис г. Гурьевска" | AL33: =IFERROR(region_name&" / "&god&" / "&org&" (ИНН:"&inn&", КПП:"&kpp&") / ДПР: "&first_year&"-"&last_year,"") -> Кемеровская область / 2026 / ООО "Энергосервис г. Гурьевска" (ИНН:4202049045, КПП:420201001) / ДПР: 2024-2028
E34: 19.5 | AB34: ="об установлении тарифов в сфере "&IF(AND(OR(hasVS,hasTranspVS),OR(hasVO,hasTranspVO)),"холодного водоснабжения / водоотведения",IF(OR(hasVS,hasTranspVS),"холодного водоснабжения",IF(OR(hasVO,hasTranspVO),"водоотведения","<не указано>")))&" "&AH23 -> об установлении тарифов в сфере холодного водоснабжения / водоотведения методом индексации установленных тарифов (при корректировке тарифов, начиная со второго года долгосрочного периода регулирования)
E35: 19.5 | AB35: =IF(god="","",IF(AND(method_reg<>"Метод сравнения аналогов",method_reg<>"Метод экономически обоснованных расходов"),"долгосрочного периода регулирования тарифов "&first_year&"-"&last_year&" гг.","на "&god&" год")) -> долгосрочного периода регулирования тарифов 2024-2028 гг.
E36: 11.25
E37: 19.5 | AB37: 1. Сведения о регулируемой организации
E38: 36 | AB38: Полное наименование юридического лица (индивидуального предпринимателя) в соответствии с данными из ЕГРЮЛ/ЕГРИП | AE38: Общество с ограниченной ответственностью "Энергосервис г. Гурьевска"
E39: 36 | AB39: Сокращенное наименование юридического лица (индивидуального предпринимателя) в соответствии с данными из ЕГРЮЛ/ЕГРИП | AE39: ООО "Энергосервис г. Гурьевска"
E40: 19.5 | AB40: Наименование (описание) обособленного подразделения
E41: 19.5 | AB41: ОГРН | AE41: 1154202000260
E42: 19.5 | AB42: ИНН | AE42: 4202049045
E43: 19.5 | AB43: КПП | AE43: 420201001
E44: 19.5 | AB44: Код по ОКПО | AE44: 27610011 | AG44: L2_7
E45: 19.5 | AB45: Организационно-правовая форма | AE45: 1 23 00 | Общества с ограниченной ответственностью | AG45: L2_8
E46: 19.5 | AB46: Юридический адрес | AE46: Российская Федерация, 652780, Кемеровская область, г. Гурьевск, ул. Партизанская, 19 | AG46: L2_9
E47: 19.5 | AB47: Фактический адрес | AE47: Российская Федерация, 652780, Кемеровская область, г. Гурьевск, ул. Партизанская, 19 | AG47: L2_10
E48: 19.5 | AB48: Телефон организации | AE48: +73846354250 | AG48: L2_11
E49: 19.5 | AB49: e-mail | AE49: uktsgur@rambler.ru | AG49: L2_12
E50: 19.5 | AB50: ФИО руководителя | AE50: Журавлев Евгений Владимирович | AG50: L2_13
E51: 19.5 | AB51: Должность руководителя | AE51: Директор | AG51: L2_14
E52: 19.5 | AB52: Официальный сайт регулируемой организации в сети "Интернет" | AG52: L2_15
E53: 19.5 | AB53: Государственное и (или) муниципальное участие в юридическом лице | AD53: Наличие | AE53: нет | AG53: L3_1
E54: 19.5 | AD54: Сведения о доле, % | AE54: 0% | AG54: L3_2
E55: 19.5 | AD55: Преобладающий тип собственности в юридическом лице | AE55: частная | AG55: L3_3
E56: 25.5 | AB56: Наличие раздельного учёта затрат по регулируемым видам деятельности в сфере холодного водоснабжения / водоотведения | AE56: да | AG56: L4_1
E57: 25.5 | AB57: Система налогообложения | AE57: УСН (упрощённая система налогообложения)
E58: 19.5 | AB58: Плательщик НДС | AE58: да | AG58: L4_2
E59: 25.5 | AB59: Является ли деятельность в сфере холодного водоснабжения / водоотведения профильным видом деятельности | AE59: да | AG59: L4_3
B60: =NOT(method_reg="Метод сравнения аналогов") -> TRUE | E60: 19.5 | F60: STATUS_GO | AB60: Наличие статуса гарантирующей организации (ГО) | AE60: нет | AG60: L4_4
B61: =AND(NOT(method_reg="Метод сравнения аналогов"),STATUS_GO="да") -> FALSE | E61: 12 | AB61: URL-ссылка на документ, подтверждающий статус ГО | AE61: https://portal.eias.ru/Portal/DownloadPage.aspx?type=12&guid=4c962a83-8b92-4503-9ba5-a0180547bc71
B62: =AND(NOT(method_reg="Метод сравнения аналогов"),STATUS_GO="да") -> FALSE | E62: 12 | W62: =ROW(Y62)>ROW(Y$62) -> FALSE | Y62: et_2 | AA62: × | AB62: URL-ссылка на документ, подтверждающий статус ГО
B63: =AND(NOT(method_reg="Метод сравнения аналогов"),STATUS_GO="да") -> FALSE | E63: 14 | F63: go | Y63: { _x000D_ funcDyn: 'msgone',_x000D_ blok: '',_x000D_ wsCross: '',_x000D_ linkFormula: '',_x000D_ levelDyn: ''_x000D_ } | AE63: Добавить
B64: =method_reg="Метод сравнения аналогов" -> FALSE | E64: 14
B65: =method_reg="Метод сравнения аналогов" -> FALSE | E65: 19.5 | AB65: Наименование гарантирующей организации (ГО) | AG65: L9_1
B66: =method_reg="Метод сравнения аналогов" -> FALSE | E66: 19.5 | AB66: ИНН ГО | AG66: L9_2
B67: =method_reg="Метод сравнения аналогов" -> FALSE | E67: 19.5 | AB67: КПП ГО | AG67: L9_3
B68: =method_reg="Метод сравнения аналогов" -> FALSE | E68: 19.5 | AB68: Реквизиты письма ГО о направлении данных для расчета | AG68: L9_4
B69: =method_reg="Метод сравнения аналогов" -> FALSE | E69: 19.5 | AB69: ГО плательщик НДС | AG69: L9_5
E70: 14
E71: 19.5 | AB71: Наличие программы в области энергосбережения и повышения энергетической эффективности | AE71: нет | AG71: L4_6
E72: 19.5 | F72: HAS_DOC2 | AB72: Наличие программы комплексного развития | AE72: нет | AG72: L4_7
B73: =HAS_DOC2="да" -> FALSE | E73: 19.5 | AB73: Реквизиты решения | AC73: Наименование
B74: =HAS_DOC2="да" -> FALSE | E74: 19.5 | AC74: Вид
B75: =HAS_DOC2="да" -> FALSE | E75: 19.5 | AC75: Номер
B76: =HAS_DOC2="да" -> FALSE | E76: 19.5 | AC76: Дата принятия
B77: =HAS_DOC2="да" -> FALSE | E77: 19.5 | AC77: URL-ссылка на решение
B78: =HAS_DOC2="да" -> FALSE | E78: 19.5 | W78: =ROW(Y78)>ROW(Y$78) -> FALSE | Y78: et_2 | AA78: × | AB78: Реквизиты решения | AC78: Наименование
B79: =HAS_DOC2="да" -> FALSE | E79: 19.5 | W79: {=W78} -> FALSE | AC79: Вид
B80: =HAS_DOC2="да" -> FALSE | E80: 19.5 | W80: {=W79} -> FALSE | AC80: Номер
B81: =HAS_DOC2="да" -> FALSE | E81: 19.5 | W81: {=W80} -> FALSE | AC81: Дата принятия
B82: =HAS_DOC2="да" -> FALSE | E82: 19.5 | W82: {=W81} -> FALSE | AC82: URL-ссылка на решение
B83: =HAS_DOC2="да" -> FALSE | E83: 15 | F83: HAS_DOC2 | Y83: { _x000D_ funcDyn: 'msgone',_x000D_ blok: '',_x000D_ wsCross: '',_x000D_ linkFormula: '',_x000D_ levelDyn: ''_x000D_ } | AE83: Добавить
E84: 19.5 | F84: HAS_DOC3 | AB84: Наличие схемы холодного водоснабжения / водоотведения | AE84: нет | AG84: L4_8
B85: =HAS_DOC3="да" -> FALSE | E85: 19.5 | AB85: Реквизиты решения | AC85: Наименование
B86: =HAS_DOC3="да" -> FALSE | E86: 19.5 | AC86: Вид
B87: =HAS_DOC3="да" -> FALSE | E87: 19.5 | AC87: Номер
B88: =HAS_DOC3="да" -> FALSE | E88: 19.5 | AC88: Дата принятия
B89: =HAS_DOC3="да" -> FALSE | E89: 19.5 | AC89: URL-ссылка на решение
B90: =HAS_DOC3="да" -> FALSE | E90: 19.5 | W90: =ROW(Y90)>ROW(Y$90) -> FALSE | Y90: et_2 | AA90: × | AB90: Реквизиты решения | AC90: Наименование
B91: =HAS_DOC3="да" -> FALSE | E91: 19.5 | W91: {=W90} -> FALSE | AC91: Вид
B92: =HAS_DOC3="да" -> FALSE | E92: 19.5 | W92: {=W91} -> FALSE | AC92: Номер
B93: =HAS_DOC3="да" -> FALSE | E93: 19.5 | W93: {=W92} -> FALSE | AC93: Дата принятия
B94: =HAS_DOC3="да" -> FALSE | E94: 19.5 | W94: {=W93} -> FALSE | AC94: URL-ссылка на решение
B95: =HAS_DOC3="да" -> FALSE | E95: 15 | F95: HAS_DOC3 | Y95: { _x000D_ funcDyn: 'msgone',_x000D_ blok: '',_x000D_ wsCross: '',_x000D_ linkFormula: '',_x000D_ levelDyn: ''_x000D_ } | AE95: Добавить
B96: =NOT(method_reg="Метод сравнения аналогов") -> TRUE | E96: 19.5 | F96: HAS_DOC4 | AB96: Наличие закона субъекта по льготным тарифам | AE96: да | AG96: L4_9
B97: =AND(NOT(method_reg="Метод сравнения аналогов"),HAS_DOC4="да") -> TRUE | E97: 19.5 | AB97: Реквизиты решения | AC97: Наименование | AE97: "О льготных ценах (тарифах) на тепловую энергию (мощность), теплоноситель, горячее, холодное водоснабжение, водоотведение, твердое топливо, сжиженный газ на территории Кемеровской области - Кузбасса" (принят Законодательным Собранием Кемеровской области - Кузбасса 23.06.2020)
B98: =AND(NOT(method_reg="Метод сравнения аналогов"),HAS_DOC4="да") -> TRUE | E98: 19.5 | AC98: Вид | AE98: закон
B99: =AND(NOT(method_reg="Метод сравнения аналогов"),HAS_DOC4="да") -> TRUE | E99: 19.5 | AC99: Номер | AE99: 69-ОЗ
B100: =AND(NOT(method_reg="Метод сравнения аналогов"),HAS_DOC4="да") -> TRUE | E100: 19.5 | AC100: Дата принятия | AE100: 44015
B101: =AND(NOT(method_reg="Метод сравнения аналогов"),HAS_DOC4="да") -> TRUE | E101: 19.5 | AC101: URL-ссылка на решение | AE101: https://portal.eias.ru/Portal/DownloadPage.aspx?type=12&guid=4c962a83-8b92-4503-9ba5-a0180547bc71
B102: =AND(NOT(method_reg="Метод сравнения аналогов"),HAS_DOC4="да") -> TRUE | E102: 19.5 | W102: =ROW(Y102)>ROW(Y$102) -> FALSE | Y102: et_2 | AA102: × | AB102: Реквизиты решения | AC102: Наименование
B103: =AND(NOT(method_reg="Метод сравнения аналогов"),HAS_DOC4="да") -> TRUE | E103: 19.5 | W103: {=W102} -> FALSE | AC103: Вид
B104: =AND(NOT(method_reg="Метод сравнения аналогов"),HAS_DOC4="да") -> TRUE | E104: 19.5 | W104: {=W103} -> FALSE | AC104: Номер
B105: =AND(NOT(method_reg="Метод сравнения аналогов"),HAS_DOC4="да") -> TRUE | E105: 19.5 | W105: {=W104} -> FALSE | AC105: Дата принятия
B106: =AND(NOT(method_reg="Метод сравнения аналогов"),HAS_DOC4="да") -> TRUE | E106: 19.5 | W106: {=W105} -> FALSE | AC106: URL-ссылка на решение
B107: =AND(NOT(method_reg="Метод сравнения аналогов"),HAS_DOC4="да") -> TRUE | E107: 15 | F107: HAS_DOC4 | Y107: { _x000D_ funcDyn: 'msgone',_x000D_ blok: '',_x000D_ wsCross: '',_x000D_ linkFormula: '',_x000D_ levelDyn: ''_x000D_ } | AE107: Добавить
B108: =NOT(method_reg="Метод сравнения аналогов") -> TRUE | E108: 25.5 | F108: HAS_DOC5 | AB108: ="Наличие утверждённых ОИВ инвестиционных программ, действующих в течение "&god-2&" года, для организации, оказывающей услуги холодного водоснабжения/водоотведения" -> Наличие утверждённых ОИВ инвестиционных программ, действующих в течение 2024 года, для организации, оказывающей услуги холодного водоснабжения/водоотведения | AE108: нет | AG108: L4_10
B109: =AND(NOT(method_reg="Метод сравнения аналогов"),HAS_DOC5="да") -> FALSE | E109: 19.5 | W109: FALSE | AB109: Реквизиты решения | AC109: Наименование
B110: =AND(NOT(method_reg="Метод сравнения аналогов"),HAS_DOC5="да") -> FALSE | E110: 19.5 | W110: FALSE | AC110: Вид
B111: =AND(NOT(method_reg="Метод сравнения аналогов"),HAS_DOC5="да") -> FALSE | E111: 19.5 | W111: FALSE | AC111: Номер
B112: =AND(NOT(method_reg="Метод сравнения аналогов"),HAS_DOC5="да") -> FALSE | E112: 19.5 | W112: FALSE | AC112: Дата принятия
B113: =AND(NOT(method_reg="Метод сравнения аналогов"),HAS_DOC5="да") -> FALSE | E113: 19.5 | W113: FALSE | AC113: Дата начала реализации / действия инвестиционной программы
B114: =AND(NOT(method_reg="Метод сравнения аналогов"),HAS_DOC5="да") -> FALSE | E114: 19.5 | W114: FALSE | AC114: Дата окончания реализации / действия инвестиционной программы
B115: =AND(NOT(method_reg="Метод сравнения аналогов"),HAS_DOC5="да") -> FALSE | E115: 19.5 | W115: =ROW(Y115)>ROW(Y$115) -> FALSE | Y115: et_2 | AA115: × | AB115: Реквизиты решения | AC115: Наименование
B116: =AND(NOT(method_reg="Метод сравнения аналогов"),HAS_DOC5="да") -> FALSE | E116: 19.5 | W116: {=W115} -> FALSE | AC116: Вид
B117: =AND(NOT(method_reg="Метод сравнения аналогов"),HAS_DOC5="да") -> FALSE | E117: 19.5 | W117: {=W116} -> FALSE | AC117: Номер
...

Sheet Список территорий
F1: tariffNum | G1: nomer_name | U1: vis_1 | V1: dyn_1 | W1: blok_1 | X1: blok_2 | Y1: ren_1 | Z1: del_1 | AA1: del_2 | AB1: ren_2 | AC1: dyn_2 | AI1: pok_js | AJ1: PJ_DYN | AK1: PJ_NAME | AL1: PJ_NAME_MO | AM1: PJ_NAME_OKTMO | AN1: dyn_add | AO1: dyn_fill
B2: flag_vis
E5: flag_size | AA5: 3 | AB5: 11 | AC5: 45 | AD5: 45 | AE5: 14 | AF5: 35 | AG5: 35 | AH5: 3
A6: pok | AC6: l1 | AD6: l2 | AE6: l3 | AF6: l5 | AG6: l4
A9: PJ_TERR | AF9: {=AF24} -> Тип муниципального образования | AG9: {=AG24} -> Дополнительные сведения
A10: dyn_names | AC10: PJ_NAME | AD10: PJ_NAME_MO | AE10: PJ_NAME_OKTMO
AC18: Муниципальный район | AD18: Муниципальное образование
E21: 15 | AC21: {=tpl_title} -> Кемеровская область / 2026 / ООО "Энергосервис г. Гурьевска" (ИНН:4202049045, КПП:420201001) / ДПР: 2024-2028
E22: 30 | AB22: Перечень муниципальных образований, на территории которых организация оказывает услуги холодного водоснабжения / водоотведения
E23: 11,25
E24: 28,5 | AB24: № п/п | AC24: Муниципальный район | AD24: Муниципальное образование | AE24: ОКТМО | AF24: Тип муниципального образования | AG24: Дополнительные сведения
E25: 0
E26: 15 | F26: {=Y26} -> 0 | U26: =Y26>0 -> FALSE | W26: et_1 | Y26: 0 | AB26: {=INDEX('Общие сведения'!$AG$179:$AG$222,MATCH($Y26,'Общие сведения'!$Z$179:$Z$222,0))} -> Тариф 0 () -
E27: 15 | F27: {=OFFSET(E27,-1,1)} -> 0 | G27: {=AB27} -> 0 | U27: =AND(F27>0,AB27>0) -> FALSE | X27: et_2 | AA27: × | AB27: 0 | AI27: P_TERR | AJ27: DYN_MRMO | AK27: {=AC27} -> 0 | AL27: {=AD27} -> 0 | AM27: {=AE27} -> 0 | AO27: TRUE
E28: 15 | F28: {=OFFSET(E28,-1,1)} -> 0 | G28: !== 0 | U28: {=U26} -> FALSE | X28: { _x000D_ funcDyn: 'mrmo',_x000D_ blok: '',_x000D_ wsCross: '',_x000D_ linkFormula: '',_x000D_ levelDyn: '1'_x000D_ } | AC28: Добавить территорию | AN28: DYN_MRMO
E29: 15 | F29: {=Y29} -> 1 | U29: =Y29>0 -> TRUE | W29: {='Общие сведения'!$AG$194} -> Тариф 1 (Водоснабжение) - тариф на питьевую воду (Доп. признак не требуется) | Y29: 1 | AB29: {='Общие сведения'!$AG$194} -> Тариф 1 (Водоснабжение) - тариф на питьевую воду (Доп. признак не требуется)
E30: 15 | F30: {=OFFSET(E30,-1,1)} -> 1 | G30: {=AB30} -> 0 | U30: =AND(F30>0,AB30>0) -> FALSE | X30: et_2 | AA30: × | AB30: 0 | AI30: P_TERR | AJ30: DYN_MRMO | AK30: {=AC30} -> 0 | AL30: {=AD30} -> 0 | AM30: {=AE30} -> 0 | AO30: TRUE
E31: 15 | F31: {=OFFSET(E31,-1,1)} -> 1 | G31: {=AB31} -> 1 | U31: =AND(F31>0,AB31>0) -> TRUE | AA31: × | AB31: 1 | AC31: Гурьевский муниципальный округ | AD31: Гурьевский муниципальный округ | AE31: 32502000 | AI31: P_TERR | AJ31: DYN_MRMO | AK31: {=AC31} -> Гурьевский муниципальный округ | AL31: {=AD31} -> Гурьевский муниципальный округ | AM31: {=AE31} -> 32502000 | AO31: TRUE
E32: 15 | F32: {=OFFSET(E32,-1,1)} -> 1 | G32: !== 0 | U32: {=U29} -> TRUE | X32: { _x000D_ funcDyn: 'mrmo',_x000D_ blok: '',_x000D_ wsCross: '',_x000D_ linkFormula: '',_x000D_ levelDyn: '1'_x000D_ } | AC32: Добавить территорию | AN32: DYN_MRMO
E33: 15 | F33: {=Y33} -> 2 | U33: =Y33>0 -> TRUE | W33: {='Общие сведения'!$AG$208} -> Тариф 2 (Водоотведение) - тариф на водоотведение (Доп. признак не требуется) | Y33: 2 | AB33: {='Общие сведения'!$AG$208} -> Тариф 2 (Водоотведение) - тариф на водоотведение (Доп. признак не требуется)
E34: 15 | F34: {=OFFSET(E34,-1,1)} -> 2 | G34: {=AB34} -> 0 | U34: =AND(F34>0,AB34>0) -> FALSE | X34: et_2 | AA34: × | AB34: 0 | AI34: P_TERR | AJ34: DYN_MRMO | AK34: {=AC34} -> 0 | AL34: {=AD34} -> 0 | AM34: {=AE34} -> 0 | AO34: TRUE
E35: 15 | F35: {=OFFSET(E35,-1,1)} -> 2 | G35: {=AB35} -> 1 | U35: =AND(F35>0,AB35>0) -> TRUE | AA35: × | AB35: 1 | AC35: Гурьевский муниципальный округ | AD35: Гурьевский муниципальный округ | AE35: 32502000 | AI35: P_TERR | AJ35: DYN_MRMO | AK35: {=AC35} -> Гурьевский муниципальный округ | AL35: {=AD35} -> Гурьевский муниципальный округ | AM35: {=AE35} -> 32502000 | AO35: TRUE
E36: 15 | F36: {=OFFSET(E36,-1,1)} -> 2 | G36: !== 0 | U36: {=U33} -> TRUE | X36: { _x000D_ funcDyn: 'mrmo',_x000D_ blok: '',_x000D_ wsCross: '',_x000D_ linkFormula: '',_x000D_ levelDyn: '1'_x000D_ } | AC36: Добавить территорию | AN36: DYN_MRMO
E37: 11,25 | V37: Добавить | W37: { _x000D_ funcDyn: 'msg1',_x000D_ blok: 'blok_1',_x000D_ wsCross: 'Перечень объектов',_x000D_ linkFormula: 'AC-AB',_x000D_ levelDyn: ''_x000D_ }

Sheet Перечень объектов
F1: tariffNum | H1: pok | J1: det_name | P1: frmls | U1: ren_2 | V1: vis_1 | W1: dyn_1 | X1: blok_1 | Y1: blok_2 | Z1: ren_1 | AA1: del_1 | AB1: del_2 | AD1: dyn_2 | AM1: pok_js | AN1: PJ_DYN | AO1: PJ_NAME | AP1: PJ_NAME_ED_IZM | AQ1: dyn_add | AR1: dyn_fill
B2: flag_vis | AF2: =method_reg<>"Метод сравнения аналогов" -> TRUE | AG2: =method_reg<>"Метод сравнения аналогов" -> TRUE | AH2: {=isOrgDeclare} -> TRUE
E5: flag_size | AB5: 3 | AC5: 11 | AD5: 70 | AE5: 15 | AF5: 20 | AG5: 20 | AH5: 20 | AI5: 20 | AJ5: 20 | AK5: 3
A6: prd2_name | AF6: =god-2 -> 2024 | AG6: =god-1 -> 2025 | AH6: {=god} -> 2026 | AI6: {=god} -> 2026 | AJ6: {=god} -> 2026
A7: pf_name | AF7: {=AF25} -> Принято органом регулирования | AG7: Принято органом регулирования | AH7: Предложение организации | AI7: Принято органом регулирования | AJ7: Не определено
A9: PJ_YEAR | AF9: {=AF6} -> 2024 | AG9: {=AG6} -> 2025 | AH9: {=AH6} -> 2026 | AI9: {=AI6} -> 2026
A10: PJ_PF | AF10: {=AF25} -> Принято органом регулирования | AG10: {=AG25} -> Принято органом регулирования | AH10: {=AH25} -> Предложение организации | AI10: {=AI25} -> Принято органом регулирования
A11: PJ_DOP | AJ11: {=AJ24} -> Комментарии
A12: dyn_names | AD12: PJ_NAME | AE12: PJ_NAME_ED_IZM
A18: checkUnique | AD18: Наименование
E21: 15 | AD21: {=tpl_title} -> Кемеровская область / 2026 / ООО "Энергосервис г. Гурьевска" (ИНН:4202049045, КПП:420201001) / ДПР: 2024-2028
E22: 21 | AC22: Перечень объектов организации, с помощью которых организация оказывает услуги холодного водоснабжения/ водоотведения
E23: 9
E24: 21 | AC24: № п/п | AD24: Наименование показателя | AE24: Единица измерения | AF24: =god-2&" год" -> 2024 год | AG24: =god-1&" год" -> 2025 год | AH24: =god&" год" -> 2026 год | AI24: =god&" год" -> 2026 год | AJ24: Комментарии
E25: 36 | F25: t | AF25: Принято органом регулирования | AG25: Принято органом регулирования | AH25: Предложение организации | AI25: Принято органом регулирования
E26: 0 | T26: VS/VO
E27: 15 | F27: {=Z27} -> 0 | T27: {=INDEX('Общие сведения'!$AE$179:$AE$222,MATCH($Z27,'Общие сведения'!$Z$179:$Z$222,0))} -> 0 | V27: =Z27>0 -> FALSE | X27: et_1 | Z27: 0 | AC27: {=INDEX('Общие сведения'!$AG$179:$AG$222,MATCH($Z27,'Общие сведения'!$Z$179:$Z$222,0))} -> Тариф 0 () -
B28: =AND(T27="Водоснабжение",method_reg<>"Метод сравнения аналогов") -> FALSE | E28: 15 | F28: {=OFFSET(E28,-1,1)} -> 0 | H28: l1 | I28: L3 | J28: =AD28&"::"&AE28 -> Водонасосные станции (водозаборные узлы)::ед. | V28: {=V27} -> FALSE | AC28: 1 | AD28: Водонасосные станции (водозаборные узлы) | AE28: ед. | AM28: P_WATER_PUMP
B29: {=B28} -> FALSE | E29: 15 | F29: {=OFFSET(E29,-1,1)} -> 0 | H29: l1 | I29: L3 | J29: =AD29&"::"&AE29 -> Скважины::ед. | V29: {=V28} -> FALSE | AC29: 2 | AD29: Скважины | AE29: ед. | AM29: P_WELLS
B30: =T27="Водоснабжение" -> FALSE | E30: 15 | F30: {=OFFSET(E30,-1,1)} -> 0 | G30: ЭЭ | H30: l1 | I30: L3 | J30: =AD30&"::"&AE30 -> Подкачивающие насосные станции::ед. | L30: ЭЭ | V30: {=V29} -> FALSE | AC30: =IF(B29,3,1) -> 1 | AD30: Подкачивающие насосные станции | AE30: ед. | AM30: P_PUMP_STATION
B31: {=B29} -> FALSE | E31: 15 | F31: {=OFFSET(E31,-1,1)} -> 0 | H31: l1 | I31: L3 | J31: =AD31&"::"&AE31 -> Водонапорные башни::ед. | V31: {=V30} -> FALSE | AC31: 4 | AD31: Водонапорные башни | AE31: ед. | AM31: P_WATER_TOWERS
B32: =T27="Водоснабжение" -> FALSE | E32: 15 | F32: {=OFFSET(E32,-1,1)} -> 0 | H32: l1 | I32: L3 | J32: =AD32&"::"&AE32 -> Водопроводные сети::км | P32: SUMIFS('Условные метры'!$AK$29:$AK$lastRow,'Условные метры'!$F$29:$F$lastRow, $FcurrRow,'Условные метры'!$G$29:$G$lastRow,"Итог") | Q32: SUMIFS('Условные метры'!$AM$29:$AM$lastRow,'Условные метры'!$F$29:$F$lastRow, $FcurrRow,'Условные метры'!$G$29:$G$lastRow,"Итог") | V32: {=V31} -> FALSE | AC32: =IF(B29,5,2) -> 2 | AD32: Водопроводные сети | AE32: км | AM32: P_WATER_NETS
B33: =AND(T27="Водоотведение",method_reg<>"Метод сравнения аналогов") -> FALSE | E33: 15 | F33: {=OFFSET(E33,-1,1)} -> 0 | H33: l1 | I33: L3 | J33: =AD33&"::"&AE33 -> Биологические очистные сооружения::ед. | V33: {=V32} -> FALSE | AC33: 1 | AD33: Биологические очистные сооружения | AE33: ед. | AM33: P_BIO_CLEAN
B34: =T27="Водоотведение" -> FALSE | E34: 15 | F34: {=OFFSET(E34,-1,1)} -> 0 | G34: ЭЭ | H34: l1 | I34: L3 | J34: =AD34&"::"&AE34 -> Канализационные насосные станции::ед. | V34: {=V33} -> FALSE | AC34: =IF(B33,2,1) -> 1 | AD34: Канализационные насосные станции | AE34: ед. | AM34: P_SEWER_PUMP
B35: {=B34} -> FALSE | E35: 15 | F35: {=OFFSET(E35,-1,1)} -> 0 | H35: l1 | I35: L3 | J35: =AD35&"::"&AE35 -> Канализационные сети::км | L35: ЭЭ | P35: SUMIFS('Условные метры'!$AK$29:$AK$lastRow,'Условные метры'!$F$29:$F$lastRow, $FcurrRow,'Условные метры'!$G$29:$G$lastRow,"Итог") | Q35: SUMIFS('Условные метры'!$AM$29:$AM$lastRow,'Условные метры'!$F$29:$F$lastRow, $FcurrRow,'Условные метры'!$G$29:$G$lastRow,"Итог") | V35: {=V34} -> FALSE | AC35: =AC34+1 -> 2 | AD35: Канализационные сети | AE35: км | AM35: P_SEWER_NETS
E36: 15 | F36: {=OFFSET(E36,-1,1)} -> 0 | H36: l1 | I36: L3 | J36: =AD36&"::"&AE36 -> :: | U36: 0 | V36: =AND(F36>0,U36>0) -> FALSE | Y36: et_2 | AB36: × | AC36: =IF(OFFSET(C36,-8-U36,-1),5,IF(OFFSET(C36,-3-U36,-1),3,2))+U36 -> 2 | AM36: P_OTHER | AN36: DYN_OBJ_LIST | AO36: {=AD36} -> 0 | AP36: {=AE36} -> 0 | AR36: TRUE
E37: 15 | F37: {=OFFSET(E37,-1,1)} -> 0 | J37: !== 'Водонасосные станции (водозаборные узлы)::ед.' && row.det_name.toLowerCase() !== 'Скважины::ед.' && row.det_name.toLowerCase() !== 'Подкачивающие насосные станции::ед.' && row.det_name.toLowerCase() !== 'Водонапорные башни::ед.' && row.det_name.toLowerCase() !== 'Водопроводные сети::км' && row.det_name.toLowerCase() !== 'Биологические очистные сооружения::ед.' && row.det_name.toLowerCase() !== 'Канализационные насосные станции::ед.' && row.det_name.toLowerCase() !== 'Канализационные сети::км' && row.det_name.toLowerCase() !== 'Краткое описание технологического процесса' | V37: {=V35} -> FALSE | Y37: { _x000D_ funcDyn: 'msg',_x000D_ blok: '',_x000D_ wsCross: '',_x000D_ linkFormula: '',_x000D_ levelDyn: '1',_x000D_ addDynValue: 'det_name|AC|0'_x000D_ } | AD37: Добавить | AQ37: DYN_OBJ_LIST
E38: 15 | F38: {=OFFSET(E38,-1,1)} -> 0 | H38: l2 | I38: L3 | J38: {=AD38} -> Краткое описание технологического процесса | V38: {=V37} -> FALSE | AD38: Краткое описание технологического процесса | AM38: P_TEH_PROC
E39: 15 | F39: {=Z39} -> 1 | T39: {=INDEX('Общие сведения'!$AE$179:$AE$222,MATCH($Z39,'Общие сведения'!$Z$179:$Z$222,0))} -> Водоснабжение | V39: =Z39>0 -> TRUE | X39: {='Список территорий'!$AB$29} -> Тариф 1 (Водоснабжение) - тариф на питьевую воду (Доп. признак не требуется) | Z39: 1 | AC39: {='Список территорий'!$AB$29} -> Тариф 1 (Водоснабжение) - тариф на питьевую воду (Доп. признак не требуется)
B40: =AND(T39="Водоснабжение",method_reg<>"Метод сравнения аналогов") -> TRUE | E40: 15 | F40: {=OFFSET(E40,-1,1)} -> 1 | H40: l1 | I40: L3 | J40: =AD40&"::"&AE40 -> Водонасосные станции (водозаборные узлы)::ед. | V40: {=V39} -> TRUE | AC40: 1 | AD40: Водонасосные станции (водозаборные узлы) | AE40: ед. | AF40: 2 | AG40: 2 | AH40: 2 | AI40: 2 | AM40: P_WATER_PUMP
B41: {=B40} -> TRUE | E41: 15 | F41: {=OFFSET(E41,-1,1)} -> 1 | H41: l1 | I41: L3 | J41: =AD41&"::"&AE41 -> Скважины::ед. | V41: {=V40} -> TRUE | AC41: 2 | AD41: Скважины | AE41: ед. | AF41: 10 | AG41: 10 | AH41: 10 | AI41: 10 | AM41: P_WELLS
B42: =T39="Водоснабжение" -> TRUE | E42: 15 | F42: {=OFFSET(E42,-1,1)} -> 1 | G42: ЭЭ | H42: l1 | I42: L3 | J42: =AD42&"::"&AE42 -> Подкачивающие насосные станции::ед. | L42: ЭЭ | V42: {=V41} -> TRUE | AC42: =IF(B41,3,1) -> 3 | AD42: Подкачивающие насосные станции | AE42: ед. | AM42: P_PUMP_STATION
B43: {=B41} -> TRUE | E43: 15 | F43: {=OFFSET(E43,-1,1)} -> 1 | H43: l1 | I43: L3 | J43: =AD43&"::"&AE43 -> Водонапорные башни::ед. | V43: {=V42} -> TRUE | AC43: 4 | AD43: Водонапорные башни | AE43: ед. | AF43: 2 | AG43: 2 | AH43: 2 | AI43: 2 | AM43: P_WATER_TOWERS
B44: =T39="Водоснабжение" -> TRUE | E44: 15 | F44: {=OFFSET(E44,-1,1)} -> 1 | H44: l1 | I44: L3 | J44: =AD44&"::"&AE44 -> Водопроводные сети::км | P44: SUMIFS('Условные метры'!$AK$29:$AK$lastRow,'Условные метры'!$F$29:$F$lastRow, $FcurrRow,'Условные метры'!$G$29:$G$lastRow,"Итог") | Q44: SUMIFS('Условные метры'!$AM$29:$AM$lastRow,'Условные метры'!$F$29:$F$lastRow, $FcurrRow,'Условные метры'!$G$29:$G$lastRow,"Итог") | V44: {=V43} -> TRUE | AC44: =IF(B41,5,2) -> 5 | AD44: Водопроводные сети | AE44: км | AF44: 117.1 | AG44: 117.1 | AH44: 117.1 | AI44: 117.1 | AM44: P_WATER_NETS
B45: =AND(T39="Водоотведение",method_reg<>"Метод сравнения аналогов") -> FALSE | E45: 15 | F45: {=OFFSET(E45,-1,1)} -> 1 | H45: l1 | I45: L3 | J45: =AD45&"::"&AE45 -> Биологические очистные сооружения::ед. | V45: {=V44} -> TRUE | AC45: 1 | AD45: Биологические очистные сооружения | AE45: ед. | AM45: P_BIO_CLEAN
B46: =T39="Водоотведение" -> FALSE | E46: 15 | F46: {=OFFSET(E46,-1,1)} -> 1 | G46: ЭЭ | H46: l1 | I46: L3 | J46: =AD46&"::"&AE46 -> Канализационные насосные станции::ед. | V46: {=V45} -> TRUE | AC46: =IF(B45,2,1) -> 1 | AD46: Канализационные насосные станции | AE46: ед. | AM46: P_SEWER_PUMP
B47: {=B46} -> FALSE | E47: 15 | F47: {=OFFSET(E47,-1,1)} -> 1 | H47: l1 | I47: L3 | J47: =AD47&"::"&AE47 -> Канализационные сети::км | L47: ЭЭ | P47: SUMIFS('Условные метры'!$AK$29:$AK$lastRow,'Условные метры'!$F$29:$F$lastRow, $FcurrRow,'Условные метры'!$G$29:$G$lastRow,"Итог") | Q47: SUMIFS('Условные метры'!$AM$29:$AM$lastRow,'Условные метры'!$F$29:$F$lastRow, $FcurrRow,'Условные метры'!$G$29:$G$lastRow,"Итог") | V47: {=V46} -> TRUE | AC47: =AC46+1 -> 2 | AD47: Канализационные сети | AE47: км | AM47: P_SEWER_NETS
E48: 15 | F48: {=OFFSET(E48,-1,1)} -> 1 | H48: l1 | I48: L3 | J48: =AD48&"::"&AE48 -> :: | U48: 0 | V48: =AND(F48>0,U48>0) -> FALSE | Y48: et_2 | AB48: × | AC48: =IF(OFFSET(C48,-8-U48,-1),5,IF(OFFSET(C48,-3-U48,-1),3,2))+U48 -> 5 | AM48: P_OTHER | AN48: DYN_OBJ_LIST | AO48: {=AD48} -> 0 | AP48: {=AE48} -> 0 | AR48: TRUE
E49: 15 | F49: {=OFFSET(E49,-1,1)} -> 1 | J49: !== 'Водонасосные станции (водозаборные узлы)::ед.' && row.det_name.toLowerCase() !== 'Скважины::ед.' && row.det_name.toLowerCase() !== 'Подкачивающие насосные станции::ед.' && row.det_name.toLowerCase() !== 'Водонапорные башни::ед.' && row.det_name.toLowerCase() !== 'Водопроводные сети::км' && row.det_name.toLowerCase() !== 'Биологические очистные сооружения::ед.' && row.det_name.toLowerCase() !== 'Канализационные насосные станции::ед.' && row.det_name.toLowerCase() !== 'Канализационные сети::км' && row.det_name.toLowerCase() !== 'Краткое описание технологического процесса' | V49: {=V47} -> TRUE | Y49: { _x000D_ funcDyn: 'msg',_x000D_ blok: '',_x000D_ wsCross: '',_x000D_ linkFormula: '',_x000D_ levelDyn: '1',_x000D_ addDynValue: 'det_name|AC|0'_x000D_ } | AD49: Добавить | AQ49: DYN_OBJ_LIST
E50: 15 | F50: {=OFFSET(E50,-1,1)} -> 1 | H50: l2 | I50: L3 | J50: {=AD50} -> Краткое описание технологического процесса | V50: {=V49} -> TRUE | AD50: Краткое описание технологического процесса | AF50: Предприятием эксплуатируется три централизованных системы водоснабжения: 1.Компактный скважинный водозабор на Гурьевском участке Салаирского месторождения (Мало-Салаирский водозабор). 2. Горновский водозабор. 3. Скважина РАПО. Также на обслуживании предприятия находится три отдельные водопроводные сети общей протяженностью 117,1 км. Предприятие обслуживает 279 единиц уличных систем разбора воды (колонки, краны). На Малосалаирском водозаборе эксплуатируются 4 артезианские скважины. Добыча подземных вод на Горновском водозаборе ведется из 5 артезианских скважин, расположенных на двух площадках. Территория Горновского водозабора расположена на берегу р. Бачат. Водоснабжение потребителей РАПО осуществляется из одной артезианской скважины. | AM50: P_TEH_PROC
E51: 15 | F51: {=Z51} -> 2 | T51: {=INDEX('Общие сведения'!$AE$179:$AE$222,MATCH($Z51,'Общие сведения'!$Z$179:$Z$222,0))} -> Водоотведение | V51: =Z51>0 -> TRUE | X51: {='Список территорий'!$AB$33} -> Тариф 2 (Водоотведение) - тариф на водоотведение (Доп. признак не требуется) | Z51: 2 | AC51: {='Список территорий'!$AB$33} -> Тариф 2 (Водоотведение) - тариф на водоотведение (Доп. признак не требуется)
B52: =AND(T51="Водоснабжение",method_reg<>"Метод сравнения аналогов") -> FALSE | E52: 15 | F52: {=OFFSET(E52,-1,1)} -> 2 | H52: l1 | I52: L3 | J52: =AD52&"::"&AE52 -> Водонасосные станции (водозаборные узлы)::ед. | V52: {=V51} -> TRUE | AC52: 1 | AD52: Водонасосные станции (водозаборные узлы) | AE52: ед. | AM52: P_WATER_PUMP
B53: {=B52} -> FALSE | E53: 15 | F53: {=OFFSET(E53,-1,1)} -> 2 | H53: l1 | I53: L3 | J53: =AD53&"::"&AE53 -> Скважины::ед. | V53: {=V52} -> TRUE | AC53: 2 | AD53: Скважины | AE53: ед. | AM53: P_WELLS
B54: =T51="Водоснабжение" -> FALSE | E54: 15 | F54: {=OFFSET(E54,-1,1)} -> 2 | G54: ЭЭ | H54: l1 | I54: L3 | J54: =AD54&"::"&AE54 -> Подкачивающие насосные станции::ед. | L54: ЭЭ | V54: {=V53} -> TRUE | AC54: =IF(B53,3,1) -> 1 | AD54: Подкачивающие насосные станции | AE54: ед. | AM54: P_PUMP_STATION
B55: {=B53} -> FALSE | E55: 15 | F55: {=OFFSET(E55,-1,1)} -> 2 | H55: l1 | I55: L3 | J55: =AD55&"::"&AE55 -> Водонапорные башни::ед. | V55: {=V54} -> TRUE | AC55: 4 | AD55: Водонапорные башни | AE55: ед. | AM55: P_WATER_TOWERS
B56: =T51="Водоснабжение" -> FALSE | E56: 15 | F56: {=OFFSET(E56,-1,1)} -> 2 | H56: l1 | I56: L3 | J56: =AD56&"::"&AE56 -> Водопроводные сети::км | P56: SUMIFS('Условные метры'!$AK$29:$AK$lastRow,'Условные метры'!$F$29:$F$lastRow, $FcurrRow,'Условные метры'!$G$29:$G$lastRow,"Итог") | Q56: SUMIFS('Условные метры'!$AM$29:$AM$lastRow,'Условные метры'!$F$29:$F$lastRow, $FcurrRow,'Условные метры'!$G$29:$G$lastRow,"Итог") | V56: {=V55} -> TRUE | AC56: =IF(B53,5,2) -> 2 | AD56: Водопроводные сети | AE56: км | AM56: P_WATER_NETS
B57: =AND(T51="Водоотведение",method_reg<>"Метод сравнения аналогов") -> TRUE | E57: 15 | F57: {=OFFSET(E57,-1,1)} -> 2 | H57: l1 | I57: L3 | J57: =AD57&"::"&AE57 -> Биологические очистные сооружения::ед. | V57: {=V56} -> TRUE | AC57: 1 | AD57: Биологические очистные сооружения | AE57: ед. | AF57: 2 | AG57: 2 | AH57: 2 | AI57: 2 | AM57: P_BIO_CLEAN
B58: =T51="Водоотведение" -> TRUE | E58: 15 | F58: {=OFFSET(E58,-1,1)} -> 2 | G58: ЭЭ | H58: l1 | I58: L3 | J58: =AD58&"::"&AE58 -> Канализационные насосные станции::ед. | V58: {=V57} -> TRUE | AC58: =IF(B57,2,1) -> 2 | AD58: Канализационные насосные станции | AE58: ед. | AF58: 5 | AG58: 5 | AH58: 5 | AI58: 5 | AM58: P_SEWER_PUMP
B59: {=B58} -> TRUE | E59: 15 | F59: {=OFFSET(E59,-1,1)} -> 2 | H59: l1 | I59: L3 | J59: =AD59&"::"&AE59 -> Канализационные сети::км | L59: ЭЭ | P59: SUMIFS('Условные метры'!$AK$29:$AK$lastRow,'Условные метры'!$F$29:$F$lastRow, $FcurrRow,'Условные метры'!$G$29:$G$lastRow,"Итог") | Q59: SUMIFS('Условные метры'!$AM$29:$AM$lastRow,'Условные метры'!$F$29:$F$lastRow, $FcurrRow,'Условные метры'!$G$29:$G$lastRow,"Итог") | V59: {=V58} -> TRUE | AC59: =AC58+1 -> 3 | AD59: Канализационные сети | AE59: км | AF59: 30 | AG59: 30 | AH59: 30 | AI59: 30 | AM59: P_SEWER_NETS
E60: 15 | F60: {=OFFSET(E60,-1,1)} -> 2 | H60: l1 | I60: L3 | J60: =AD60&"::"&AE60 -> :: | U60: 0 | V60: =AND(F60>0,U60>0) -> FALSE | Y60: et_2 | AB60: × | AC60: =IF(OFFSET(C60,-8-U60,-1),5,IF(OFFSET(C60,-3-U60,-1),3,2))+U60 -> 3 | AM60: P_OTHER | AN60: DYN_OBJ_LIST | AO60: {=AD60} -> 0 | AP60: {=AE60} -> 0 | AR60: TRUE
E61: 15 | F61: {=OFFSET(E61,-1,1)} -> 2 | J61: !== 'Водонасосные станции (водозаборные узлы)::ед.' && row.det_name.toLowerCase() !== 'Скважины::ед.' && row.det_name.toLowerCase() !== 'Подкачивающие насосные станции::ед.' && row.det_name.toLowerCase() !== 'Водонапорные башни::ед.' && row.det_name.toLowerCase() !== 'Водопроводные сети::км' && row.det_name.toLowerCase() !== 'Биологические очистные сооружения::ед.' && row.det_name.toLowerCase() !== 'Канализационные насосные станции::ед.' && row.det_name.toLowerCase() !== 'Канализационные сети::км' && row.det_name.toLowerCase() !== 'Краткое описание технологического процесса' | V61: {=V59} -> TRUE | Y61: { _x000D_ funcDyn: 'msg',_x000D_ blok: '',_x000D_ wsCross: '',_x000D_ linkFormula: '',_x000D_ levelDyn: '1',_x000D_ addDynValue: 'det_name|AC|0'_x000D_ } | AD61: Добавить | AQ61: DYN_OBJ_LIST
E62: 15 | F62: {=OFFSET(E62,-1,1)} -> 2 | H62: l2 | I62: L3 | J62: {=AD62} -> Краткое описание технологического процесса | V62: {=V61} -> TRUE | AD62: Краткое описание технологического процесса | AF62: Отведение сточных вод осуществляется от канализационной части г. Гурьевска посредством сети дворовых канализаций, магистральных коллекторов и пяти перекачивающих канализационных насосных станций. Очистка и обеззараживание сточных вод осуществляется на комплексе городских ОС полной биолог. очистки сточных вод. В комплекс очистных сооружений входит: приемная камера, песколовки, двухярусные отстойники, высоконагружаемые фильтры (биофильтры), вторичные отстойники, иловые площадки. Сброс очищенных сточных вод осуществляется в р. М. Салаирчик. Сточные воды от не канализированной части города привозятся АСС-машинами на сливную станцию комплекса ОС. Оттуда они самотеком поступают в иловую насосную станции и перекачиваются на очистку в приемную камеру комплекса городских ОС. Предприятием также эксплуатируются механ.ОС для очистки хоз-быт сточных вод, расположенные на берегу р. М. Бачат. | AM62: P_TEH_PROC
E63: 15 | W63: Добавить | X63: { _x000D_ funcDyn: 'msg1',_x000D_ blok: 'blok_1',_x000D_ wsCross: 'Список объектов',_x000D_ linkFormula: 'AB-AC',_x000D_ levelDyn: ''_x000D_ }
E64: 12 | AC64: Комментарии и обоснования к разделу
E65: 15
E66: 15 | V66: =ROW(Y66)>ROW(X$66) -> FALSE | Y66: et_2 | AB66: ×
E67: 15 | Y67: { _x000D_ funcDyn: 'msg',_x000D_ blok: '',_x000D_ wsCross: '',_x000D_ linkFormula: '',_x000D_ levelDyn: ''_x000D_ } | AD67: Добавить комментарий

Sheet Список объектов
F1: tariffNum | U1: vis_1 | V1: dyn_1 | W1: blok_1 | X1: blok_2 | Y1: ren_1 | Z1: del_1 | AA1: del_2 | AB1: ren_2 | AC1: dyn_2 | AK1: pok_js | AL1: PJ_DYN | AM1: PJ_NAME | AN1: PJ_NAME_EXP | AO1: PJ_NAME_DOC_TYPE | AP1: PJ_NAME_DOC_NUM | AQ1: PJ_NAME_DOC_DATE | AR1: dyn_add | AS1: dyn_fill
B2: flag_vis
E5: flag_size | AA5: 3 | AB5: 11 | AC5: 70 | AD5: 15 | AE5: 20 | AF5: 20 | AG5: 20 | AH5: 20 | AI5: 3
A9: PJ_OBJ_LIST | AH9: {=AH24} -> Срок действия
A10: dyn_names | AC10: PJ_NAME | AD10: PJ_NAME_EXP | AE10: PJ_NAME_DOC_TYPE | AF10: PJ_NAME_DOC_NUM | AG10: PJ_NAME_DOC_DATE
E21: 15 | AC21: {=tpl_title} -> Кемеровская область / 2026 / ООО "Энергосервис г. Гурьевска" (ИНН:4202049045, КПП:420201001) / ДПР: 2024-2028
E22: 21 | AB22: Правоустанавливающие и подтверждающие документы на объекты коммунальной инфраструктуры
E23: 9
E24: 21 | AB24: № п/п | AC24: Объект коммунальной инфраструктуры | AD24: Основание эксплуатации | AE24: Вид документа | AF24: Номер документа | AG24: Дата документа | AH24: Срок действия
E25: 0
E26: 15 | F26: {=Y26} -> 0 | U26: =Y26>0 -> FALSE | W26: et_1 | Y26: 0 | AB26: {=INDEX('Общие сведения'!$AG$179:$AG$222,MATCH($Y26,'Общие сведения'!$Z$179:$Z$222,0))} -> Тариф 0 () -
E27: 0 | F27: {=OFFSET(G27,-1,-1)} -> 0 | U27: FALSE
E28: 15 | F28: {=OFFSET(G28,-1,-1)} -> 0 | I28: Наименование объекта | K28: адрес | U28: =AND(F28>0,AB28>0) -> FALSE | X28: et_2 | AA28: × | AB28: 0 | AC28: =I28&" :: "&K28 -> Наименование объекта :: адрес | AK28: P_OBJ_LIST_PROPS | AL28: DYN_OBJ | AM28: {=AC28} -> Наименование объекта :: адрес | AN28: {=AD28} -> 0 | AO28: {=AE28} -> 0 | AP28: {=AF28} -> 0 | AQ28: {=AG28} -> 0 | AS28: TRUE
E29: 11 | F29: {=OFFSET(G29,-1,-1)} -> 0 | U29: =F29>0 -> FALSE | X29: { _x000D_ funcDyn: 'obj',_x000D_ blok: '',_x000D_ wsCross: '',_x000D_ linkFormula: '',_x000D_ levelDyn: '1'_x000D_ } | AC29: Добавить объект | AR29: DYN_OBJ
E30: 15 | F30: {=Y30} -> 1 | U30: =Y30>0 -> TRUE | W30: {='Перечень объектов'!$AC$39} -> Тариф 1 (Водоснабжение) - тариф на питьевую воду (Доп. признак не требуется) | Y30: 1 | AB30: {='Перечень объектов'!$AC$39} -> Тариф 1 (Водоснабжение) - тариф на питьевую воду (Доп. признак не требуется)
E31: 0 | F31: {=OFFSET(G31,-1,-1)} -> 1 | U31: FALSE
E32: 15 | F32: {=OFFSET(G32,-1,-1)} -> 1 | I32: Наименование объекта | K32: адрес | U32: =AND(F32>0,AB32>0) -> FALSE | X32: et_2 | AA32: × | AB32: 0 | AC32: =I32&" :: "&K32 -> Наименование объекта :: адрес | AK32: P_OBJ_LIST_PROPS | AL32: DYN_OBJ | AM32: {=AC32} -> Наименование объекта :: адрес | AN32: {=AD32} -> 0 | AO32: {=AE32} -> 0 | AP32: {=AF32} -> 0 | AQ32: {=AG32} -> 0 | AS32: TRUE
E33: 15 | F33: {=OFFSET(G33,-1,-1)} -> 1 | I33: Малосалаирский водозабор | K33: г Гурьевск, км. Трасса Гурьевск-Малая Салаирка 5, 0 | U33: =AND(F33>0,AB33>0) -> TRUE | AA33: × | AB33: 1 | AC33: =I33&" :: "&K33 -> Малосалаирский водозабор :: г Гурьевск, км. Трасса Гурьевск-Малая Салаирка 5, 0 | AD33: аренда | AE33: договор | AF33: 87/1 | AG33: 20.05.2015 | AK33: P_OBJ_LIST_PROPS | AL33: DYN_OBJ | AM33: {=AC33} -> Малосалаирский водозабор :: г Гурьевск, км. Трасса Гурьевск-Малая Салаирка 5, 0 | AN33: {=AD33} -> аренда | AO33: {=AE33} -> договор | AP33: {=AF33} -> 87/1 | AQ33: {=AG33} -> 20.05.2015 | AS33: TRUE
E34: 15 | F34: {=OFFSET(G34,-1,-1)} -> 1 | I34: скважина п.Лесной | K34: г Гурьевск, пер.Лесной, 2б | U34: =AND(F34>0,AB34>0) -> TRUE | AA34: × | AB34: 2 | AC34: =I34&" :: "&K34 -> скважина п.Лесной :: г Гурьевск, пер.Лесной, 2б | AD34: аренда | AE34: договор | AF34: 116 | AG34: 13.08.2018 | AK34: P_OBJ_LIST_PROPS | AL34: DYN_OBJ | AM34: {=AC34} -> скважина п.Лесной :: г Гурьевск, пер.Лесной, 2б | AN34: {=AD34} -> аренда | AO34: {=AE34} -> договор | AP34: {=AF34} -> 116 | AQ34: {=AG34} -> 13.08.2018 | AS34: TRUE
E35: 15 | F35: {=OFFSET(G35,-1,-1)} -> 1 | I35: Горновский водозабор | K35: г Гурьевск, ул.Р.Люксембург, 64 | U35: =AND(F35>0,AB35>0) -> TRUE | AA35: × | AB35: 3 | AC35: =I35&" :: "&K35 -> Горновский водозабор :: г Гурьевск, ул.Р.Люксембург, 64 | AD35: аренда | AE35: договор | AF35: 87/1 | AG35: 20.05.2015 | AK35: P_OBJ_LIST_PROPS | AL35: DYN_OBJ | AM35: {=AC35} -> Горновский водозабор :: г Гурьевск, ул.Р.Люксембург, 64 | AN35: {=AD35} -> аренда | AO35: {=AE35} -> договор | AP35: {=AF35} -> 87/1 | AQ35: {=AG35} -> 20.05.2015 | AS35: TRUE
E36: 15 | F36: {=OFFSET(G36,-1,-1)} -> 1 | I36: Скважина ул.Энгельса | K36: г Гурьевск, ул.Энгельса, 171 | U36: =AND(F36>0,AB36>0) -> TRUE | AA36: × | AB36: 4 | AC36: =I36&" :: "&K36 -> Скважина ул.Энгельса :: г Гурьевск, ул.Энгельса, 171 | AD36: аренда | AE36: договор | AF36: 87/1 | AG36: 20.05.2015 | AK36: P_OBJ_LIST_PROPS | AL36: DYN_OBJ | AM36: {=AC36} -> Скважина ул.Энгельса :: г Гурьевск, ул.Энгельса, 171 | AN36: {=AD36} -> аренда | AO36: {=AE36} -> договор | AP36: {=AF36} -> 87/1 | AQ36: {=AG36} -> 20.05.2015 | AS36: TRUE
E37: 11 | F37: {=OFFSET(G37,-1,-1)} -> 1 | U37: =F37>0 -> TRUE | X37: { _x000D_ funcDyn: 'obj',_x000D_ blok: '',_x000D_ wsCross: '',_x000D_ linkFormula: '',_x000D_ levelDyn: '1'_x000D_ } | AC37: Добавить объект | AR37: DYN_OBJ
E38: 15 | F38: {=Y38} -> 2 | U38: =Y38>0 -> TRUE | W38: {='Перечень объектов'!$AC$51} -> Тариф 2 (Водоотведение) - тариф на водоотведение (Доп. признак не требуется) | Y38: 2 | AB38: {='Перечень объектов'!$AC$51} -> Тариф 2 (Водоотведение) - тариф на водоотведение (Доп. признак не требуется)
E39: 0 | F39: {=OFFSET(G39,-1,-1)} -> 2 | U39: FALSE
E40: 15 | F40: {=OFFSET(G40,-1,-1)} -> 2 | I40: Наименование объекта | K40: адрес | U40: =AND(F40>0,AB40>0) -> FALSE | X40: et_2 | AA40: × | AB40: 0 | AC40: =I40&" :: "&K40 -> Наименование объекта :: адрес | AK40: P_OBJ_LIST_PROPS | AL40: DYN_OBJ | AM40: {=AC40} -> Наименование объекта :: адрес | AN40: {=AD40} -> 0 | AO40: {=AE40} -> 0 | AP40: {=AF40} -> 0 | AQ40: {=AG40} -> 0 | AS40: TRUE
E41: 15 | F41: {=OFFSET(G41,-1,-1)} -> 2 | I41: Очистные сооружения | K41: г Гурьевск, ул.Вокзальная, 1 | U41: =AND(F41>0,AB41>0) -> TRUE | AA41: × | AB41: 1 | AC41: =I41&" :: "&K41 -> Очистные сооружения :: г Гурьевск, ул.Вокзальная, 1 | AD41: аренда | AE41: договор | AF41: 87/1 | AG41: 20.05.2015 | AK41: P_OBJ_LIST_PROPS | AL41: DYN_OBJ | AM41: {=AC41} -> Очистные сооружения :: г Гурьевск, ул.Вокзальная, 1 | AN41: {=AD41} -> аренда | AO41: {=AE41} -> договор | AP41: {=AF41} -> 87/1 | AQ41: {=AG41} -> 20.05.2015 | AS41: TRUE
E42: 15 | F42: {=OFFSET(G42,-1,-1)} -> 2 | I42: КНС №5 | K42: г Гурьевск, ул.Есенина, б/н | U42: =AND(F42>0,AB42>0) -> TRUE | AA42: × | AB42: 2 | AC42: =I42&" :: "&K42 -> КНС №5 :: г Гурьевск, ул.Есенина, б/н | AD42: аренда | AE42: договор | AF42: 87/1 | AG42: 20.05.2015 | AK42: P_OBJ_LIST_PROPS | AL42: DYN_OBJ | AM42: {=AC42} -> КНС №5 :: г Гурьевск, ул.Есенина, б/н | AN42: {=AD42} -> аренда | AO42: {=AE42} -> договор | AP42: {=AF42} -> 87/1 | AQ42: {=AG42} -> 20.05.2015 | AS42: TRUE
E43: 15 | F43: {=OFFSET(G43,-1,-1)} -> 2 | I43: КНС 1 | K43: г Гурьевск, ул.Кирова, 36а | U43: =AND(F43>0,AB43>0) -> TRUE | AA43: × | AB43: 3 | AC43: =I43&" :: "&K43 -> КНС 1 :: г Гурьевск, ул.Кирова, 36а | AD43: аренда | AE43: договор | AF43: 87/1 | AG43: 20.05.2015 | AK43: P_OBJ_LIST_PROPS | AL43: DYN_OBJ | AM43: {=AC43} -> КНС 1 :: г Гурьевск, ул.Кирова, 36а | AN43: {=AD43} -> аренда | AO43: {=AE43} -> договор | AP43: {=AF43} -> 87/1 | AQ43: {=AG43} -> 20.05.2015 | AS43: TRUE
E44: 15 | F44: {=OFFSET(G44,-1,-1)} -> 2 | I44: КНС 4 | K44: г Гурьевск, ул.Ленина, 102а | U44: =AND(F44>0,AB44>0) -> TRUE | AA44: × | AB44: 4 | AC44: =I44&" :: "&K44 -> КНС 4 :: г Гурьевск, ул.Ленина, 102а | AD44: аренда | AE44: договор | AF44: 87/1 | AG44: 20.05.2015 | AK44: P_OBJ_LIST_PROPS | AL44: DYN_OBJ | AM44: {=AC44} -> КНС 4 :: г Гурьевск, ул.Ленина, 102а | AN44: {=AD44} -> аренда | AO44: {=AE44} -> договор | AP44: {=AF44} -> 87/1 | AQ44: {=AG44} -> 20.05.2015 | AS44: TRUE
E45: 15 | F45: {=OFFSET(G45,-1,-1)} -> 2 | I45: КНС 2 | K45: г Гурьевск, ул.Ленина, 54а | U45: =AND(F45>0,AB45>0) -> TRUE | AA45: × | AB45: 5 | AC45: =I45&" :: "&K45 -> КНС 2 :: г Гурьевск, ул.Ленина, 54а | AD45: аренда | AE45: договор | AF45: 87/1 | AG45: 20.05.2015 | AK45: P_OBJ_LIST_PROPS | AL45: DYN_OBJ | AM45: {=AC45} -> КНС 2 :: г Гурьевск, ул.Ленина, 54а | AN45: {=AD45} -> аренда | AO45: {=AE45} -> договор | AP45: {=AF45} -> 87/1 | AQ45: {=AG45} -> 20.05.2015 | AS45: TRUE
E46: 15 | F46: {=OFFSET(G46,-1,-1)} -> 2 | I46: КНС 3 | K46: г Гурьевск, ул.Ленина, 70б | U46: =AND(F46>0,AB46>0) -> TRUE | AA46: × | AB46: 6 | AC46: =I46&" :: "&K46 -> КНС 3 :: г Гурьевск, ул.Ленина, 70б | AD46: аренда | AE46: договор | AF46: 87/1 | AG46: 20.05.2015 | AK46: P_OBJ_LIST_PROPS | AL46: DYN_OBJ | AM46: {=AC46} -> КНС 3 :: г Гурьевск, ул.Ленина, 70б | AN46: {=AD46} -> аренда | AO46: {=AE46} -> договор | AP46: {=AF46} -> 87/1 | AQ46: {=AG46} -> 20.05.2015 | AS46: TRUE
E47: 11 | F47: {=OFFSET(G47,-1,-1)} -> 2 | U47: =F47>0 -> TRUE | X47: { _x000D_ funcDyn: 'obj',_x000D_ blok: '',_x000D_ wsCross: '',_x000D_ linkFormula: '',_x000D_ levelDyn: '1'_x000D_ } | AC47: Добавить объект | AR47: DYN_OBJ
E48: 11 | V48: Добавить | W48: { _x000D_ funcDyn: 'msg1',_x000D_ blok: 'blok_1',_x000D_ wsCross: 'Сценарии',_x000D_ linkFormula: 'AB-AB',_x000D_ levelDyn: ''_x000D_ }

Sheet Сценарии
F1: tariffNum | H1: pok | U1: vis_1 | V1: dyn_1 | W1: blok_1 | X1: blok_2 | Y1: ren_1 | Z1: del_1 | AA1: del_2 | AB1: ren_2 | AC1: dyn_2 | BI1: pok_js | BJ1: PJ_DYN | BK1: PJ_NAME | BL1: dyn_add | BM1: dyn_fill
B2: flag_vis | AF2: {=isOrgDeclare} -> TRUE | AJ2: {=isOrgDeclare} -> TRUE | AM2: {=isOrgDeclare} -> TRUE | AO2: =AND(AO6<=last_year_vis,isOrgDeclare) -> FALSE | AP2: =AND(AP6<=last_year_vis,isOrgDeclare) -> FALSE | AQ2: =AND(AQ6<=last_year_vis,isOrgDeclare) -> FALSE | AR2: =AND(AR6<=last_year_vis,isOrgDeclare) -> FALSE | AS2: =AND(AS6<=last_year_vis,isOrgDeclare) -> FALSE | AT2: =AND(AT6<=last_year_vis,isOrgDeclare) -> FALSE | AU2: =AND(AU6<=last_year_vis,isOrgDeclare) -> FALSE | AV2: =AND(AV6<=last_year_vis,isOrgDeclare) -> FALSE | AW2: =AND(AW6<=last_year_vis,isOrgDeclare) -> FALSE | AX2: =AX6<=last_year_vis -> FALSE | AY2: =AY6<=last_year_vis -> FALSE | AZ2: =AZ6<=last_year_vis -> FALSE | BA2: =BA6<=last_year_vis -> FALSE | BB2: =BB6<=last_year_vis -> FALSE | BC2: =BC6<=last_year_vis -> FALSE | BD2: =BD6<=last_year_vis -> FALSE | BE2: =BE6<=last_year_vis -> FALSE | BF2: =BF6<=last_year_vis -> FALSE
E5: flag_size | AA5: 3 | AB5: 11 | AC5: 40 | AD5: 15 | AE5: 15 | AF5: 15 | AG5: 15 | AH5: 17.71 | AI5: 15 | AJ5: 15 | AK5: 15 | AL5: 15 | AM5: 15 | AN5: 15 | AO5: 15 | AP5: 15 | AQ5: 15 | AR5: 15 | AS5: 15 | AT5: 15 | AU5: 15 | AV5: 15 | AW5: 15 | AX5: 15 | AY5: 15 | AZ5: 15 | BA5: 15 | BB5: 15 | BC5: 15 | BD5: 15 | BE5: 15 | BF5: 15 | BG5: 3
A6: prd2_name | AE6: =god-2 -> 2024 | AF6: =god-2 -> 2024 | AG6: =god-2 -> 2024 | AH6: =god-2 -> 2024 | AI6: =god-1 -> 2025 | AJ6: {=god} -> 2026 | AK6: {=god} -> 2026 | AL6: {=god} -> 2026 | AM6: {=god} -> 2026 | AN6: {=god} -> 2026 | AO6: =god+1 -> 2027 | AP6: =god+2 -> 2028 | AQ6: =god+3 -> 2029 | AR6: =god+4 -> 2030 | AS6: =god+5 -> 2031 | AT6: =god+6 -> 2032 | AU6: =god+7 -> 2033 | AV6: =god+8 -> 2034 | AW6: =god+9 -> 2035 | AX6: =god+1 -> 2027 | AY6: =god+2 -> 2028 | AZ6: =god+3 -> 2029 | BA6: =god+4 -> 2030 | BB6: =god+5 -> 2031 | BC6: =god+6 -> 2032 | BD6: =god+7 -> 2033 | BE6: =god+8 -> 2034 | BF6: =god+9 -> 2035
A7: pf_name | AE7: {=AE25} -> Принято органом регулирования | AF7: {=AF25} -> Факт по данным организации | AG7: {=AG25} -> Факт, принятый органом регулирования | AH7: Не определено | AI7: {=AI25} -> Принято органом регулирования | AJ7: {=AJ25} -> Предложение организации | AK7: {=AK25} -> Принято органом регулирования | AL7: {=AL25} -> % роста / снижения | AM7: {=AM25} -> Отклонение (принято органом регулирования - заявлено организацией) | AN7: Не определено | AO7: {=AO25} -> Предложение организации | AP7: {=AP25} -> Предложение организации | AQ7: {=AQ25} -> Предложение организации | AR7: {=AR25} -> Предложение организации | AS7: {=AS25} -> Предложение организации | AT7: {=AT25} -> Предложение организации | AU7: {=AU25} -> Предложение организации | AV7: {=AV25} -> Предложение организации | ... BF7: {=BF25} -> Принято органом регулирования
AE8: =AE6&AE7 -> 2024Принято органом регулирования | AF8: =AF6&AF7 -> 2024Факт по данным организации | AG8: =AG6&AG7 -> 2024Факт, принятый органом регулирования | AH8: =AH6&AH7 -> 2024Не определено | AI8: =AI6&AI7 -> 2025Принято органом регулирования | AJ8: =AJ6&AJ7 -> 2026Предложение организации | AK8: =AK6&AK7 -> 2026Принято органом регулирования | AL8: =AL6&AL7 -> 2026% роста / снижения | ... BF8: =BF6&BF7 -> 2035Принято органом регулирования
A9: PJ_YEAR | AE9: {=AE6} -> 2024 | AF9: {=AF6} -> 2024 | AG9: {=AG6} -> 2024 | AH9: {=AH6} -> 2024 | AI9: {=AI6} -> 2025 | AJ9: {=AJ6} -> 2026 | AK9: {=AK6} -> 2026 | AL9: {=AL6} -> 2026 | ... BF9: {=BF6} -> 2035
A10: PJ_PF | AE10: {=AE25} -> Принято органом регулирования | AF10: {=AF25} -> Факт по данным организации | AG10: {=AG25} -> Факт, принятый органом регулирования | AI10: {=AI25} -> Принято органом регулирования | AJ10: {=AJ25} -> Предложение организации | AK10: {=AK25} -> Принято органом регулирования | AL10: {=AL25} -> % роста / снижения | AM10: {=AM25} -> Отклонение (принято органом регулирования - заявлено организацией) | AO10: {=AO25} -> Предложение организации | AP10: {=AP25} -> Предложение организации | AQ10: {=AQ25} -> Предложение организации | AR10: {=AR25} -> Предложение организации | AS10: {=AS25} -> Предложение организации | AT10: {=AT25} -> Предложение организации | AU10: {=AU25} -> Предложение организации | AV10: {=AV25} -> Предложение организации | ... BF10: {=BF25} -> Принято органом регулирования
A11: PJ_DOP | AH11: {=AH25} -> Комментарии | AN11: {=AN25} -> Комментарии
A12: dyn_names | AC12: PJ_NAME
A18: checkUnique | AC18: Наименование параметра
E21: 15 | AC21: {=tpl_title} -> Кемеровская область / 2026 / ООО "Энергосервис г. Гурьевска" (ИНН:4202049045, КПП:420201001) / ДПР: 2024-2028
E22: 22.5 | AB22: Ключевые сценарные показатели
E23: 11.25
E24: 15 | AB24: № п/п | AC24: Наименование параметра | AD24: Единица измерения | AE24: =god-2&" год" -> 2024 год | AF24: =god-2&" год" -> 2024 год | AG24: =god-2&" год" -> 2024 год | AH24: =god-2&" год" -> 2024 год | AI24: =god-1&" год" -> 2025 год | AJ24: =god&" год" -> 2026 год | AK24: =god&" год" -> 2026 год | AL24: =god&" год" -> 2026 год | AM24: =god&" год" -> 2026 год | AN24: =god&" год" -> 2026 год | AO24: =god+1&" год" -> 2027 год | AP24: =god+2&" год" -> 2028 год | AQ24: =god+3&" год" -> 2029 год | AR24: =god+4&" год" -> 2030 год | AS24: =god+5&" год" -> 2031 год | AT24: =god+6&" год" -> 2032 год | AU24: =god+7&" год" -> 2033 год | AV24: =god+8&" год" -> 2034 год | AW24: =god+9&" год" -> 2035 год | AX24: =god+1&" год" -> 2027 год | AY24: =god+2&" год" -> 2028 год | AZ24: =god+3&" год" -> 2029 год | BA24: =god+4&" год" -> 2030 год | BB24: =god+5&" год" -> 2031 год | BC24: =god+6&" год" -> 2032 год | BD24: =god+7&" год" -> 2033 год | BE24: =god+8&" год" -> 2034 год | BF24: =god+9&" год" -> 2035 год
E25: 69 | F25: t | AE25: Принято органом регулирования | AF25: Факт по данным организации | AG25: Факт, принятый органом регулирования | AH25: Комментарии | AI25: Принято органом регулирования | AJ25: Предложение организации | AK25: Принято органом регулирования | AL25: % роста / снижения | AM25: Отклонение (принято органом регулирования - заявлено организацией) | AN25: Комментарии | AO25: Предложение организации | AP25: Предложение организации | AQ25: Предложение организации | AR25: Предложение организации | AS25: Предложение организации | AT25: Предложение организации | AU25: Предложение организации | AV25: Предложение организации | AW25: Предложение организации | AX25: Принято органом регулирования | AY25: Принято органом регулирования | AZ25: Принято органом регулирования | BA25: Принято органом регулирования | BB25: Принято органом регулирования | BC25: Принято органом регулирования | BD25: Принято органом регулирования | BE25: Принято органом регулирования | BF25: Принято органом регулирования
E26: 20 | F26: et_Scenarios_tariff | AC26: Ставка НДС | AD26: % | AI26: 5 | AK26: 5 | AL26: =IF(AI26<>0,AK26/AI26,0) -> 1 | AM26: =AK26-AJ26 -> 5 | BI26: P_NDS_COMMON
E27: 0
E28: 15 | F28: {=Y28} -> 0 | U28: =Y28>0 -> FALSE | W28: et_1 | Y28: 0 | AB28: {=INDEX('Общие сведения'!$AG$179:$AG$222,MATCH($Y28,'Общие сведения'!$Z$179:$Z$222,0))} -> Тариф 0 () -
E29: 15 | F29: {=OFFSET(E29,-1,1)} -> 0 | G29: ИОР | U29: {=U28} -> FALSE | AC29: Индексы | AI29: =(1-AI30/100)*(1+AI31/100)*(1+AI33/100) -> 1 | AJ29: =(1-AJ30/100)*(1+AJ31/100)*(1+AJ33/100) -> 1 | AK29: =(1-AK30/100)*(1+AK31/100)*(1+AK33/100) -> 1 | AO29: =(1-AO30/100)*(1+AO31/100)*(1+AO33/100) -> 1 | AP29: =(1-AP30/100)*(1+AP31/100)*(1+AP33/100) -> 1 | AQ29: =(1-AQ30/100)*(1+AQ31/100)*(1+AQ33/100) -> 1 | AR29: =(1-AR30/100)*(1+AR31/100)*(1+AR33/100) -> 1 | AS29: =(1-AS30/100)*(1+AS31/100)*(1+AS33/100) -> 1 | AT29: =(1-AT30/100)*(1+AT31/100)*(1+AT33/100) -> 1 | AU29: =(1-AU30/100)*(1+AU31/100)*(1+AU33/100) -> 1 | AV29: =(1-AV30/100)*(1+AV31/100)*(1+AV33/100) -> 1 | ... BF29: =(1-BF30/100)*(1+BF31/100)*(1+BF33/100) -> 1
B30: =method_reg<>"Метод экономически обоснованных расходов" -> TRUE | E30: 22.5 | F30: {=OFFSET(E30,-1,1)} -> 0 | G30: ИЭР | H30: l1_1 | U30: {=U29} -> FALSE | AB30: 1 | AC30: Индекс эффективности операционных расходов | AD30: % | AL30: =IF(AI30<>0,AK30/AI30,0) -> 0 | AM30: =AK30-AJ30 -> 0 | BI30: P_IND_OP
E31: 15 | F31: {=OFFSET(E31,-1,1)} -> 0 | G31: ИПЦ | H31: l1_2 | U31: {=U30} -> FALSE | AB31: =IF(B30,2,1) -> 2 | AC31: Индекс потребительских цен | AD31: % | AL31: =IF(AI31<>0,AK31/AI31,0) -> 0 | AM31: =AK31-AJ31 -> 0 | BI31: P_IND_PRICE
E32: 15 | F32: {=OFFSET(E32,-1,1)} -> 0 | H32: l1_3 | U32: {=U31} -> FALSE | AB32: =AB31+1 -> 3 | AC32: Индекс роста цен на электроэнергию | AD32: % | AL32: =IF(AI32<>0,AK32/AI32,0) -> 0 | AM32: =AK32-AJ32 -> 0 | BI32: P_IND_PRICE_GROW
B33: =method_reg<>"Метод экономически обоснованных расходов" -> TRUE | E33: 15 | F33: {=OFFSET(E33,-1,1)} -> 0 | G33: ИКА | H33: l1_4 | U33: {=U32} -> FALSE | AB33: 4 | AC33: Индекс изменения количества активов | AD33: % | AL33: =IF(AI33<>0,AK33/AI33,0) -> 0 | AM33: =AK33-AJ33 -> 0 | BI33: P_IND_ACT
E34: 15 | F34: {=OFFSET(E34,-1,1)} -> 0 | U34: {=U33} -> FALSE | AB34: 5 | AC34: Индекс роста номинальной заработной платы | AD34: % | AL34: =IF(AI34<>0,AK34/AI34,0) -> 0 | AM34: =AK34-AJ34 -> 0 | BI34: P_IND_FOT
E35: 15 | F35: {=OFFSET(E35,-1,1)} -> 0 | U35: {=U33} -> FALSE | AC35: Налоговые ставки
E36: 15 | F36: {=OFFSET(E36,-1,1)} -> 0 | G36: СВФОТ | H36: l2_1 | U36: {=U35} -> FALSE | AB36: 1 | AC36: Ставка страховых взносов с ФОТ | AD36: % | AL36: =IF(AI36<>0,AK36/AI36,0) -> 0 | AM36: =AK36-AJ36 -> 0 | BI36: P_INS_FOT
E37: 0 | F37: {=OFFSET(E37,-1,1)} -> 0 | H37: l2_2 | U37: {=U36} -> FALSE | AB37: 2 | AC37: Ставка НДС | AD37: % | AL37: =IF(AI37<>0,AK37/AI37,0) -> 0 | AM37: =AK37-AJ37 -> 0 | BI37: P_NDS
E38: 15 | F38: {=OFFSET(E38,-1,1)} -> 0 | U38: {=U37} -> FALSE | AB38: 2 | AC38: Ставка водного налога | BI38: P_WAT_TAX
E39: 22.5 | F39: {=OFFSET(E39,-1,1)} -> 0 | H39: l3_1_1 | U39: {=U38} -> FALSE | AB39: 2.1.1 | AC39: Ставка водного налога из поверхностных источников для населения | AD39: руб./тыс.куб.м. | AL39: =IF(AI39<>0,AK39/AI39,0) -> 0 | AM39: =AK39-AJ39 -> 0 | BI39: P_SURF_PEOPLE
E40: 22.5 | F40: {=OFFSET(E40,-1,1)} -> 0 | I40: {=AC40} -> 0 | U40: =AND(F40>0,--RIGHT(AB40,1)>1) -> FALSE | X40: et_2 | AA40: × | AB40: 2.1.1 | AD40: руб./тыс.куб.м. | AL40: =IF(AI40<>0,AK40/AI40,0) -> 0 | AM40: =AK40-AJ40 -> 0 | BI40: P_SURF_PEOPLE | BJ40: DYN_SURF_PEOPLE | BK40: {=AC40} -> 0 | BM40: TRUE
E41: 15 | F41: {=OFFSET(E41,-1,1)} -> 0 | U41: =F41>0 -> FALSE | X41: { _x000D_ funcDyn: 'msg',_x000D_ blok: '',_x000D_ wsCross: '',_x000D_ linkFormula: '',_x000D_ levelDyn: ''_x000D_ } | AC41: Добавить | BL41: DYN_SURF_PEOPLE
E42: 22.5 | F42: {=OFFSET(E42,-1,1)} -> 0 | H42: l3_1_2 | U42: {=U41} -> FALSE | AB42: 2.2.1 | AC42: Ставка водного налога из поверхностных источников для прочих потребителей | AD42: руб./тыс.куб.м. | AL42: =IF(AI42<>0,AK42/AI42,0) -> 0 | AM42: =AK42-AJ42 -> 0 | BI42: P_SURF_OTHER
E43: 22.5 | F43: {=OFFSET(E43,-1,1)} -> 0 | I43: {=AC43} -> 0 | U43: =AND(F43>0,--RIGHT(AB43,1)>1) -> FALSE | X43: et_2 | AA43: × | AB43: 2.2.1 | AD43: руб./тыс.куб.м. | AL43: =IF(AI43<>0,AK43/AI43,0) -> 0 | AM43: =AK43-AJ43 -> 0 | BI43: P_SURF_OTHER | BJ43: DYN_SURF_OTHER | BK43: {=AC43} -> 0 | BM43: TRUE
E44: 15 | F44: {=OFFSET(E44,-1,1)} -> 0 | U44: =F44>0 -> FALSE | X44: { _x000D_ funcDyn: 'msg',_x000D_ blok: '',_x000D_ wsCross: '',_x000D_ linkFormula: '',_x000D_ levelDyn: ''_x000D_ } | AC44: Добавить | BL44: DYN_SURF_OTHER
E45: 22.5 | F45: {=OFFSET(E45,-1,1)} -> 0 | H45: l3_2_1 | U45: {=U44} -> FALSE | AB45: 2.3.1 | AC45: Ставка водного налога из подземных источников для населения | AD45: руб./тыс.куб.м. | AL45: =IF(AI45<>0,AK45/AI45,0) -> 0 | AM45: =AK45-AJ45 -> 0 | BI45: P_UND_PEOPLE
E46: 22.5 | F46: {=OFFSET(E46,-1,1)} -> 0 | I46: {=AC46} -> 0 | U46: =AND(F46>0,--RIGHT(AB46,1)>1) -> FALSE | X46: et_2 | AA46: × | AB46: 2.3.1 | AD46: руб./тыс.куб.м. | AL46: =IF(AI46<>0,AK46/AI46,0) -> 0 | AM46: =AK46-AJ46 -> 0 | BI46: P_UND_PEOPLE | BJ46: DYN_UND_PEOPLE | BK46: {=AC46} -> 0 | BM46: TRUE
E47: 15 | F47: {=OFFSET(E47,-1,1)} -> 0 | U47: =F47>0 -> FALSE | X47: { _x000D_ funcDyn: 'msg',_x000D_ blok: '',_x000D_ wsCross: '',_x000D_ linkFormula: '',_x000D_ levelDyn: ''_x000D_ } | AC47: Добавить | BL47: DYN_UND_PEOPLE
E48: 22.5 | F48: {=OFFSET(E48,-1,1)} -> 0 | H48: l3_2_2 | U48: {=U47} -> FALSE | AB48: 2.4.1 | AC48: Ставка водного налога из подземных источников для прочих потребителей | AD48: руб./тыс.куб.м. | AL48: =IF(AI48<>0,AK48/AI48,0) -> 0 | AM48: =AK48-AJ48 -> 0 | BI48: P_UND_OTHER
E49: 22.5 | F49: {=OFFSET(E49,-1,1)} -> 0 | I49: {=AC49} -> 0 | U49: =AND(F49>0,--RIGHT(AB49,1)>1) -> FALSE | X49: et_2 | AA49: × | AB49: 2.4.1 | AD49: руб./тыс.куб.м. | AL49: =IF(AI49<>0,AK49/AI49,0) -> 0 | AM49: =AK49-AJ49 -> 0 | BI49: P_UND_OTHER | BJ49: DYN_UND_OTHER | BK49: {=AC49} -> 0 | BM49: TRUE
E50: 15 | F50: {=OFFSET(E50,-1,1)} -> 0 | U50: =F50>0 -> FALSE | X50: { _x000D_ funcDyn: 'msg',_x000D_ blok: '',_x000D_ wsCross: '',_x000D_ linkFormula: '',_x000D_ levelDyn: ''_x000D_ } | AC50: Добавить | BL50: DYN_UND_OTHER
E51: 15 | F51: {=OFFSET(E51,-1,1)} -> 0 | H51: l4 | U51: {=U50} -> FALSE | AB51: 3 | AC51: Ставки налога на имущество | AD51: % | AL51: =IF(AI51<>0,AK51/AI51,0) -> 0 | AM51: =AK51-AJ51 -> 0 | BI51: P_RENT_TAX
E52: 15 | F52: {=OFFSET(E52,-1,1)} -> 0 | H52: l5 | U52: {=U51} -> FALSE | AB52: 4 | AC52: Ставка налога при УСН | AD52: % | AL52: =IF(AI52<>0,AK52/AI52,0) -> 0 | AM52: =AK52-AJ52 -> 0 | BI52: P_USN_TAX
E53: 15 | F53: {=OFFSET(E53,-1,1)} -> 0 | H53: l6 | U53: {=U52} -> FALSE | AB53: 5 | AC53: Доля общехозяйственных расходов | AL53: =IF(AI53<>0,AK53/AI53,0) -> 0 | AM53: =AK53-AJ53 -> 0 | BI53: P_HOZ_EXP
E54: 15 | F54: {=OFFSET(E54,-1,1)} -> 0 | H54: l7 | U54: {=U53} -> FALSE | AB54: 6 | AC54: Доля общепроизводственных расходов | AL54: =IF(AI54<>0,AK54/AI54,0) -> 0 | AM54: =AK54-AJ54 -> 0 | BI54: P_PROD_EXP
E55: 15 | F55: {=Y55} -> 1 | U55: =Y55>0 -> TRUE | W55: {='Список объектов'!$AB$30} -> Тариф 1 (Водоснабжение) - тариф на питьевую воду (Доп. признак не требуется) | Y55: 1 | AB55: {='Список объектов'!$AB$30} -> Тариф 1 (Водоснабжение) - тариф на питьевую воду (Доп. признак не требуется)
E56: 15 | F56: {=OFFSET(E56,-1,1)} -> 1 | G56: ИОР | U56: {=U55} -> TRUE | AC56: Индексы | AI56: =(1-AI57/100)*(1+AI58/100)*(1+AI60/100) -> 1.058 | AJ56: =(1-AJ57/100)*(1+AJ58/100)*(1+AJ60/100) -> 1.08 | AK56: =(1-AK57/100)*(1+AK58/100)*(1+AK60/100) -> 1.04049 | AO56: =(1-AO57/100)*(1+AO58/100)*(1+AO60/100) -> 1 | AP56: =(1-AP57/100)*(1+AP58/100)*(1+AP60/100) -> 1 | AQ56: =(1-AQ57/100)*(1+AQ58/100)*(1+AQ60/100) -> 1 | AR56: =(1-AR57/100)*(1+AR58/100)*(1+AR60/100) -> 1 | AS56: =(1-AS57/100)*(1+AS58/100)*(1+AS60/100) -> 1 | AT56: =(1-AT57/100)*(1+AT58/100)*(1+AT60/100) -> 1 | AU56: =(1-AU57/100)*(1+AU58/100)*(1+AU60/100) -> 1 | AV56: =(1-AV57/100)*(1+AV58/100)*(1+AV60/100) -> 1 | ... BF56: =(1-BF57/100)*(1+BF58/100)*(1+BF60/100) -> 1
B57: =method_reg<>"Метод экономически обоснованных расходов" -> TRUE | E57: 22.5 | F57: {=OFFSET(E57,-1,1)} -> 1 | G57: ИЭР | H57: l1_1 | U57: {=U56} -> TRUE | AB57: 1 | AC57: Индекс эффективности операционных расходов | AD57: % | AI57: 0 | AK57: 1 | AL57: =IF(AI57<>0,AK57/AI57,0) -> 0 | AM57: =AK57-AJ57 -> 1 | BI57: P_IND_OP
E58: 15 | F58: {=OFFSET(E58,-1,1)} -> 1 | G58: ИПЦ | H58: l1_2 | U58: {=U57} -> TRUE | AB58: =IF(B57,2,1) -> 2 | AC58: Индекс потребительских цен | AD58: % | AE58: 8 | AF58: 8.5 | AG58: 8.5 | AI58: 5.8 | AJ58: 8 | AK58: 5.1 | AL58: =IF(AI58<>0,AK58/AI58,0) -> 0.87931034 | AM58: =AK58-AJ58 -> -2.9 | AN58: Индексы приняты согласно основных параметров прогноза социально-экономического развития Российской Федерации на 2026 год и на плановый период 2027 и 2028 годов, определенных в базовом варианте прогноза социально-экономического развития Российской Федерации на 2026 год и на плановый период 2027 и 2028 годов, опубликованном 26.09.2025 года на официальном сайте Министерства экономического развития Российской Федерации. | BI58: P_IND_PRICE
E59: 15 | F59: {=OFFSET(E59,-1,1)} -> 1 | H59: l1_3 | U59: {=U58} -> TRUE | AB59: =AB58+1 -> 3 | AC59: Индекс роста цен на электроэнергию | AD59: % | AE59: 5.1 | AF59: 5.9 | AG59: 5.9 | AI59: 9.8 | AJ59: 9.8 | AK59: 13.2 | AL59: =IF(AI59<>0,AK59/AI59,0) -> 1.3469388 | AM59: =AK59-AJ59 -> 3.4 | BI59: P_IND_PRICE_GROW
B60: =method_reg<>"Метод экономически обоснованных расходов" -> TRUE | E60: 15 | F60: {=OFFSET(E60,-1,1)} -> 1 | G60: ИКА | H60: l1_4 | U60: {=U59} -> TRUE | AB60: 4 | AC60: Индекс изменения количества активов | AD60: % | AL60: =IF(AI60<>0,AK60/AI60,0) -> 0 | AM60: =AK60-AJ60 -> 0 | BI60: P_IND_ACT
E61: 15 | F61: {=OFFSET(E61,-1,1)} -> 1 | U61: {=U60} -> TRUE | AB61: 5 | AC61: Индекс роста номинальной заработной платы | AD61: % | AL61: =IF(AI61<>0,AK61/AI61,0) -> 0 | AM61: =AK61-AJ61 -> 0 | BI61: P_IND_FOT
E62: 15 | F62: {=OFFSET(E62,-1,1)} -> 1 | U62: {=U60} -> TRUE | AC62: Налоговые ставки
E63: 15 | F63: {=OFFSET(E63,-1,1)} -> 1 | G63: СВФОТ | H63: l2_1 | U63: {=U62} -> TRUE | AB63: 1 | AC63: Ставка страховых взносов с ФОТ | AD63: % | AE63: 30.2 | AF63: 24.797 | AI63: 30.2 | AJ63: 30.2 | AK63: 30.2 | AL63: =IF(AI63<>0,AK63/AI63,0) -> 1 | AM63: =AK63-AJ63 -> 0 | AN63: на основании Налогового кодекса РФ (часть вторая) от 05.08.2000 № 117-ФЗ в размере 30%, а также в соответствии с Федеральным законом от 24.07.1998 № 125 – ФЗ (0,20%). | BI63: P_INS_FOT
E64: 0 | F64: {=OFFSET(E64,-1,1)} -> 1 | H64: l2_2 | U64: {=U63} -> TRUE | AB64: 2 | AC64: Ставка НДС | AD64: % | AL64: =IF(AI64<>0,AK64/AI64,0) -> 0 | AM64: =AK64-AJ64 -> 0 | BI64: P_NDS
E65: 15 | F65: {=OFFSET(E65,-1,1)} -> 1 | U65: {=U64} -> TRUE | AB65: 2 | AC65: Ставка водного налога | BI65: P_WAT_TAX
E66: 22.5 | F66: {=OFFSET(E66,-1,1)} -> 1 | H66: l3_1_1 | U66: {=U65} -> TRUE | AB66: 2.1.1 | AC66: Ставка водного налога из поверхностных источников для населения | AD66: руб./тыс.куб.м. | AL66: =IF(AI66<>0,AK66/AI66,0) -> 0 | AM66: =AK66-AJ66 -> 0 | BI66: P_SURF_PEOPLE
E67: 22.5 | F67: {=OFFSET(E67,-1,1)} -> 1 | I67: {=AC67} -> 0 | U67: =AND(F67>0,--RIGHT(AB67,1)>1) -> FALSE | X67: et_2 | AA67: × | AB67: 2.1.1 | AD67: руб./тыс.куб.м. | AL67: =IF(AI67<>0,AK67/AI67,0) -> 0 | AM67: =AK67-AJ67 -> 0 | BI67: P_SURF_PEOPLE | BJ67: DYN_SURF_PEOPLE | BK67: {=AC67} -> 0 | BM67: TRUE
E68: 15 | F68: {=OFFSET(E68,-1,1)} -> 1 | U68: =F68>0 -> TRUE | X68: { _x000D_ funcDyn: 'msg',_x000D_ blok: '',_x000D_ wsCross: '',_x000D_ linkFormula: '',_x000D_ levelDyn: ''_x000D_ } | AC68: Добавить | BL68: DYN_SURF_PEOPLE
E69: 22.5 | F69: {=OFFSET(E69,-1,1)} -> 1 | H69: l3_1_2 | U69: {=U68} -> TRUE | AB69: 2.2.1 | AC69: Ставка водного налога из поверхностных источников для прочих потребителей | AD69: руб./тыс.куб.м. | AL69: =IF(AI69<>0,AK69/AI69,0) -> 0 | AM69: =AK69-AJ69 -> 0 | BI69: P_SURF_OTHER
E70: 22.5 | F70: {=OFFSET(E70,-1,1)} -> 1 | I70: {=AC70} -> 0 | U70: =AND(F70>0,--RIGHT(AB70,1)>1) -> FALSE | X70: et_2 | AA70: × | AB70: 2.2.1 | AD70: руб./тыс.куб.м. | AL70: =IF(AI70<>0,AK70/AI70,0) -> 0 | AM70: =AK70-AJ70 -> 0 | BI70: P_SURF_OTHER | BJ70: DYN_SURF_OTHER | BK70: {=AC70} -> 0 | BM70: TRUE
E71: 15 | F71: {=OFFSET(E71,-1,1)} -> 1 | U71: =F71>0 -> TRUE | X71: { _x000D_ funcDyn: 'msg',_x000D_ blok: '',_x000D_ wsCross: '',_x000D_ linkFormula: '',_x000D_ levelDyn: ''_x000D_ } | AC71: Добавить | BL71: DYN_SURF_OTHER
E72: 22.5 | F72: {=OFFSET(E72,-1,1)} -> 1 | H72: l3_2_1 | U72: {=U71} -> TRUE | AB72: 2.3.1 | AC72: Ставка водного налога из подземных источников для населения | AD72: руб./тыс.куб.м. | AE72: 283 | AF72: 283 | AG72: {=AF72} -> 283 | AI72: 326 | AJ72: 345 | AK72: =326*1.085 -> 353.71 | AL72: =IF(AI72<>0,AK72/AI72,0) -> 1.085 | AM72: =AK72-AJ72 -> 8.71 | AN72: ставки водного налога в соответствии со ст. 333.12 Налогового кодекса РФ от 05.08.2000 № 117-ФЗ. | BI72: P_UND_PEOPLE
E73: 22.5 | F73: {=OFFSET(E73,-1,1)} -> 1 | I73: {=AC73} -> 0 | U73: =AND(F73>0,--RIGHT(AB73,1)>1) -> FALSE | X73: et_2 | AA73: × | AB73: 2.3.1 | AD73: руб./тыс.куб.м. | AL73: =IF(AI73<>0,AK73/AI73,0) -> 0 | AM73: =AK73-AJ73 -> 0 | BI73: P_UND_PEOPLE | BJ73: DYN_UND_PEOPLE | BK73: {=AC73} -> 0 | BM73: TRUE
E74: 15 | F74: {=OFFSET(E74,-1,1)} -> 1 | U74: =F74>0 -> TRUE | X74: { _x000D_ funcDyn: 'msg',_x000D_ blok: '',_x000D_ wsCross: '',_x000D_ linkFormula: '',_x000D_ levelDyn: ''_x000D_ } | AC74: Добавить | BL74: DYN_UND_PEOPLE
E75: 22.5 | F75: {=OFFSET(E75,-1,1)} -> 1 | H75: l3_2_2 | U75: {=U74} -> TRUE | AB75: 2.4.1 | AC75: Ставка водного налога из подземных источников для прочих потребителей | AD75: руб./тыс.куб.м. | AE75: 1336.5 | AF75: =330*4.05 -> 1336.5 | AG75: {=AF75} -> 1336.5 | AI75: 1534.5 | AJ75: 1623.5 | AK75: =330*4.65*1.085 -> 1664.9325 | AL75: =IF(AI75<>0,AK75/AI75,0) -> 1.085 | AM75: =AK75-AJ75 -> 41.4325 | AN75: ставки водного налога в соответствии со ст. 333.12 Налогового кодекса РФ от 05.08.2000 № 117-ФЗ. | BI75: P_UND_OTHER
E76: 22.5 | F76: {=OFFSET(E76,-1,1)} -> 1 | I76: {=AC76} -> 0 | U76: =AND(F76>0,--RIGHT(AB76,1)>1) -> FALSE | X76: et_2 | AA76: × | AB76: 2.4.1 | AD76: руб./тыс.куб.м. | AL76: =IF(AI76<>0,AK76/AI76,0) -> 0 | AM76: =AK76-AJ76 -> 0 | BI76: P_UND_OTHER | BJ76: DYN_UND_OTHER | BK76: {=AC76} -> 0 | BM76: TRUE
E77: 15 | F77: {=OFFSET(E77,-1,1)} -> 1 | U77: =F77>0 -> TRUE | X77: { _x000D_ funcDyn: 'msg',_x000D_ blok: '',_x000D_ wsCross: '',_x000D_ linkFormula: '',_x000D_ levelDyn: ''_x000D_ } | AC77: Добавить | BL77: DYN_UND_OTHER
E78: 15 | F78: {=OFFSET(E78,-1,1)} -> 1 | H78: l4 | U78: {=U77} -> TRUE | AB78: 3 | AC78: Ставки налога на имущество | AD78: % | AL78: =IF(AI78<>0,AK78/AI78,0) -> 0 | AM78: =AK78-AJ78 -> 0 | BI78: P_RENT_TAX
E79: 15 | F79: {=OFFSET(E79,-1,1)} -> 1 | H79: l5 | U79: {=U78} -> TRUE | AB79: 4 | AC79: Ставка налога при УСН | AD79: % | AE79: 1 | AF79: 1 | AG79: 1 | AI79: 1 | AJ79: 1 | AK79: 1 | AL79: =IF(AI79<>0,AK79/AI79,0) -> 1 | AM79: =AK79-AJ79 -> 0 | AN79: ст. 346.20 Налогового кодекса Российской Федерации (часть вторая) от 05.08.2000 № 117-ФЗ | BI79: P_USN_TAX
E80: 15 | F80: {=OFFSET(E80,-1,1)} -> 1 | H80: l6 | U80: {=U79} -> TRUE | AB80: 5 | AC80: Доля общехозяйственных расходов | AE80: 37.36 | AF80: 37.36 | AG80: 37.36 | AI80: 37.36 | AJ80: 37.36 | AK80: 37.36 | AL80: =IF(AI80<>0,AK80/AI80,0) -> 1 | AM80: =AK80-AJ80 -> 0 | BI80: P_HOZ_EXP
E81: 15 | F81: {=OFFSET(E81,-1,1)} -> 1 | H81: l7 | U81: {=U80} -> TRUE | AB81: 6 | AC81: Доля общепроизводственных расходов | AE81: 37.36 | AF81: 37.36 | AG81: 37.36 | AI81: 37.36 | AJ81: 37.36 | AK81: 37.36 | AL81: =IF(AI81<>0,AK81/AI81,0) -> 1 | AM81: =AK81-AJ81 -> 0 | BI81: P_PROD_EXP
E82: 15 | F82: {=Y82} -> 2 | U82: =Y82>0 -> TRUE | W82: {='Список объектов'!$AB$38} -> Тариф 2 (Водоотведение) - тариф на водоотведение (Доп. признак не требуется) | Y82: 2 | AB82: {='Список объектов'!$AB$38} -> Тариф 2 (Водоотведение) - тариф на водоотведение (Доп. признак не требуется)
E83: 15 | F83: {=OFFSET(E83,-1,1)} -> 2 | G83: ИОР | U83: {=U82} -> TRUE | AC83: Индексы | AI83: =(1-AI84/100)*(1+AI85/100)*(1+AI87/100) -> 1.058 | AJ83: =(1-AJ84/100)*(1+AJ85/100)*(1+AJ87/100) -> 1.08 | AK83: =(1-AK84/100)*(1+AK85/100)*(1+AK87/100) -> 1.04049 | AO83: =(1-AO84/100)*(1+AO85/100)*(1+AO87/100) -> 1 | AP83: =(1-AP84/100)*(1+AP85/100)*(1+AP87/100) -> 1 | AQ83: =(1-AQ84/100)*(1+AQ85/100)*(1+AQ87/100) -> 1 | AR83: =(1-AR84/100)*(1+AR85/100)*(1+AR87/100) -> 1 | AS83: =(1-AS84/100)*(1+AS85/100)*(1+AS87/100) -> 1 | AT83: =(1-AT84/100)*(1+AT85/100)*(1+AT87/100) -> 1 | AU83: =(1-AU84/100)*(1+AU85/100)*(1+AU87/100) -> 1 | AV83: =(1-AV84/100)*(1+AV85/100)*(1+AV87/100) -> 1 | ... BF83: =(1-BF84/100)*(1+BF85/100)*(1+BF87/100) -> 1
B84: =method_reg<>"Метод экономически обоснованных расходов" -> TRUE | E84: 22.5 | F84: {=OFFSET(E84,-1,1)} -> 2 | G84: ИЭР | H84: l1_1 | U84: {=U83} -> TRUE | AB84: 1 | AC84: Индекс эффективности операционных расходов | AD84: % | AI84: 0 | AK84: 1 | AL84: =IF(AI84<>0,AK84/AI84,0) -> 0 | AM84: =AK84-AJ84 -> 1 | BI84: P_IND_OP
E85: 15 | F85: {=OFFSET(E85,-1,1)} -> 2 | G85: ИПЦ | H85: l1_2 | U85: {=U84} -> TRUE | AB85: =IF(B84,2,1) -> 2 | AC85: Индекс потребительских цен | AD85: % | AE85: 8 | AF85: 8.5 | AG85: 8.5 | AI85: 5.8 | AJ85: 8 | AK85: 5.1 | AL85: =IF(AI85<>0,AK85/AI85,0) -> 0.87931034 | AM85: =AK85-AJ85 -> -2.9 | AN85: Индексы приняты согласно основных параметров прогноза социально-экономического развития Российской Федерации на 2026 год и на плановый период 2027 и 2028 годов, определенных в базовом варианте прогноза социально-экономического развития Российской Федерации на 2026 год и на плановый период 2027 и 2028 годов, опубликованном 26.09.2025 года на официальном сайте Министерства экономического развития Российской Федерации. | BI85: P_IND_PRICE
E86: 15 | F86: {=OFFSET(E86,-1,1)} -> 2 | H86: l1_3 | U86: {=U85} -> TRUE | AB86: =AB85+1 -> 3 | AC86: Индекс роста цен на электроэнергию | AD86: % | AE86: 5.1 | AF86: 5.9 | AG86: 5.9 | AI86: 9.8 | AJ86: 9.8 | AK86: 13.2 | AL86: =IF(AI86<>0,AK86/AI86,0) -> 1.3469388 | AM86: =AK86-AJ86 -> 3.4 | BI86: P_IND_PRICE_GROW
B87: =method_reg<>"Метод экономически обоснованных расходов" -> TRUE | E87: 15 | F87: {=OFFSET(E87,-1,1)} -> 2 | G87: ИКА | H87: l1_4 | U87: {=U86} -> TRUE | AB87: 4 | AC87: Индекс изменения количества активов | AD87: % | AL87: =IF(AI87<>0,AK87/AI87,0) -> 0 | AM87: =AK87-AJ87 -> 0 | BI87: P_IND_ACT
E88: 15 | F88: {=OFFSET(E88,-1,1)} -> 2 | U88: {=U87} -> TRUE | AB88: 5 | AC88: Индекс роста номинальной заработной платы | AD88: % | AL88: =IF(AI88<>0,AK88/AI88,0) -> 0 | AM88: =AK88-AJ88 -> 0 | BI88: P_IND_FOT
E89: 15 | F89: {=OFFSET(E89,-1,1)} -> 2 | U89: {=U87} -> TRUE | AC89: Налоговые ставки
E90: 15 | F90: {=OFFSET(E90,-1,1)} -> 2 | G90: СВФОТ | H90: l2_1 | U90: {=U89} -> TRUE | AB90: 1 | AC90: Ставка страховых взносов с ФОТ | AD90: % | AE90: 30.2 | AF90: 24.322 | AG90: 30.2 | AI90: 30.2 | AJ90: 30.2 | AK90: 30.2 | AL90: =IF(AI90<>0,AK90/AI90,0) -> 1 | AM90: =AK90-AJ90 -> 0 | AN90: на основании Налогового кодекса РФ (часть вторая) от 05.08.2000 № 117-ФЗ в размере 30%, а также в соответствии с Федеральным законом от 24.07.1998 № 125 – ФЗ (0,20%). | BI90: P_INS_FOT
E91: 0 | F91: {=OFFSET(E91,-1,1)} -> 2 | H91: l2_2 | U91: {=U90} -> TRUE | AB91: 2 | AC91: Ставка НДС | AD91: % | AL91: =IF(AI91<>0,AK91/AI91,0) -> 0 | AM91: =AK91-AJ91 -> 0 | BI91: P_NDS
E92: 15 | F92: {=OFFSET(E92,-1,1)} -> 2 | U92: {=U91} -> TRUE | AB92: 2 | AC92: Ставка водного налога | BI92: P_WAT_TAX
E93: 22.5 | F93: {=OFFSET(E93,-1,1)} -> 2 | H93: l3_1_1 | U93: {=U92} -> TRUE | AB93: 2.1.1 | AC93: Ставка водного налога из поверхностных источников для населения | AD93: руб./тыс.куб.м. | AL93: =IF(AI93<>0,AK93/AI93,0) -> 0 | AM93: =AK93-AJ93 -> 0 | BI93: P_SURF_PEOPLE
E94: 22.5 | F94: {=OFFSET(E94,-1,1)} -> 2 | I94: {=AC94} -> 0 | U94: =AND(F94>0,--RIGHT(AB94,1)>1) -> FALSE | X94: et_2 | AA94: × | AB94: 2.1.1 | AD94: руб./тыс.куб.м. | AL94: =IF(AI94<>0,AK94/AI94,0) -> 0 | AM94: =AK94-AJ94 -> 0 | BI94: P_SURF_PEOPLE | BJ94: DYN_SURF_PEOPLE | BK94: {=AC94} -> 0 | BM94: TRUE
E95: 15 | F95: {=OFFSET(E95,-1,1)} -> 2 | U95: =F95>0 -> TRUE | X95: { _x000D_ funcDyn: 'msg',_x000D_ blok: '',_x000D_ wsCross: '',_x000D_ linkFormula: '',_x000D_ levelDyn: ''_x000D_ } | AC95: Добавить | BL95: DYN_SURF_PEOPLE
E96: 22.5 | F96: {=OFFSET(E96,-1,1)} -> 2 | H96: l3_1_2 | U96: {=U95} -> TRUE | AB96: 2.2.1 | AC96: Ставка водного налога из поверхностных источников для прочих потребителей | AD96: руб./тыс.куб.м. | AL96: =IF(AI96<>0,AK96/AI96,0) -> 0 | AM96: =AK96-AJ96 -> 0 | BI96: P_SURF_OTHER
E97: 22.5 | F97: {=OFFSET(E97,-1,1)} -> 2 | I97: {=AC97} -> 0 | U97: =AND(F97>0,--RIGHT(AB97,1)>1) -> FALSE | X97: et_2 | AA97: × | AB97: 2.2.1 | AD97: руб./тыс.куб.м. | AL97: =IF(AI97<>0,AK97/AI97,0) -> 0 | AM97: =AK97-AJ97 -> 0 | BI97: P_SURF_OTHER | BJ97: DYN_SURF_OTHER | BK97: {=AC97} -> 0 | BM97: TRUE
E98: 15 | F98: {=OFFSET(E98,-1,1)} -> 2 | U98: =F98>0 -> TRUE | X98: { _x000D_ funcDyn: 'msg',_x000D_ blok: '',_x000D_ wsCross: '',_x000D_ linkFormula: '',_x000D_ levelDyn: ''_x000D_ } | AC98: Добавить | BL98: DYN_SURF_OTHER
E99: 22.5 | F99: {=OFFSET(E99,-1,1)} -> 2 | H99: l3_2_1 | U99: {=U98} -> TRUE | AB99: 2.3.1 | AC99: Ставка водного налога из подземных источников для населения | AD99: руб./тыс.куб.м. | AL99: =IF(AI99<>0,AK99/AI99,0) -> 0 | AM99: =AK99-AJ99 -> 0 | BI99: P_UND_PEOPLE
E100: 22.5 | F100: {=OFFSET(E100,-1,1)} -> 2 | I100: {=AC100} -> 0 | U100: =AND(F100>0,--RIGHT(AB100,1)>1) -> FALSE | X100: et_2 | AA100: × | AB100: 2.3.1 | AD100: руб./тыс.куб.м. | AL100: =IF(AI100<>0,AK100/AI100,0) -> 0 | AM100: =AK100-AJ100 -> 0 | BI100: P_UND_PEOPLE | BJ100: DYN_UND_PEOPLE | BK100: {=AC100} -> 0 | BM100: TRUE
E101: 15 | F101: {=OFFSET(E101,-1,1)} -> 2 | U101: =F101>0 -> TRUE | X101: { _x000D_ funcDyn: 'msg',_x000D_ blok: '',_x000D_ wsCross: '',_x000D_ linkFormula: '',_x000D_ levelDyn: ''_x000D_ } | AC101: Добавить | BL101: DYN_UND_PEOPLE
E102: 22.5 | F102: {=OFFSET(E102,-1,1)} -> 2 | H102: l3_2_2 | U102: {=U101} -> TRUE | AB102: 2.4.1 | AC102: Ставка водного налога из подземных источников для прочих потребителей | AD102: руб./тыс.куб.м. | AL102: =IF(AI102<>0,AK102/AI102,0) -> 0 | AM102: =AK102-AJ102 -> 0 | BI102: P_UND_OTHER
E103: 22.5 | F103: {=OFFSET(E103,-1,1)} -> 2 | I103: {=AC103} -> 0 | U103: =AND(F103>0,--RIGHT(AB103,1)>1) -> FALSE | X103: et_2 | AA103: × | AB103: 2.4.1 | AD103: руб./тыс.куб.м. | AL103: =IF(AI103<>0,AK103/AI103,0) -> 0 | AM103: =AK103-AJ103 -> 0 | BI103: P_UND_OTHER | BJ103: DYN_UND_OTHER | BK103: {=AC103} -> 0 | BM103: TRUE
E104: 15 | F104: {=OFFSET(E104,-1,1)} -> 2 | U104: =F104>0 -> TRUE | X104: { _x000D_ funcDyn: 'msg',_x000D_ blok: '',_x000D_ wsCross: '',_x000D_ linkFormula: '',_x000D_ levelDyn: ''_x000D_ } | AC104: Добавить | BL104: DYN_UND_OTHER
E105: 15 | F105: {=OFFSET(E105,-1,1)} -> 2 | H105: l4 | U105: {=U104} -> TRUE | AB105: 3 | AC105: Ставки налога на имущество | AD105: % | AL105: =IF(AI105<>0,AK105/AI105,0) -> 0 | AM105: =AK105-AJ105 -> 0 | BI105: P_RENT_TAX
E106: 15 | F106: {=OFFSET(E106,-1,1)} -> 2 | H106: l5 | U106: {=U105} -> TRUE | AB106: 4 | AC106: Ставка налога при УСН | AD106: % | AE106: 1 | AF106: 1 | AG106: 1 | AI106: 1 | AJ106: 1 | AK106: 1 | AL106: =IF(AI106<>0,AK106/AI106,0) -> 1 | AM106: =AK106-AJ106 -> 0 | AN106: ст. 346.20 Налогового кодекса Российской Федерации (часть вторая) от 05.08.2000 № 117-ФЗ | BI106: P_USN_TAX
E107: 15 | F107: {=OFFSET(E107,-1,1)} -> 2 | H107: l6 | U107: {=U106} -> TRUE | AB107: 5 | AC107: Доля общехозяйственных расходов | AE107: 62.64 | AF107: 62.64 | AG107: 62.64 | AI107: 62.64 | AJ107: 62.64 | AK107: 62.64 | AL107: =IF(AI107<>0,AK107/AI107,0) -> 1 | AM107: =AK107-AJ107 -> 0 | BI107: P_HOZ_EXP
E108: 15 | F108: {=OFFSET(E108,-1,1)} -> 2 | H108: l7 | U108: {=U107} -> TRUE | AB108: 6 | AC108: Доля общепроизводственных расходов | AE108: 62.64 | AF108: 62.64 | AG108: 62.64 | AI108: 62.64 | AJ108: 62.64 | AK108: 62.64 | AL108: =IF(AI108<>0,AK108/AI108,0) -> 1 | AM108: =AK108-AJ108 -> 0 | BI108: P_PROD_EXP
E109: 11.25 | V109: Добавить | W109: { _x000D_ funcDyn: 'msg1',_x000D_ blok: 'blok_1',_x000D_ wsCross: 'ИИКА',_x000D_ linkFormula: 'AB-AB',_x000D_ levelDyn: ''_x000D_ }

Sheet ИИКА
F1: tariffNum | V1: vis_1 | W1: dyn_1 | X1: blok_1 | Y1: ren_1 | Z1: del_1 | BD1: pok_js
B2: flag_vis | AF2: {=isOrgDeclare} -> TRUE | AI2: {=isOrgDeclare} -> TRUE | AJ2: =AND(AJ6<last_year_vis,isOrgDeclare) -> FALSE | AK2: =AND(AK6<last_year_vis,isOrgDeclare) -> FALSE | AL2: =AND(AL6<last_year_vis,isOrgDeclare) -> FALSE | AM2: =AND(AM6<last_year_vis,isOrgDeclare) -> FALSE | AN2: =AND(AN6<last_year_vis,isOrgDeclare) -> FALSE | AO2: =AND(AO6<last_year_vis,isOrgDeclare) -> FALSE | AP2: =AND(AP6<last_year_vis,isOrgDeclare) -> FALSE | AQ2: =AND(AQ6<last_year_vis,isOrgDeclare) -> FALSE | AR2: =AND(AR6<last_year_vis,isOrgDeclare) -> FALSE | AT2: =AT6<last_year_vis -> FALSE | AU2: =AU6<last_year_vis -> FALSE | AV2: =AV6<last_year_vis -> FALSE | AW2: =AW6<last_year_vis -> FALSE | AX2: =AX6<last_year_vis -> FALSE | AY2: =AY6<last_year_vis -> FALSE | AZ2: =AZ6<last_year_vis -> FALSE | BA2: =BA6<last_year_vis -> FALSE | BB2: =BB6<last_year_vis -> FALSE
E5: flag_size | AA5: 3 | AB5: 11 | AC5: 40 | AD5: 15 | AE5: 15 | AF5: 15 | AG5: 15 | AH5: 15 | AI5: 15 | AJ5: 15 | AK5: 15 | AL5: 15 | AM5: 15 | AN5: 15 | AO5: 15 | AP5: 15 | AQ5: 15 | AR5: 15 | AS5: 15 | AT5: 15 | AU5: 15 | AV5: 15 | AW5: 15 | AX5: 15 | AY5: 15 | AZ5: 15 | BA5: 15 | BB5: 15
AE6: =god-2 -> 2024 | AF6: =god-2 -> 2024 | AG6: =god-2 -> 2024 | AH6: =god-1 -> 2025 | AI6: {=god} -> 2026 | AJ6: =god+1 -> 2027 | AK6: =god+2 -> 2028 | AL6: =god+3 -> 2029 | AM6: =god+4 -> 2030 | AN6: =god+5 -> 2031 | AO6: =god+6 -> 2032 | AP6: =god+7 -> 2033 | AQ6: =god+8 -> 2034 | AR6: =god+9 -> 2035 | AS6: {=god} -> 2026 | AT6: =god+1 -> 2027 | AU6: =god+2 -> 2028 | AV6: =god+3 -> 2029 | AW6: =god+4 -> 2030 | AX6: =god+5 -> 2031 | AY6: =god+6 -> 2032 | AZ6: =god+7 -> 2033 | BA6: =god+8 -> 2034 | BB6: =god+9 -> 2035
AE7: {=AE25} -> Принято органом регулирования | AF7: {=AF25} -> Факт по данным организации | AG7: {=AG25} -> Факт, принятый органом регулирования | AH7: {=AH25} -> Принято органом регулирования | AI7: {=AI25} -> Предложение организации | AJ7: {=AJ25} -> Предложение организации | AK7: {=AK25} -> Предложение организации | AL7: {=AL25} -> Предложение организации | ... BB7: {=BB25} -> Принято органом регулирования
AE8: =AE6&AE7 -> 2024Принято органом регулирования | AF8: =AF6&AF7 -> 2024Факт по данным организации | AG8: =AG6&AG7 -> 2024Факт, принятый органом регулирования | AH8: =AH6&AH7 -> 2025Принято органом регулирования | AI8: =AI6&AI7 -> 2026Предложение организации | AJ8: =AJ6&AJ7 -> 2027Предложение организации | AK8: =AK6&AK7 -> 2028Предложение организации | AL8: =AL6&AL7 -> 2029Предложение организации | ... BB8: =BB6&BB7 -> 2035Принято органом регулирования
A9: PJ_YEAR | AE9: {=AE6} -> 2024 | AF9: {=AF6} -> 2024 | AG9: {=AG6} -> 2024 | AH9: {=AH6} -> 2025 | AI9: {=AI6} -> 2026 | AJ9: {=AJ6} -> 2027 | AK9: {=AK6} -> 2028 | AL9: {=AL6} -> 2029 | ... BB9: {=BB6} -> 2035
A10: PJ_PF | AE10: {=AE25} -> Принято органом регулирования | AF10: {=AF25} -> Факт по данным организации | AG10: {=AG25} -> Факт, принятый органом регулирования | AH10: {=AH25} -> Принято органом регулирования | AI10: {=AI25} -> Предложение организации | AJ10: {=AJ25} -> Предложение организации | AK10: {=AK25} -> Предложение организации | AL10: {=AL25} -> Предложение организации | ... BB10: {=BB25} -> Принято органом регулирования
E21: 15 | AC21: {=tpl_title} -> Кемеровская область / 2026 / ООО "Энергосервис г. Гурьевска" (ИНН:4202049045, КПП:420201001) / ДПР: 2024-2028
E22: 22.5 | AB22: Индекс изменения количества активов
E23: 15
E24: 15 | AB24: № п/п | AC24: Наименование параметра | AD24: Единица измерения | AE24: =god-2&" год" -> 2024 год | AF24: =god-2&" год" -> 2024 год | AG24: =god-2&" год" -> 2024 год | AH24: =god-1&" год" -> 2025 год | AI24: =god&" год" -> 2026 год | AJ24: =god+1&" год" -> 2027 год | AK24: =god+2&" год" -> 2028 год | AL24: =god+3&" год" -> 2029 год | AM24: =god+4&" год" -> 2030 год | AN24: =god+5&" год" -> 2031 год | AO24: =god+6&" год" -> 2032 год | AP24: =god+7&" год" -> 2033 год | AQ24: =god+8&" год" -> 2034 год | AR24: =god+9&" год" -> 2035 год | AS24: =god&" год" -> 2026 год | AT24: =god+1&" год" -> 2027 год | AU24: =god+2&" год" -> 2028 год | AV24: =god+3&" год" -> 2029 год | AW24: =god+4&" год" -> 2030 год | AX24: =god+5&" год" -> 2031 год | AY24: =god+6&" год" -> 2032 год | AZ24: =god+7&" год" -> 2033 год | BA24: =god+8&" год" -> 2034 год | BB24: =god+9&" год" -> 2035 год
E25: 69 | AE25: Принято органом регулирования | AF25: Факт по данным организации | AG25: Факт, принятый органом регулирования | AH25: Принято органом регулирования | AI25: Предложение организации | AJ25: Предложение организации | AK25: Предложение организации | AL25: Предложение организации | AM25: Предложение организации | AN25: Предложение организации | AO25: Предложение организации | AP25: Предложение организации | AQ25: Предложение организации | AR25: Предложение организации | AS25: Принято органом регулирования | AT25: Принято органом регулирования | AU25: Принято органом регулирования | AV25: Принято органом регулирования | AW25: Принято органом регулирования | AX25: Принято органом регулирования | AY25: Принято органом регулирования | AZ25: Принято органом регулирования | BA25: Принято органом регулирования | BB25: Принято органом регулирования
E26: 0
E27: 15 | F27: {=Y27} -> 0 | V27: =Y27>0 -> FALSE | X27: et_1 | Y27: 0 | AB27: {=INDEX('Общие сведения'!$AG$179:$AG$222,MATCH($Y27,'Общие сведения'!$Z$179:$Z$222,0))} -> Тариф 0 () -
E28: 22.5 | F28: {=OFFSET(E28,-1,1)} -> 0 | V28: {=V27} -> FALSE | AB28: 1 | AC28: Индекс изменения количества активов | BD28: P_IND_ACTIVE
E29: 24 | F29: {=OFFSET(E29,-1,1)} -> 0 | V29: {=V28} -> FALSE | AB29: 2 | AC29: Изменение количества условных километров водопроводной (канализационной) сети | AD29: % | BD29: P_IND_KM
E30: 71.25 | F30: {=OFFSET(E30,-1,1)} -> 0 | V30: {=V29} -> FALSE | AB30: 3 | AC30: Изменение операционных расходов на_x000D_ водоподготовку, очистку сточных вод, связанное с вводом в эксплуатацию нового объекта водоподготовки, включая резервуары воды, очистки сточных вод в году i | AD30: % | BD30: P_OPER
E31: 24.75 | F31: {=OFFSET(E31,-1,1)} -> 0 | V31: {=V30} -> FALSE | AB31: 4 | AC31: Индекс эффективности операционных расходов | BD31: P_IND_EFFECTIVE
E32: 15 | F32: {=Y32} -> 1 | V32: =Y32>0 -> TRUE | X32: {=Сценарии!$AB$55} -> Тариф 1 (Водоснабжение) - тариф на питьевую воду (Доп. признак не требуется) | Y32: 1 | AB32: {=Сценарии!$AB$55} -> Тариф 1 (Водоснабжение) - тариф на питьевую воду (Доп. признак не требуется)
E33: 22.5 | F33: {=OFFSET(E33,-1,1)} -> 1 | V33: {=V32} -> TRUE | AB33: 1 | AC33: Индекс изменения количества активов | BD33: P_IND_ACTIVE
E34: 24 | F34: {=OFFSET(E34,-1,1)} -> 1 | V34: {=V33} -> TRUE | AB34: 2 | AC34: Изменение количества условных километров водопроводной (канализационной) сети | AD34: % | BD34: P_IND_KM
E35: 71.25 | F35: {=OFFSET(E35,-1,1)} -> 1 | V35: {=V34} -> TRUE | AB35: 3 | AC35: Изменение операционных расходов на_x000D_ водоподготовку, очистку сточных вод, связанное с вводом в эксплуатацию нового объекта водоподготовки, включая резервуары воды, очистки сточных вод в году i | AD35: % | BD35: P_OPER
E36: 24.75 | F36: {=OFFSET(E36,-1,1)} -> 1 | V36: {=V35} -> TRUE | AB36: 4 | AC36: Индекс эффективности операционных расходов | BD36: P_IND_EFFECTIVE
E37: 15 | F37: {=Y37} -> 2 | V37: =Y37>0 -> TRUE | X37: {=Сценарии!$AB$82} -> Тариф 2 (Водоотведение) - тариф на водоотведение (Доп. признак не требуется) | Y37: 2 | AB37: {=Сценарии!$AB$82} -> Тариф 2 (Водоотведение) - тариф на водоотведение (Доп. признак не требуется)
E38: 22.5 | F38: {=OFFSET(E38,-1,1)} -> 2 | V38: {=V37} -> TRUE | AB38: 1 | AC38: Индекс изменения количества активов | BD38: P_IND_ACTIVE
E39: 24 | F39: {=OFFSET(E39,-1,1)} -> 2 | V39: {=V38} -> TRUE | AB39: 2 | AC39: Изменение количества условных километров водопроводной (канализационной) сети | AD39: % | BD39: P_IND_KM
E40: 71.25 | F40: {=OFFSET(E40,-1,1)} -> 2 | V40: {=V39} -> TRUE | AB40: 3 | AC40: Изменение операционных расходов на_x000D_ водоподготовку, очистку сточных вод, связанное с вводом в эксплуатацию нового объекта водоподготовки, включая резервуары воды, очистки сточных вод в году i | AD40: % | BD40: P_OPER
E41: 24.75 | F41: {=OFFSET(E41,-1,1)} -> 2 | V41: {=V40} -> TRUE | AB41: 4 | AC41: Индекс эффективности операционных расходов | BD41: P_IND_EFFECTIVE
E42: 11 | F42: {=OFFSET(E42,-1,1)} -> 2 | W42: Добавить | X42: { _x000D_ funcDyn: 'msg1',_x000D_ blok: 'blok_1',_x000D_ wsCross: 'Баланс',_x000D_ linkFormula: 'AB-AB',_x000D_ levelDyn: ''_x000D_ }

Sheet Баланс
F1: tariffNum | H1: pok | T1: vis_1 | U1: dyn_1 | V1: blok_1 | W1: blok_2 | X1: ren_1 | Y1: del_1 | Z1: ren_2 | AA1: del_2 | AC1: dyn_2 | BF1: pok_js
B2: flag_vis | AF2: {=isOrgDeclare} -> TRUE | AI2: =AND(AI6<=last_year_vis,isOrgDeclare) -> TRUE | AJ2: =AND(AJ6<=last_year_vis,isOrgDeclare) -> FALSE | AK2: =AND(AK6<=last_year_vis,isOrgDeclare) -> FALSE | AL2: =AND(AL6<=last_year_vis,isOrgDeclare) -> FALSE | AM2: =AND(AM6<=last_year_vis,isOrgDeclare) -> FALSE | AN2: =AND(AN6<=last_year_vis,isOrgDeclare) -> FALSE | AO2: =AND(AO6<=last_year_vis,isOrgDeclare) -> FALSE | AP2: =AND(AP6<=last_year_vis,isOrgDeclare) -> FALSE | ... AR2: =AND(AR6<=last_year_vis,isOrgDeclare) -> FALSE | AS2: =AS6<=last_year_vis -> TRUE | AT2: =AT6<=last_year_vis -> FALSE | AU2: =AU6<=last_year_vis -> FALSE | AV2: =AV6<=last_year_vis -> FALSE | AW2: =AW6<=last_year_vis -> FALSE | AX2: =AX6<=last_year_vis -> FALSE | AY2: =AY6<=last_year_vis -> FALSE | AZ2: =AZ6<=last_year_vis -> FALSE | ... BB2: =BB6<=last_year_vis -> FALSE
E5: flag_size | AA5: 3 | AB5: 11 | AC5: 50 | AD5: 10.29 | AE5: 13 | AF5: 13 | AG5: 13 | AH5: 13 | AI5: 13 | AJ5: 13 | AK5: 13 | AL5: 13 | AM5: 13 | AN5: 13 | AO5: 13 | AP5: 13 | AQ5: 13 | AR5: 13 | AS5: 13 | AT5: 13 | AU5: 13 | AV5: 13 | AW5: 13 | AX5: 13 | AY5: 13 | AZ5: 13 | BA5: 13 | BB5: 13 | BC5: 20 | BD5: 3
A6: prd2_name | AE6: =god-2 -> 2024 | AF6: =god-2 -> 2024 | AG6: =god-2 -> 2024 | AH6: =god-1 -> 2025 | AI6: {=god} -> 2026 | AJ6: =god+1 -> 2027 | AK6: =god+2 -> 2028 | AL6: =god+3 -> 2029 | AM6: =god+4 -> 2030 | AN6: =god+5 -> 2031 | AO6: =god+6 -> 2032 | AP6: =god+7 -> 2033 | AQ6: =god+8 -> 2034 | AR6: =god+9 -> 2035 | AS6: {=god} -> 2026 | AT6: =god+1 -> 2027 | AU6: =god+2 -> 2028 | AV6: =god+3 -> 2029 | AW6: =god+4 -> 2030 | AX6: =god+5 -> 2031 | AY6: =god+6 -> 2032 | AZ6: =god+7 -> 2033 | BA6: =god+8 -> 2034 | BB6: =god+9 -> 2035
A7: pf_name | AE7: {=AE25} -> Принято органом регулирования | AF7: {=AF25} -> Факт по данным организации | AG7: {=AG25} -> Факт, принятый органом регулирования | AH7: {=AH25} -> Принято органом регулирования | AI7: {=AI25} -> Предложение организации | AJ7: {=AJ25} -> Предложение организации | AK7: {=AK25} -> Предложение организации | AL7: {=AL25} -> Предложение организации | ... BB7: {=BB25} -> Принято органом регулирования
AE8: =AE6&AE7 -> 2024Принято органом регулирования | AF8: =AF6&AF7 -> 2024Факт по данным организации | AG8: =AG6&AG7 -> 2024Факт, принятый органом регулирования | AH8: =AH6&AH7 -> 2025Принято органом регулирования | AI8: =AI6&AI7 -> 2026Предложение организации | AJ8: =AJ6&AJ7 -> 2027Предложение организации | AK8: =AK6&AK7 -> 2028Предложение организации | AL8: =AL6&AL7 -> 2029Предложение организации | ... BB8: =BB6&BB7 -> 2035Принято органом регулирования
A9: PJ_YEAR | AE9: {=AE6} -> 2024 | AF9: {=AF6} -> 2024 | AG9: {=AG6} -> 2024 | AH9: {=AH6} -> 2025 | AI9: {=AI6} -> 2026 | AJ9: {=AJ6} -> 2027 | AK9: {=AK6} -> 2028 | AL9: {=AL6} -> 2029 | ... BB9: {=BB6} -> 2035
A10: PJ_PF | AE10: {=AE25} -> Принято органом регулирования | AF10: {=AF25} -> Факт по данным организации | AG10: {=AG25} -> Факт, принятый органом регулирования | AH10: {=AH25} -> Принято органом регулирования | AI10: {=AI25} -> Предложение организации | AJ10: {=AJ25} -> Предложение организации | AK10: {=AK25} -> Предложение организации | AL10: {=AL25} -> Предложение организации | ... BB10: {=BB25} -> Принято органом регулирования
A11: PJ_DOP | BC11: {=BC24} -> Ссылка на правовую норму (основание для принятия показателя в расчет тарифа)
E21: 15 | AC21: {=tpl_title} -> Кемеровская область / 2026 / ООО "Энергосервис г. Гурьевска" (ИНН:4202049045, КПП:420201001) / ДПР: 2024-2028
E22: 20 | AB22: Баланс водоснабжения / водоотведения
E23: 11.25
E24: 15 | AB24: № п/п | AC24: Наименование показателя | AD24: Единица измерения | AE24: =god-2&" год" -> 2024 год | AF24: =god-2&" год" -> 2024 год | AG24: =god-2&" год" -> 2024 год | AH24: =god-1&" год" -> 2025 год | AI24: =god&" год" -> 2026 год | AJ24: =god+1&" год" -> 2027 год | AK24: =god+2&" год" -> 2028 год | AL24: =god+3&" год" -> 2029 год | AM24: =god+4&" год" -> 2030 год | AN24: =god+5&" год" -> 2031 год | AO24: =god+6&" год" -> 2032 год | AP24: =god+7&" год" -> 2033 год | AQ24: =god+8&" год" -> 2034 год | AR24: =god+9&" год" -> 2035 год | AS24: =god&" год" -> 2026 год | AT24: =god+1&" год" -> 2027 год | AU24: =god+2&" год" -> 2028 год | AV24: =god+3&" год" -> 2029 год | AW24: =god+4&" год" -> 2030 год | AX24: =god+5&" год" -> 2031 год | AY24: =god+6&" год" -> 2032 год | AZ24: =god+7&" год" -> 2033 год | BA24: =god+8&" год" -> 2034 год | BB24: =god+9&" год" -> 2035 год | BC24: Ссылка на правовую норму (основание для принятия показателя в расчет тарифа)
E25: 70.25 | AE25: Принято органом регулирования | AF25: Факт по данным организации | AG25: Факт, принятый органом регулирования | AH25: Принято органом регулирования | AI25: Предложение организации | AJ25: Предложение организации | AK25: Предложение организации | AL25: Предложение организации | AM25: Предложение организации | AN25: Предложение организации | AO25: Предложение организации | AP25: Предложение организации | AQ25: Предложение организации | AR25: Предложение организации | AS25: Принято органом регулирования | AT25: Принято органом регулирования | AU25: Принято органом регулирования | AV25: Принято органом регулирования | AW25: Принято органом регулирования | AX25: Принято органом регулирования | AY25: Принято органом регулирования | AZ25: Принято органом регулирования | BA25: Принято органом регулирования | BB25: Принято органом регулирования
E26: 0 | R26: isTransp | S26: VO/VS
E27: 15 | F27: {=X27} -> 0 | T27: =X27>0 -> FALSE | V27: et_1 | X27: 0 | AB27: {=INDEX('Общие сведения'!$AG$179:$AG$222,MATCH($X27,'Общие сведения'!$Z$179:$Z$222,0))} -> Тариф 0 () -
E28: 15 | F28: {=OFFSET(E28,-1,1)} -> 0 | R28: {=INDEX('Общие сведения'!$AN$179:$AN$222,MATCH($X27,'Общие сведения'!$Z$179:$Z$222,0))} -> FALSE | S28: =IF(ISERROR(SEARCH("Водоснабжение",AB27)),FALSE,TRUE) -> FALSE | T28: =AND(X27>0,S28,NOT(R28)) -> FALSE | AB28: 1 | AC28: Вид воды | AE28: {=INDEX('Общие сведения'!$AH$179:$AH$222,MATCH($X27,'Общие сведения'!$Z$179:$Z$222,0))} -> 0 | BF28: P_VS_WATER_TYPE
E29: 15 | F29: {=OFFSET(E29,-1,1)} -> 0 | H29: l4 | T29: {=T28} -> FALSE | AB29: 2 | AC29: Объём воды из источников водоснабжения, всего | AD29: тыс.куб.м | AE29: =AE38+AE33-AE36 -> 0 | AF29: =AF38+AF33-AF36 -> 0 | AG29: =AG38+AG33-AG36 -> 0 | AH29: =AH38+AH33-AH36 -> 0 | AI29: =AI38+AI33-AI36 -> 0 | AJ29: =AJ38+AJ33-AJ36 -> 0 | AK29: =AK38+AK33-AK36 -> 0 | AL29: =AL38+AL33-AL36 -> 0 | ... BB29: =BB38+BB33-BB36 -> 0 | BF29: P_VS_VOL_SOURCES
E30: 15 | F30: {=OFFSET(E30,-1,1)} -> 0 | H30: l4_1 | T30: {=T29} -> FALSE | AB30: 2.1 | AC30: Поднято воды из поверхностных источников | AD30: тыс.куб.м | BF30: P_VS_VOL_SOURCES_SURF
E31: 15 | F31: {=OFFSET(E31,-1,1)} -> 0 | H31: l4_2 | T31: {=T30} -> FALSE | AB31: 2.2 | AC31: Поднято воды из подземных источников | AD31: тыс.куб.м | BF31: P_VS_VOL_SOURCES_UND
E32: 22.5 | F32: {=OFFSET(E32,-1,1)} -> 0 | H32: l4_3 | T32: {=T31} -> FALSE | AB32: 2.3 | AC32: Доочищенная сточная вода для нужд технического водоснабжения | AD32: тыс.куб.м | BF32: P_VS_STOCK_CLEAN
E33: 15 | F33: {=OFFSET(E33,-1,1)} -> 0 | H33: l5 | T33: {=T32} -> FALSE | AB33: 3 | AC33: Расход воды на технологические нужды всего | AD33: тыс.куб.м | AE33: =SUM(AE34:AE35) -> 0 | AF33: =SUM(AF34:AF35) -> 0 | AG33: =SUM(AG34:AG35) -> 0 | AH33: =SUM(AH34:AH35) -> 0 | AI33: =SUM(AI34:AI35) -> 0 | AJ33: =SUM(AJ34:AJ35) -> 0 | AK33: =SUM(AK34:AK35) -> 0 | AL33: =SUM(AL34:AL35) -> 0 | ... BB33: =SUM(BB34:BB35) -> 0 | BF33: P_VS_TEH_USE
E34: 15 | F34: {=OFFSET(E34,-1,1)} -> 0 | H34: l5_1 | T34: {=T33} -> FALSE | AB34: 3.1 | AC34: Расход воды на собственные нужды водоподготовки | AD34: тыс.куб.м | BF34: P_VS_TEH_USE_SELF
E35: 15 | F35: {=OFFSET(E35,-1,1)} -> 0 | H35: l5_2 | T35: {=T34} -> FALSE | AB35: 3.2 | AC35: Расход воды на промывку сетей | AD35: тыс.куб.м | BF35: P_VS_TEH_USE_CLEAN
E36: 15 | F36: {=OFFSET(E36,-1,1)} -> 0 | H36: l6 | T36: {=T35} -> FALSE | AB36: 4 | AC36: Получено воды со стороны | AD36: тыс.куб.м | BF36: P_VS_WATER_FROM_OTHER
E37: 15 | F37: {=OFFSET(E37,-1,1)} -> 0 | H37: l7 | T37: {=T36} -> FALSE | AB37: 5 | AC37: Объём воды, прошедшей водоподготовку (справочно) | AD37: тыс.куб.м | BF37: P_VS_VOL_PREPAIRED
E38: 15 | F38: {=OFFSET(E38,-1,1)} -> 0 | H38: l8 | T38: {=T37} -> FALSE | AB38: 6 | AC38: Объём воды, поданной в сеть всего | AD38: тыс.куб.м | AE38: =AE44+AE42 -> 0 | AF38: =AF44+AF42 -> 0 | AG38: =AG44+AG42 -> 0 | AH38: =AH44+AH42 -> 0 | AI38: =AI44+AI42 -> 0 | AJ38: =AJ44+AJ42 -> 0 | AK38: =AK44+AK42 -> 0 | AL38: =AL44+AL42 -> 0 | ... BB38: =BB44+BB42 -> 0 | BF38: P_VS_VOL_NETS
E39: 22.5 | F39: {=OFFSET(E39,-1,1)} -> 0 | H39: l8_1 | T39: {=T38} -> FALSE | AB39: 6.1 | AC39: Объём воды, поданной в сеть из собственных источников | AD39: тыс.куб.м | BF39: P_VS_VOL_NETS_SELF
E40: 15 | F40: {=OFFSET(E40,-1,1)} -> 0 | H40: l8_2 | T40: {=T39} -> FALSE | AB40: 6.2 | AC40: Объём воды, поданной в сеть от других операторов | AD40: тыс.куб.м | BF40: P_VS_VOL_NETS_OTHER
E41: 22.5 | F41: {=OFFSET(E41,-1,1)} -> 0 | H41: l8_3 | T41: {=T40} -> FALSE | AB41: 6.3 | AC41: Получено от других территорий, дифференцированных по тарифу | AD41: тыс.куб.м | BF41: P_VS_VOL_NETS_OTHER_TERR
E42: 15 | F42: {=OFFSET(E42,-1,1)} -> 0 | H42: l9 | T42: {=T41} -> FALSE | AB42: 7 | AC42: Потери воды | AD42: тыс.куб.м | BF42: P_VS_LOSS
E43: 15 | F43: {=OFFSET(E43,-1,1)} -> 0 | H43: l9_1 | T43: {=T42} -> FALSE | AB43: 7.1 | AC43: Уровень потерь воды | AD43: % | AE43: =IF(AE38=0,0,AE42/AE38*100) -> 0 | AF43: =IF(AF38=0,0,AF42/AF38*100) -> 0 | AG43: =IF(AG38=0,0,AG42/AG38*100) -> 0 | AH43: =IF(AH38=0,0,AH42/AH38*100) -> 0 | AI43: =IF(AI38=0,0,AI42/AI38*100) -> 0 | AJ43: =IF(AJ38=0,0,AJ42/AJ38*100) -> 0 | AK43: =IF(AK38=0,0,AK42/AK38*100) -> 0 | AL43: =IF(AL38=0,0,AL42/AL38*100) -> 0 | ... BB43: =IF(BB38=0,0,BB42/BB38*100) -> 0 | BF43: P_VS_LOSS_PERCENT
E44: 15 | F44: {=OFFSET(E44,-1,1)} -> 0 | H44: l10 | T44: {=T43} -> FALSE | AB44: 8 | AC44: Отпущено воды, всего | AD44: тыс.куб.м | AE44: =AE45+AE49+AE52+AE62 -> 0 | AF44: =AF45+AF49+AF52+AF62 -> 0 | AG44: =AG45+AG49+AG52+AG62 -> 0 | AH44: =AH45+AH49+AH52+AH62 -> 0 | AI44: =AI45+AI49+AI52+AI62 -> 0 | AJ44: =AJ45+AJ49+AJ52+AJ62 -> 0 | AK44: =AK45+AK49+AK52+AK62 -> 0 | AL44: =AL45+AL49+AL52+AL62 -> 0 | ... BB44: =BB45+BB49+BB52+BB62 -> 0 | BF44: P_VS_RELEASE
E45: 15 | F45: {=OFFSET(E45,-1,1)} -> 0 | G45: =IF(OwnNeedsInPO="да","ПО","") | H45: l10_1 | T45: {=T44} -> FALSE | AB45: 8.1 | AC45: Расход воды на нужды предприятия | AD45: тыс.куб.м | AE45: =SUM(AE46:AE48) -> 0 | AF45: =SUM(AF46:AF48) -> 0 | AG45: =SUM(AG46:AG48) -> 0 | AH45: =SUM(AH46:AH48) -> 0 | AI45: =SUM(AI46:AI48) -> 0 | AJ45: =SUM(AJ46:AJ48) -> 0 | AK45: =SUM(AK46:AK48) -> 0 | AL45: =SUM(AL46:AL48) -> 0 | ... BB45: =SUM(BB46:BB48) -> 0 | BF45: P_VS_RELEASE_SELF
E46: 15 | F46: {=OFFSET(E46,-1,1)} -> 0 | H46: l10_1_1 | T46: {=T45} -> FALSE | AB46: 8.1.1 | AC46: хозяйственные нужды | AD46: тыс.куб.м | BF46: P_VS_RELEASE_SELF_HOZ
E47: 15 | F47: {=OFFSET(E47,-1,1)} -> 0 | H47: l10_1_2 | T47: {=T46} -> FALSE | AB47: 8.1.2 | AC47: на основное производство | AD47: тыс.куб.м | BF47: P_VS_RELEASE_SELF_PROD
E48: 15 | F48: {=OFFSET(E48,-1,1)} -> 0 | H48: l10_1_3 | T48: {=T47} -> FALSE | AB48: 8.1.3 | AC48: прочие | AD48: тыс.куб.м | BF48: P_VS_RELEASE_SELF_OTHER
E49: 15 | F49: {=OFFSET(E49,-1,1)} -> 0 | G49: ПО | H49: l10_2 | T49: {=T48} -> FALSE | AB49: 8.2 | AC49: Отпущено воды другим водопроводам | AD49: тыс.куб.м | AE49: =SUM(AE50:AE51) -> 0 | AF49: =SUM(AF50:AF51) -> 0 | AG49: =SUM(AG50:AG51) -> 0 | AH49: =SUM(AH50:AH51) -> 0 | AI49: =SUM(AI50:AI51) -> 0 | AJ49: =SUM(AJ50:AJ51) -> 0 | AK49: =SUM(AK50:AK51) -> 0 | AL49: =SUM(AL50:AL51) -> 0 | ... BB49: =SUM(BB50:BB51) -> 0 | BF49: P_VS_RELEASE_OTHER_PIPES
E50: 15 | F50: {=OFFSET(E50,-1,1)} -> 0 | H50: l10_2_1 | T50: {=T49} -> FALSE | AB50: 8.2.1 | AC50: по приборам учёта | AD50: тыс.куб.м | BF50: P_VS_RELEASE_OTHER_PIPES_METERS
E51: 15 | F51: {=OFFSET(E51,-1,1)} -> 0 | H51: l10_2_2 | T51: {=T50} -> FALSE | AB51: 8.2.2 | AC51: по нормативам | AD51: тыс.куб.м | BF51: P_VS_RELEASE_OTHER_PIPES_NORMS
E52: 15 | F52: {=OFFSET(E52,-1,1)} -> 0 | G52: ПО | H52: l10_3 | T52: {=T51} -> FALSE | AB52: 8.3 | AC52: Отпущено воды по категориям потребителей | AD52: тыс.куб.м | AE52: =AE53+AE56+AE59 -> 0 | AF52: =AF53+AF56+AF59 -> 0 | AG52: =AG53+AG56+AG59 -> 0 | AH52: =AH53+AH56+AH59 -> 0 | AI52: =AI53+AI56+AI59 -> 0 | AJ52: =AJ53+AJ56+AJ59 -> 0 | AK52: =AK53+AK56+AK59 -> 0 | AL52: =AL53+AL56+AL59 -> 0 | ... BB52: =BB53+BB56+BB59 -> 0 | BF52: P_VS_RELEASE_CONS
E53: 15 | F53: {=OFFSET(E53,-1,1)} -> 0 | H53: l10_3_1 | T53: {=T52} -> FALSE | AB53: 8.3.1 | AC53: Финансируемые из бюджетов всех уровней | AD53: тыс.куб.м | AE53: =SUM(AE54:AE55) -> 0 | AF53: =SUM(AF54:AF55) -> 0 | AG53: =SUM(AG54:AG55) -> 0 | AH53: =SUM(AH54:AH55) -> 0 | AI53: =SUM(AI54:AI55) -> 0 | AJ53: =SUM(AJ54:AJ55) -> 0 | AK53: =SUM(AK54:AK55) -> 0 | AL53: =SUM(AL54:AL55) -> 0 | ... BB53: =SUM(BB54:BB55) -> 0 | BF53: P_VS_RELEASE_CONS_BUDJ
E54: 15 | F54: {=OFFSET(E54,-1,1)} -> 0 | H54: l10_3_1_1 | T54: {=T53} -> FALSE | AB54: 8.3.1.1 | AC54: по приборам учёта | AD54: тыс.куб.м | BF54: P_VS_RELEASE_CONS_BUDJ_METERS
E55: 15 | F55: {=OFFSET(E55,-1,1)} -> 0 | H55: l10_3_1_2 | T55: {=T54} -> FALSE | AB55: 8.3.1.2 | AC55: по нормативам | AD55: тыс.куб.м | BF55: P_VS_RELEASE_CONS_BUDJ_NORMS
E56: 15 | F56: {=OFFSET(E56,-1,1)} -> 0 | G56: население | H56: l10_3_2 | T56: {=T55} -> FALSE | AB56: 8.3.2 | AC56: Население | AD56: тыс.куб.м | AE56: =SUM(AE57:AE58) -> 0 | AF56: =SUM(AF57:AF58) -> 0 | AG56: =SUM(AG57:AG58) -> 0 | AH56: =SUM(AH57:AH58) -> 0 | AI56: =SUM(AI57:AI58) -> 0 | AJ56: =SUM(AJ57:AJ58) -> 0 | AK56: =SUM(AK57:AK58) -> 0 | AL56: =SUM(AL57:AL58) -> 0 | ... BB56: =SUM(BB57:BB58) -> 0 | BF56: P_VS_RELEASE_CONS_PEOPLE
E57: 15 | F57: {=OFFSET(E57,-1,1)} -> 0 | H57: l10_3_2_1 | T57: {=T56} -> FALSE | AB57: 8.3.2.1 | AC57: по приборам учёта | AD57: тыс.куб.м | BF57: P_VS_RELEASE_CONS_PEOPLE_METERS
E58: 15 | F58: {=OFFSET(E58,-1,1)} -> 0 | H58: l10_3_2_2 | T58: {=T57} -> FALSE | AB58: 8.3.2.2 | AC58: по нормативам | AD58: тыс.куб.м | BF58: P_VS_RELEASE_CONS_PEOPLE_NORMS
E59: 15 | F59: {=OFFSET(E59,-1,1)} -> 0 | H59: l10_3_3 | T59: {=T58} -> FALSE | AB59: 8.3.3 | AC59: Прочие потребители | AD59: тыс.куб.м | AE59: =SUM(AE60:AE61) -> 0 | AF59: =SUM(AF60:AF61) -> 0 | AG59: =SUM(AG60:AG61) -> 0 | AH59: =SUM(AH60:AH61) -> 0 | AI59: =SUM(AI60:AI61) -> 0 | AJ59: =SUM(AJ60:AJ61) -> 0 | AK59: =SUM(AK60:AK61) -> 0 | AL59: =SUM(AL60:AL61) -> 0 | ... BB59: =SUM(BB60:BB61) -> 0 | BF59: P_VS_RELEASE_CONS_OTHER
E60: 15 | F60: {=OFFSET(E60,-1,1)} -> 0 | H60: l10_3_3_1 | T60: {=T59} -> FALSE | AB60: 8.3.3.1 | AC60: по приборам учёта | AD60: тыс.куб.м | BF60: P_VS_RELEASE_CONS_OTHER_METERS
E61: 15 | F61: {=OFFSET(E61,-1,1)} -> 0 | H61: l10_3_3_2 | T61: {=T60} -> FALSE | AB61: 8.3.3.2 | AC61: по нормативам | AD61: тыс.куб.м | BF61: P_VS_RELEASE_CONS_OTHER_NORMS
E62: 22.5 | F62: {=OFFSET(E62,-1,1)} -> 0 | H62: l10_4 | T62: {=T61} -> FALSE | AB62: 8.4 | AC62: Передано на другие территории, дифференцированные по тарифу | AD62: тыс.куб.м | BF62: P_VS_RELEASE_OTHER_TERR
E63: 15 | F63: {=OFFSET(E63,-1,1)} -> 0 | T63: {=T62} -> FALSE | AB63: 8.5 | AC63: Для приготовления горячей воды (справочно) | AD63: тыс.куб.м | BF63: P_VS_RELEASE_HOT
E64: 0 | F64: {=OFFSET(E64,-1,1)} -> 0 | T64: FALSE
E65: 15 | F65: {=OFFSET(E65,-1,1)} -> 0 | R65: {=INDEX('Общие сведения'!$AN$179:$AN$222,MATCH($X27,'Общие сведения'!$Z$179:$Z$222,0))} -> FALSE | S65: =IF(ISERROR(SEARCH("Водоснабжение",AB27)),FALSE,TRUE) -> FALSE | T65: =AND(X27>0,S65,R65) -> FALSE | AB65: 1 | AC65: Вид воды | AE65: {=INDEX('Общие сведения'!$AH$179:$AH$222,MATCH($X27,'Общие сведения'!$Z$179:$Z$222,0))} -> 0 | BF65: P_VS_TR_WATER_TYPE
E66: 15 | F66: {=OFFSET(E66,-1,1)} -> 0 | H66: l4 | T66: {=T65} -> FALSE | AB66: 2 | AC66: Объём воды, поступившей в сеть | AD66: тыс.куб.м | AE66: =AE70+AE72+AE75+AE78 -> 0 | AF66: =AF70+AF72+AF75+AF78 -> 0 | AG66: =AG70+AG72+AG75+AG78 -> 0 | AH66: =AH70+AH72+AH75+AH78 -> 0 | AI66: =AI70+AI72+AI75+AI78 -> 0 | AJ66: =AJ70+AJ72+AJ75+AJ78 -> 0 | AK66: =AK70+AK72+AK75+AK78 -> 0 | AL66: =AL70+AL72+AL75+AL78 -> 0 | ... BB66: =BB70+BB72+BB75+BB78 -> 0 | BF66: P_VS_TR_VOL_NETS
E67: 15 | F67: {=OFFSET(E67,-1,1)} -> 0 | H67: l4_1 | T67: {=T66} -> FALSE | AB67: 2.1 | AC67: из собственных источников | AD67: тыс.куб.м | BF67: P_VS_TR_VOL_NETS_SELF
E68: 15 | F68: {=OFFSET(E68,-1,1)} -> 0 | H68: l4_2 | T68: {=T67} -> FALSE | AB68: 2.2 | AC68: от других операторов | AD68: тыс.куб.м | BF68: P_VS_TR_VOL_NETS_OTHER
E69: 22.5 | F69: {=OFFSET(E69,-1,1)} -> 0 | H69: l4_3 | T69: {=T68} -> FALSE | AB69: 2.3 | AC69: получено от других территорий, дифференцированных по тарифу | AD69: тыс.куб.м | BF69: P_VS_TR_VOL_NETS_OTHER_TERR
E70: 15 | F70: {=OFFSET(E70,-1,1)} -> 0 | H70: l5 | T70: {=T69} -> FALSE | AB70: 3 | AC70: Потери воды | AD70: тыс.куб.м | BF70: P_VS_TR_LOSS
E71: 15 | F71: {=OFFSET(E71,-1,1)} -> 0 | H71: l5_1 | T71: {=T70} -> FALSE | AB71: 3.1 | AC71: Уровень потерь воды | AD71: % | AE71: =IF(AE66=0,0,AE70/AE66*100) -> 0 | AF71: =IF(AF66=0,0,AF70/AF66*100) -> 0 | AG71: =IF(AG66=0,0,AG70/AG66*100) -> 0 | AH71: =IF(AH66=0,0,AH70/AH66*100) -> 0 | AI71: =IF(AI66=0,0,AI70/AI66*100) -> 0 | AJ71: =IF(AJ66=0,0,AJ70/AJ66*100) -> 0 | AK71: =IF(AK66=0,0,AK70/AK66*100) -> 0 | AL71: =IF(AL66=0,0,AL70/AL66*100) -> 0 | ... BB71: =IF(BB66=0,0,BB70/BB66*100) -> 0 | BF71: P_VS_TR_LOSS_PERCENT
E72: 15 | F72: {=OFFSET(E72,-1,1)} -> 0 | G72: =IF(OwnNeedsInPO="да","ПО","") | H72: l6 | T72: {=T71} -> FALSE | AB72: 4 | AC72: Расход воды на нужды предприятия | AD72: тыс.куб.м | AE72: =AE73+AE74 -> 0 | AF72: =AF73+AF74 -> 0 | AG72: =AG73+AG74 -> 0 | AH72: =AH73+AH74 -> 0 | AI72: =AI73+AI74 -> 0 | AJ72: =AJ73+AJ74 -> 0 | AK72: =AK73+AK74 -> 0 | AL72: =AL73+AL74 -> 0 | ... BB72: =BB73+BB74 -> 0 | BF72: P_VS_TR_RELEASE_SELF
E73: 15 | F73: {=OFFSET(E73,-1,1)} -> 0 | H73: l6_1 | T73: {=T72} -> FALSE | AB73: 4.1 | AC73: хозяйственные нужды | AD73: тыс.куб.м | BF73: P_VS_TR_RELEASE_SELF_HOZ
E74: 15 | F74: {=OFFSET(E74,-1,1)} -> 0 | H74: l6_2 | T74: {=T73} -> FALSE | AB74: 4.2 | AC74: на основное производство | AD74: тыс.куб.м | BF74: P_VS_TR_RELEASE_SELF_PROD
E75: 15 | F75: {=OFFSET(E75,-1,1)} -> 0 | G75: ПО | H75: l7 | T75: {=T74} -> FALSE | AB75: 5 | AC75: Отпущено воды другим водопроводам | AD75: тыс.куб.м | AE75: =AE76+AE77 -> 0 | AF75: =AF76+AF77 -> 0 | AG75: =AG76+AG77 -> 0 | AH75: =AH76+AH77 -> 0 | AI75: =AI76+AI77 -> 0 | AJ75: =AJ76+AJ77 -> 0 | AK75: =AK76+AK77 -> 0 | AL75: =AL76+AL77 -> 0 | ... BB75: =BB76+BB77 -> 0 | BF75: P_VS_TR_RELEASE_OTHER_PIPES
E76: 15 | F76: {=OFFSET(E76,-1,1)} -> 0 | H76: l7_1 | T76: {=T75} -> FALSE | AB76: 5.1 | AC76: по приборам учёта | AD76: тыс.куб.м | BF76: P_VS_TR_RELEASE_OTHER_PIPES_METERS
E77: 15 | F77: {=OFFSET(E77,-1,1)} -> 0 | H77: l7_2 | T77: {=T76} -> FALSE | AB77: 5.2 | AC77: по нормативам | AD77: тыс.куб.м | BF77: P_VS_TR_RELEASE_OTHER_PIPES_NORMS
E78: 22.5 | F78: {=OFFSET(E78,-1,1)} -> 0 | H78: l8 | T78: {=T77} -> FALSE | AB78: 6 | AC78: Передано на другие территории, дифференцированные по тарифу | AD78: тыс.куб.м | BF78: P_VS_TR_RELEASE_OTHER_TERR
E79: 15 | F79: {=OFFSET(E79,-1,1)} -> 0 | T79: {=T78} -> FALSE | AB79: 8.5 | AC79: Для приготовления горячей воды (справочно) | AD79: тыс.куб.м | BF79: P_VS_TR_RELEASE_HOT
E80: 0 | F80: {=OFFSET(E80,-1,1)} -> 0 | T80: FALSE
E81: 15 | F81: {=OFFSET(E81,-1,1)} -> 0 | R81: {=INDEX('Общие сведения'!$AN$179:$AN$222,MATCH($X27,'Общие сведения'!$Z$179:$Z$222,0))} -> FALSE | S81: =IF(ISERROR(SEARCH("Водоотведение",AB27)),FALSE,TRUE) -> FALSE | T81: =AND(X27>0,S81,NOT(R81)) -> FALSE | AB81: 1 | AC81: Вид стоков | AE81: {=INDEX('Общие сведения'!$AH$179:$AH$222,MATCH($X27,'Общие сведения'!$Z$179:$Z$222,0))} -> 0 | BF81: P_VO_STOK_TYPE
E82: 15 | F82: {=OFFSET(E82,-1,1)} -> 0 | H82: l4 | T82: {=T81} -> FALSE | AB82: 2 | AC82: Принято сточных вод, всего | AD82: тыс.куб.м | AE82: =AE83+AE84+AE97 -> 0 | AF82: =AF83+AF84+AF97 -> 0 | AG82: =AG83+AG84+AG97 -> 0 | AH82: =AH83+AH84+AH97 -> 0 | AI82: =AI83+AI84+AI97 -> 0 | AJ82: =AJ83+AJ84+AJ97 -> 0 | AK82: =AK83+AK84+AK97 -> 0 | AL82: =AL83+AL84+AL97 -> 0 | ... BB82: =BB83+BB84+BB97 -> 0 | BF82: P_VO_STOK_ACCEPT
E83: 15 | F83: {=OFFSET(E83,-1,1)} -> 0 | G83: =IF(OwnNeedsInPO="да","ПО","") | H83: l5 | T83: {=T82} -> FALSE | AB83: 3 | AC83: Хозяйственные нужды предприятия | AD83: тыс.куб.м | BF83: P_VO_STOK_SELF
E84: 15 | F84: {=OFFSET(E84,-1,1)} -> 0 | G84: ПО | H84: l6 | T84: {=T83} -> FALSE | AB84: 4 | AC84: Принято по категориям потребителей | AD84: тыс.куб.м | AE84: =AE85+AE88+AE91+AE94 -> 0 | AF84: =AF85+AF88+AF91+AF94 -> 0 | AG84: =AG85+AG88+AG91+AG94 -> 0 | AH84: =AH85+AH88+AH91+AH94 -> 0 | AI84: =AI85+AI88+AI91+AI94 -> 0 | AJ84: =AJ85+AJ88+AJ91+AJ94 -> 0 | AK84: =AK85+AK88+AK91+AK94 -> 0 | AL84: =AL85+AL88+AL91+AL94 -> 0 | ... BB84: =BB85+BB88+BB91+BB94 -> 0 | BF84: P_VO_ACCEPT_CONS
E85: 15 | F85: {=OFFSET(E85,-1,1)} -> 0 | H85: l6_1 | T85: {=T84} -> FALSE | AB85: 4.1 | AC85: Финансируемые из бюджетов всех уровней | AD85: тыс.куб.м | AE85: =AE86+AE87 -> 0 | AF85: =AF86+AF87 -> 0 | AG85: =AG86+AG87 -> 0 | AH85: =AH86+AH87 -> 0 | AI85: =AI86+AI87 -> 0 | AJ85: =AJ86+AJ87 -> 0 | AK85: =AK86+AK87 -> 0 | AL85: =AL86+AL87 -> 0 | ... BB85: =BB86+BB87 -> 0 | BF85: P_VO_ACCEPT_CONS_BUDJ
E86: 15 | F86: {=OFFSET(E86,-1,1)} -> 0 | H86: l6_1_1 | T86: {=T85} -> FALSE | AB86: 4.1.1 | AC86: по приборам учёта | AD86: тыс.куб.м | BF86: P_VO_ACCEPT_CONS_BUDJ_METERS
E87: 15 | F87: {=OFFSET(E87,-1,1)} -> 0 | H87: l6_1_2 | T87: {=T86} -> FALSE | AB87: 4.1.2 | AC87: по нормативам | AD87: тыс.куб.м | BF87: P_VO_ACCEPT_CONS_BUDJ_NORMS
E88: 15 | F88: {=OFFSET(E88,-1,1)} -> 0 | G88: население | H88: l6_2 | T88: {=T87} -> FALSE | AB88: 4.2 | AC88: Население | AD88: тыс.куб.м | AE88: =AE89+AE90 -> 0 | AF88: =AF89+AF90 -> 0 | AG88: =AG89+AG90 -> 0 | AH88: =AH89+AH90 -> 0 | AI88: =AI89+AI90 -> 0 | AJ88: =AJ89+AJ90 -> 0 | AK88: =AK89+AK90 -> 0 | AL88: =AL89+AL90 -> 0 | ... BB88: =BB89+BB90 -> 0 | BF88: P_VO_ACCEPT_CONS_PEOPLE
E89: 15 | F89: {=OFFSET(E89,-1,1)} -> 0 | H89: l6_2_1 | T89: {=T88} -> FALSE | AB89: 4.2.1 | AC89: по приборам учёта | AD89: тыс.куб.м | BF89: P_VO_ACCEPT_CONS_PEOPLE_METERS
E90: 15 | F90: {=OFFSET(E90,-1,1)} -> 0 | H90: l6_2_2 | T90: {=T89} -> FALSE | AB90: 4.2.2 | AC90: по нормативам | AD90: тыс.куб.м | BF90: P_VO_ACCEPT_CONS_PEOPLE_NORMS
E91: 15 | F91: {=OFFSET(E91,-1,1)} -> 0 | H91: l6_3 | T91: {=T90} -> FALSE | AB91: 4.3 | AC91: Прочие потребители | AD91: тыс.куб.м | AE91: =AE92+AE93 -> 0 | AF91: =AF92+AF93 -> 0 | AG91: =AG92+AG93 -> 0 | AH91: =AH92+AH93 -> 0 | AI91: =AI92+AI93 -> 0 | AJ91: =AJ92+AJ93 -> 0 | AK91: =AK92+AK93 -> 0 | AL91: =AL92+AL93 -> 0 | ... BB91: =BB92+BB93 -> 0 | BF91: P_VO_ACCEPT_CONS_OTHER
E92: 15 | F92: {=OFFSET(E92,-1,1)} -> 0 | H92: l6_3_1 | T92: {=T91} -> FALSE | AB92: 4.3.1 | AC92: по приборам учёта | AD92: тыс.куб.м | BF92: P_VO_ACCEPT_CONS_OTHER_METERS
E93: 15 | F93: {=OFFSET(E93,-1,1)} -> 0 | H93: l6_3_2 | T93: {=T92} -> FALSE | AB93: 4.3.2 | AC93: по нормативам | AD93: тыс.куб.м | BF93: P_VO_ACCEPT_CONS_OTHER_NORMS
E94: 15 | F94: {=OFFSET(E94,-1,1)} -> 0 | H94: l6_4 | T94: {=T93} -> FALSE | AB94: 4.4 | AC94: Принято сточных вод от других канализационных сетей | AD94: тыс.куб.м | AE94: =AE95+AE96 -> 0 | AF94: =AF95+AF96 -> 0 | AG94: =AG95+AG96 -> 0 | AH94: =AH95+AH96 -> 0 | AI94: =AI95+AI96 -> 0 | AJ94: =AJ95+AJ96 -> 0 | AK94: =AK95+AK96 -> 0 | AL94: =AL95+AL96 -> 0 | ... BB94: =BB95+BB96 -> 0 | BF94: P_VO_ACCEPT_CONS_OTHER_SEWER
E95: 15 | F95: {=OFFSET(E95,-1,1)} -> 0 | H95: l6_4_1 | T95: {=T94} -> FALSE | AB95: 4.4.1 | AC95: по приборам учёта | AD95: тыс.куб.м | BF95: P_VO_ACCEPT_CONS_OTHER_SEWER_METERS
E96: 15 | F96: {=OFFSET(E96,-1,1)} -> 0 | H96: l6_4_2 | T96: {=T95} -> FALSE | AB96: 4.4.2 | AC96: по нормативам | AD96: тыс.куб.м | BF96: P_VO_ACCEPT_CONS_OTHER_SEWER_NORMS
E97: 22.5 | F97: {=OFFSET(E97,-1,1)} -> 0 | H97: l6_5 | T97: {=T96} -> FALSE | AB97: 4.5 | AC97: Получено от других территорий, дифференцированных по тарифу | AD97: тыс.куб.м | BF97: P_VO_ACCEPT_OTHER_TERR
E98: 15 | F98: {=OFFSET(E98,-1,1)} -> 0 | H98: l7 | T98: {=T97} -> FALSE | AB98: 5 | AC98: Неучтённый приток сточных вод | AD98: тыс.куб.м | BF98: P_VO_STOK_UNACC
E99: 15 | F99: {=OFFSET(E99,-1,1)} -> 0 | H99: l8 | T99: {=T98} -> FALSE | AB99: 6 | AC99: Объём сточных вод, прошедших очистку (справочно) | AD99: тыс.куб.м | BF99: P_VO_STOK_VOL_CLEAN
E100: 15 | F100: {=OFFSET(E100,-1,1)} -> 0 | H100: l9 | T100: {=T99} -> FALSE | AB100: 7 | AC100: Пропущено через собственные очистные сооружения | AD100: тыс.куб.м | BF100: P_VO_STOK_SELF_STATIONS
E101: 15 | F101: {=OFFSET(E101,-1,1)} -> 0 | H101: l10 | T101: {=T100} -> FALSE | AB101: 8 | AC101: Передано сточных вод другим канализациям | AD101: тыс.куб.м | AE101: =AE102+AE103 -> 0 | AF101: =AF102+AF103 -> 0 | AG101: =AG102+AG103 -> 0 | AH101: =AH102+AH103 -> 0 | AI101: =AI102+AI103 -> 0 | AJ101: =AJ102+AJ103 -> 0 | AK101: =AK102+AK103 -> 0 | AL101: =AL102+AL103 -> 0 | ... BB101: =BB102+BB103 -> 0 | BF101: P_VO_STOK_OTHER_SEWERS
E102: 15 | F102: {=OFFSET(E102,-1,1)} -> 0 | H102: l10_1 | T102: {=T101} -> FALSE | AB102: 8.1 | AC102: На очистные сооружения | AD102: тыс.куб.м | BF102: P_VO_STOK_OTHER_SEWERS_CLEAN
E103: 15 | F103: {=OFFSET(E103,-1,1)} -> 0 | H103: l10_2 | T103: {=T102} -> FALSE | AB103: 8.2 | AC103: В канализационную сеть | AD103: тыс.куб.м | BF103: P_VO_STOK_OTHER_SEWERS_NETS
E104: 22.5 | F104: {=OFFSET(E104,-1,1)} -> 0 | H104: l11 | T104: {=T103} -> FALSE | AB104: 9 | AC104: Передано на другие территории, дифференцированные по тарифу | AD104: тыс.куб.м | BF104: P_VO_RELEASE_OTHER_TERR
E105: 15 | F105: {=OFFSET(E105,-1,1)} -> 0 | H105: l12 | T105: {=T104} -> FALSE | AB105: 10 | AC105: Сброшенные воды без очистки | AD105: тыс.куб.м | BF105: P_VO_STOK_UNCLEAN
E106: 0 | F106: {=OFFSET(E106,-1,1)} -> 0 | T106: FALSE
E107: 15 | F107: {=OFFSET(E107,-1,1)} -> 0 | R107: {=INDEX('Общие сведения'!$AN$179:$AN$222,MATCH($X27,'Общие сведения'!$Z$179:$Z$222,0))} -> FALSE | S107: =IF(ISERROR(SEARCH("Водоотведение",AB27)),FALSE,TRUE) -> FALSE | T107: =AND(X27>0,S107,R107) -> FALSE | AB107: 1 | AC107: Вид стоков | AE107: {=INDEX('Общие сведения'!$AH$179:$AH$222,MATCH($X27,'Общие сведения'!$Z$179:$Z$222,0))} -> 0 | BF107: P_VO_TR_STOK_TYPE
E108: 15 | F108: {=OFFSET(E108,-1,1)} -> 0 | H108: l4 | T108: {=T107} -> FALSE | AB108: 2 | AC108: Объём транспортируемых сточных вод | AD108: тыс.куб.м | AE108: =AE109+AE111+AE110 -> 0 | AF108: =AF109+AF111+AF110 -> 0 | AG108: =AG109+AG111+AG110 -> 0 | AH108: =AH109+AH111+AH110 -> 0 | AI108: =AI109+AI111+AI110 -> 0 | AJ108: =AJ109+AJ111+AJ110 -> 0 | AK108: =AK109+AK111+AK110 -> 0 | AL108: =AL109+AL111+AL110 -> 0 | ... BB108: =BB109+BB111+BB110 -> 0 | BF108: P_VO_TR_STOK_VOL
E109: 15 | F109: {=OFFSET(E109,-1,1)} -> 0 | H109: l4_1 | T109: {=T108} -> FALSE | AB109: 2.1 | AC109: на собственные очистные сооружения | AD109: тыс.куб.м | BF109: P_VO_TR_STOK_VOL_SELF
E110: 15 | F110: {=OFFSET(E110,-1,1)} -> 0 | H110: l4_2 | T110: {=T109} -> FALSE | AB110: 2.2 | AC110: другим организациям | AD110: тыс.куб.м | BF110: P_VO_TR_STOK_VOL_OTHER_ORG
E111: 22.5 | F111: {=OFFSET(E111,-1,1)} -> 0 | H111: l4_3 | T111: {=T110} -> FALSE | AB111: 2.3 | AC111: Передано на другие территории, дифференцированные по тарифу | AD111: тыс.куб.м | BF111: P_VO_TR_STOK_VOL_OTHER_TERR
...

Sheet Условные метры
F1: tariffNum | H1: nomer_name | T1: vis_1 | U1: dyn_1 | V1: blok_1 | W1: blok_2 | X1: ren_1 | Z1: del_1 | AA1: del_2 | AB1: ren_2 | AC1: dyn_2 | AS1: pok_js | AT1: PJ_DYN | AU1: PJ_NAME | AV1: dyn_add | AW1: dyn_fill
B2: flag_vis | AK2: {=isOrgDeclare} -> TRUE | AL2: {=isOrgDeclare} -> TRUE
AK3: {=god} -> 2026 | AM3: {=god} -> 2026
E5: flag_size | AA5: 3 | AB5: 11.71 | AC5: 18.86 | AD5: 13.57 | AE5: 13 | AF5: 7.29 | AG5: 17.86 | AH5: 17.86 | AI5: 17.86 | AJ5: 7.43 | AK5: 12.57 | AL5: 12.57 | AM5: 12.57 | AN5: 12.57 | AO5: 20 | AP5: 20 | AQ5: 3
A6: pok | AC6: l1 | AD6: l2 | AE6: l3 | AF6: l4 | AG6: l5 | AH6: l6 | AI6: l7 | AJ6: l8 | AK6: l9_1 | AL6: l9_2 | AM6: l9_3 | AN6: l9_4 | AO6: l13 | AP6: l14
A9: PJ_UM | AD9: {=AD24} -> Тип материала трубопровода | AE9: {=AE24} -> Тип грунта | AF9: {=AF24} -> Глубина грунта, м | AG9: {=AG24} -> Средняя стоимость строительства 1 км трубопровода, _x000D_ тыс. руб. | AH9: {=AH24} -> Средняя стоимость строительства 1 км трубопровода диаметром 500 мм, тыс.руб. | AI9: {=AI24} -> Источник информации по средней стоимости строительства | AJ9: {=AJ24} -> Kd | AK9: {=AK27} -> км | AL9: {=AL27} -> усл.км | AM9: {=AM27} -> км | AN9: {=AN27} -> усл.км
A10: PJ_PF | AK10: {=AK26} -> Предложение организации | AL10: {=AK10} -> Предложение организации | AM10: {=AM26} -> Принято органом регулирования | AN10: {=AM10} -> Принято органом регулирования
A11: PJ_DOP | AO11: {=AO24} -> Ссылка на правовую норму (основание для принятия показателя в расчет тарифа) | AP11: {=AP24} -> Комментарии
A12: dyn_names | AC12: PJ_NAME
AC18: Диаметр трубопровода
E21: 15 | AC21: {=tpl_title} -> Кемеровская область / 2026 / ООО "Энергосервис г. Гурьевска" (ИНН:4202049045, КПП:420201001) / ДПР: 2024-2028
E22: 20 | AB22: Расчет условных метров водопроводной (канализационной) сети
E23: 11.25
E24: 11.25 | AB24: №_x000D_ п/п | AC24: Размер диаметра трубопровода, мм | AD24: Тип материала трубопровода | AE24: Тип грунта | AF24: Глубина грунта, м | AG24: Средняя стоимость строительства 1 км трубопровода, _x000D_ тыс. руб. | AH24: Средняя стоимость строительства 1 км трубопровода диаметром 500 мм, тыс.руб. | AI24: Источник информации по средней стоимости строительства | AJ24: Kd | AK24: Протяженность | AO24: Ссылка на правовую норму (основание для принятия показателя в расчет тарифа) | AP24: Комментарии
E25: 15 | AK25: =god&" год" -> 2026 год
E26: 50 | AK26: Предложение организации | AM26: Принято органом регулирования
E27: 14.25 | AK27: км | AL27: усл.км | AM27: км | AN27: усл.км
E28: 0
E29: 15 | F29: {=X29} -> 0 | G29: Итог | T29: =X29>0 -> FALSE | V29: et_1 | X29: 0 | AB29: {=INDEX('Общие сведения'!$AG$179:$AG$222,MATCH($X29,'Общие сведения'!$Z$179:$Z$222,0))} -> Тариф 0 () - | AK29: =SUM(AK30:AK31) -> 0 | AL29: =SUM(AL30:AL31) -> 0 | AM29: =SUM(AM30:AM31) -> 0 | AN29: =SUM(AN30:AN31) -> 0
E30: 15 | F30: {=OFFSET(E30,-1,1)} -> 0 | H30: {=AB30} -> 0 | T30: =AND(F30>0,AB30>0) -> FALSE | W30: et_2 | AA30: × | AB30: 0 | AJ30: =IF(AH30=0,0,AG30/AH30) -> 0 | AL30: =AK30*$AJ30 -> 0 | AN30: =AM30*$AJ30 -> 0 | AS30: P_UM | AT30: DYN_UM | AU30: {=AC30} -> 0 | AW30: TRUE
E31: 15 | F31: {=OFFSET(E31,-1,1)} -> 0 | H31: ="!= 0" -> != 0 | T31: {=T29} -> FALSE | W31: { _x000D_ funcDyn: 'diam',_x000D_ blok: '',_x000D_ wsCross: '',_x000D_ linkFormula: '',_x000D_ levelDyn: '1'_x000D_ } | AC31: Добавить | AV31: DYN_UM
E32: 15 | F32: {=X32} -> 1 | G32: Итог | T32: =X32>0 -> TRUE | V32: {=Баланс!$AB$118} -> Тариф 1 (Водоснабжение) - тариф на питьевую воду (Доп. признак не требуется) | X32: 1 | AB32: {=Баланс!$AB$118} -> Тариф 1 (Водоснабжение) - тариф на питьевую воду (Доп. признак не требуется) | AK32: =SUM(AK33:AK34) -> 0 | AL32: =SUM(AL33:AL34) -> 0 | AM32: =SUM(AM33:AM34) -> 0 | AN32: =SUM(AN33:AN34) -> 0
E33: 15 | F33: {=OFFSET(E33,-1,1)} -> 1 | H33: {=AB33} -> 0 | T33: =AND(F33>0,AB33>0) -> FALSE | W33: et_2 | AA33: × | AB33: 0 | AJ33: =IF(AH33=0,0,AG33/AH33) -> 0 | AL33: =AK33*$AJ33 -> 0 | AN33: =AM33*$AJ33 -> 0 | AS33: P_UM | AT33: DYN_UM | AU33: {=AC33} -> 0 | AW33: TRUE
E34: 15 | F34: {=OFFSET(E34,-1,1)} -> 1 | H34: ="!= 0" -> != 0 | T34: {=T32} -> TRUE | W34: { _x000D_ funcDyn: 'diam',_x000D_ blok: '',_x000D_ wsCross: '',_x000D_ linkFormula: '',_x000D_ levelDyn: '1'_x000D_ } | AC34: Добавить | AV34: DYN_UM
E35: 15 | F35: {=X35} -> 2 | G35: Итог | T35: =X35>0 -> TRUE | V35: {=Баланс!$AB$209} -> Тариф 2 (Водоотведение) - тариф на водоотведение (Доп. признак не требуется) | X35: 2 | AB35: {=Баланс!$AB$209} -> Тариф 2 (Водоотведение) - тариф на водоотведение (Доп. признак не требуется) | AK35: =SUM(AK36:AK37) -> 0 | AL35: =SUM(AL36:AL37) -> 0 | AM35: =SUM(AM36:AM37) -> 0 | AN35: =SUM(AN36:AN37) -> 0
E36: 15 | F36: {=OFFSET(E36,-1,1)} -> 2 | H36: {=AB36} -> 0 | T36: =AND(F36>0,AB36>0) -> FALSE | W36: et_2 | AA36: × | AB36: 0 | AJ36: =IF(AH36=0,0,AG36/AH36) -> 0 | AL36: =AK36*$AJ36 -> 0 | AN36: =AM36*$AJ36 -> 0 | AS36: P_UM | AT36: DYN_UM | AU36: {=AC36} -> 0 | AW36: TRUE
E37: 15 | F37: {=OFFSET(E37,-1,1)} -> 2 | H37: ="!= 0" -> != 0 | T37: {=T35} -> TRUE | W37: { _x000D_ funcDyn: 'diam',_x000D_ blok: '',_x000D_ wsCross: '',_x000D_ linkFormula: '',_x000D_ levelDyn: '1'_x000D_ } | AC37: Добавить | AV37: DYN_UM
E38: 11.25 | U38: Добавить | V38: { _x000D_ funcDyn: 'msg1',_x000D_ blok: 'blok_1',_x000D_ wsCross: 'Сырье и материалы',_x000D_ linkFormula: 'AB-AB',_x000D_ levelDyn: ''_x000D_ }
E39: 15 | AB39: Комментарии и обоснования к разделу
E40: 15
E41: 15 | T41: =ROW(Y41)>ROW(Y$41) -> FALSE | W41: et_2 | AA41: ×
E42: 15 | W42: { _x000D_ funcDyn: 'msg',_x000D_ blok: '',_x000D_ wsCross: '',_x000D_ linkFormula: '',_x000D_ levelDyn: ''_x000D_ } | AC42: Добавить комментарий
E43: 11

Sheet Сырье и материалы
F1: tariffNum | G1: pok | H1: det_name | T1: vis_1 | U1: dyn_1 | V1: blok_1 | W1: blok_2 | X1: ren_1 | Y1: ren_2 | Z1: del_1 | AA1: del_2 | AC1: dyn_2 | BF1: pok_js | BG1: PJ_DYN | BH1: PJ_NAME | BI1: PJ_NAME_ED_IZM | BJ1: dyn_add | BK1: dyn_fill
B2: flag_vis | AF2: {=isOrgDeclare} -> TRUE | AI2: =AND(AI6<=last_year_vis,isOrgDeclare) -> TRUE | AJ2: =AND(AJ6<=last_year_vis,isOrgDeclare) -> FALSE | AK2: =AND(AK6<=last_year_vis,isOrgDeclare) -> FALSE | AL2: =AND(AL6<=last_year_vis,isOrgDeclare) -> FALSE | AM2: =AND(AM6<=last_year_vis,isOrgDeclare) -> FALSE | AN2: =AND(AN6<=last_year_vis,isOrgDeclare) -> FALSE | AO2: =AND(AO6<=last_year_vis,isOrgDeclare) -> FALSE | AP2: =AND(AP6<=last_year_vis,isOrgDeclare) -> FALSE | ... AR2: =AND(AR6<=last_year_vis,isOrgDeclare) -> FALSE | AS2: =AS6<=last_year_vis -> TRUE | AT2: =AT6<=last_year_vis -> FALSE | AU2: =AU6<=last_year_vis -> FALSE | AV2: =AV6<=last_year_vis -> FALSE | AW2: =AW6<=last_year_vis -> FALSE | AX2: =AX6<=last_year_vis -> FALSE | AY2: =AY6<=last_year_vis -> FALSE | AZ2: =AZ6<=last_year_vis -> FALSE | ... BB2: =BB6<=last_year_vis -> FALSE
E5: flag_size | AA5: 3 | AB5: 9.71 | AC5: 45 | AD5: 8.57 | AE5: 12.57 | AF5: 12.57 | AG5: 12.57 | AH5: 12.57 | AI5: 12.57 | AJ5: 12.57 | AK5: 12.57 | AL5: 12.57 | AM5: 12.57 | AN5: 12.57 | AO5: 12.57 | AP5: 12.57 | AQ5: 12.57 | AR5: 12.57 | AS5: 12.57 | AT5: 12.57 | AU5: 12.57 | AV5: 12.57 | AW5: 12.57 | AX5: 12.57 | AY5: 12.57 | AZ5: 12.57 | BA5: 12.57 | BB5: 12.57 | BC5: 20 | BD5: 3
A6: prd2_name | AE6: =god-2 -> 2024 | AF6: =god-2 -> 2024 | AG6: =god-2 -> 2024 | AH6: =god-1 -> 2025 | AI6: {=god} -> 2026 | AJ6: =god+1 -> 2027 | AK6: =god+2 -> 2028 | AL6: =god+3 -> 2029 | AM6: =god+4 -> 2030 | AN6: =god+5 -> 2031 | AO6: =god+6 -> 2032 | AP6: =god+7 -> 2033 | AQ6: =god+8 -> 2034 | AR6: =god+9 -> 2035 | AS6: {=god} -> 2026 | AT6: =god+1 -> 2027 | AU6: =god+2 -> 2028 | AV6: =god+3 -> 2029 | AW6: =god+4 -> 2030 | AX6: =god+5 -> 2031 | AY6: =god+6 -> 2032 | AZ6: =god+7 -> 2033 | BA6: =god+8 -> 2034 | BB6: =god+9 -> 2035
A7: pf_name | AE7: {=AE25} -> Принято органом регулирования | AF7: {=AF25} -> Факт по данным организации | AG7: {=AG25} -> Факт, принятый органом регулирования | AH7: {=AH25} -> Принято органом регулирования | AI7: {=AI25} -> Предложение организации | AJ7: {=AJ25} -> Предложение организации | AK7: {=AK25} -> Предложение организации | AL7: {=AL25} -> Предложение организации | ... BB7: {=BB25} -> Принято органом регулирования
A9: PJ_YEAR | AE9: {=AE6} -> 2024 | AF9: {=AF6} -> 2024 | AG9: {=AG6} -> 2024 | AH9: {=AH6} -> 2025 | AI9: {=AI6} -> 2026 | AJ9: {=AJ6} -> 2027 | AK9: {=AK6} -> 2028 | AL9: {=AL6} -> 2029 | ... BB9: {=BB6} -> 2035
A10: PJ_PF | AE10: {=AE25} -> Принято органом регулирования | AF10: {=AF25} -> Факт по данным организации | AG10: {=AG25} -> Факт, принятый органом регулирования | AH10: {=AH25} -> Принято органом регулирования | AI10: {=AI25} -> Предложение организации | AJ10: {=AJ25} -> Предложение организации | AK10: {=AK25} -> Предложение организации | AL10: {=AL25} -> Предложение организации | ... BB10: {=BB25} -> Принято органом регулирования
A11: PJ_DOP | BC11: {=BC24} -> Ссылка на правовую норму (основание для принятия показателя в расчет тарифа)
A12: dyn_names | AC12: PJ_NAME | AD12: PJ_NAME_ED_IZM
A18: checkUnique | AC18: Наименование
E21: 15 | AC21: {=tpl_title} -> Кемеровская область / 2026 / ООО "Энергосервис г. Гурьевска" (ИНН:4202049045, КПП:420201001) / ДПР: 2024-2028
E22: 15 | AB22: Расходы на сырье и материалы
E23: 11.25
E24: 15 | AB24: № п/п | AC24: Наименование показателя | AD24: Единица измерения | AE24: =god-2&" год" -> 2024 год | AF24: =god-2&" год" -> 2024 год | AG24: =god-2&" год" -> 2024 год | AH24: =god-1&" год" -> 2025 год | AI24: =god&" год" -> 2026 год | AJ24: =god+1&" год" -> 2027 год | AK24: =god+2&" год" -> 2028 год | AL24: =god+3&" год" -> 2029 год | AM24: =god+4&" год" -> 2030 год | AN24: =god+5&" год" -> 2031 год | AO24: =god+6&" год" -> 2032 год | AP24: =god+7&" год" -> 2033 год | AQ24: =god+8&" год" -> 2034 год | AR24: =god+9&" год" -> 2035 год | AS24: =god&" год" -> 2026 год | AT24: =god+1&" год" -> 2027 год | AU24: =god+2&" год" -> 2028 год | AV24: =god+3&" год" -> 2029 год | AW24: =god+4&" год" -> 2030 год | AX24: =god+5&" год" -> 2031 год | AY24: =god+6&" год" -> 2032 год | AZ24: =god+7&" год" -> 2033 год | BA24: =god+8&" год" -> 2034 год | BB24: =god+9&" год" -> 2035 год | BC24: Ссылка на правовую норму (основание для принятия показателя в расчет тарифа)
E25: 50 | F25: t | AE25: Принято органом регулирования | AF25: Факт по данным организации | AG25: Факт, принятый органом регулирования | AH25: Принято органом регулирования | AI25: Предложение организации | AJ25: Предложение организации | AK25: Предложение организации | AL25: Предложение организации | AM25: Предложение организации | AN25: Предложение организации | AO25: Предложение организации | AP25: Предложение организации | AQ25: Предложение организации | AR25: Предложение организации | AS25: Принято органом регулирования | AT25: Принято органом регулирования | AU25: Принято органом регулирования | AV25: Принято органом регулирования | AW25: Принято органом регулирования | AX25: Принято органом регулирования | AY25: Принято органом регулирования | AZ25: Принято органом регулирования | BA25: Принято органом регулирования | BB25: Принято органом регулирования
E26: 0
E27: 15 | F27: {=X27} -> 0 | T27: =X27>0 -> FALSE | V27: et_1 | X27: 0 | AB27: {=INDEX('Общие сведения'!$AG$179:$AG$222,MATCH($X27,'Общие сведения'!$Z$179:$Z$222,0))} -> Тариф 0 () -
E28: 15 | F28: {=OFFSET(E28,-1,1)} -> 0 | H28: {=AC28} -> Всего по тарифу | K28: =F28&"komm" -> 0komm | L28: {=BC28} -> 0 | T28: {=T27} -> FALSE | AC28: Всего по тарифу | AD28: тыс.руб. | AE28: =AE29+AE34+AE41 -> 0 | AF28: =AF29+AF34+AF41 -> 0 | AG28: =AG29+AG34+AG41 -> 0 | AH28: =AH29+AH34+AH41 -> 0 | AI28: =AI29+AI34+AI41 -> 0 | AJ28: =AJ29+AJ34+AJ41 -> 0 | AK28: =AK29+AK34+AK41 -> 0 | AL28: =AL29+AL34+AL41 -> 0 | ... BB28: =BB29+BB34+BB41 -> 0 | BF28: PJ_REAG_TOTAL
E29: 15 | F29: {=OFFSET(E29,-1,1)} -> 0 | I29: Реагенты | T29: {=T28} -> FALSE | AB29: 1 | AC29: Реагенты | AD29: тыс.руб. | AE29: =SUMIF($AD30:$AD33,$AD29,AE30:AE33) -> 0 | AF29: =SUMIF($AD30:$AD33,$AD29,AF30:AF33) -> 0 | AG29: =SUMIF($AD30:$AD33,$AD29,AG30:AG33) -> 0 | AH29: =SUMIF($AD30:$AD33,$AD29,AH30:AH33) -> 0 | AI29: =SUMIF($AD30:$AD33,$AD29,AI30:AI33) -> 0 | AJ29: =SUMIF($AD30:$AD33,$AD29,AJ30:AJ33) -> 0 | AK29: =SUMIF($AD30:$AD33,$AD29,AK30:AK33) -> 0 | AL29: =SUMIF($AD30:$AD33,$AD29,AL30:AL33) -> 0 | ... BB29: =SUMIF($AD30:$AD33,$AD29,BB30:BB33) -> 0 | BF29: PJ_REAG_SUM
E30: 15 | F30: {=OFFSET(E30,-1,1)} -> 0 | G30: l1 | H30: {=AC30} -> 0 | T30: =AND(F30>0,Y30>0) -> FALSE | W30: et_2 | Y30: 0 | AA30: × | AB30: ="1."&Y30 -> 1.0 | AD30: тыс.руб. | BF30: PJ_REAG | BG30: DYN_REAG | BH30: {=AC30} -> 0 | BK30: TRUE
E31: 15 | F31: {=OFFSET(E31,-1,1)} -> 0 | T31: {=T30} -> FALSE | AB31: =AB30&".1" -> 1.0.1 | AC31: Расход (ед. изм.) | AD31: т | BF31: PJ_CONS | BG31: DYN_REAG | BH31: {=BH30} -> 0
E32: 15 | F32: {=OFFSET(E32,-1,1)} -> 0 | T32: {=T31} -> FALSE | AB32: =AB30&".2" -> 1.0.2 | AC32: Цена за тонну | AD32: руб. | BF32: PJ_PRICE | BG32: DYN_REAG | BH32: {=BH31} -> 0
E33: 15 | F33: {=OFFSET(E33,-1,1)} -> 0 | H33: ="!== 'Всего по тарифу'" -> !== 'Всего по тарифу' | T33: =F33>0 -> FALSE | W33: { _x000D_ funcDyn: 'msg',_x000D_ blok: '',_x000D_ wsCross: '',_x000D_ linkFormula: '',_x000D_ levelDyn: '1',_x000D_ addDynValue: 'det_name|AC|0'_x000D_ } | AC33: Добавить | BJ33: DYN_REAG
E34: 15 | F34: {=OFFSET(E34,-1,1)} -> 0 | I34: Горюче-смазочные материалы | T34: {=T33} -> FALSE | AB34: 2 | AC34: Горюче-смазочные материалы | AD34: тыс.руб. | AE34: =AE35+AE36 -> 0 | AF34: =AF35+AF36 -> 0 | AG34: =AG35+AG36 -> 0 | AH34: =AH35+AH36 -> 0 | AI34: =AI35+AI36 -> 0 | AJ34: =AJ35+AJ36 -> 0 | AK34: =AK35+AK36 -> 0 | AL34: =AL35+AL36 -> 0 | ... BB34: =BB35+BB36 -> 0 | BF34: PJ_GSM_TOTAL
E35: 33.75 | F35: {=OFFSET(E35,-1,1)} -> 0 | T35: {=T34} -> FALSE | AB35: 2.1 | AC35: Расходы на горюче-смазочные материалы, не превышающие 5 процентов_x000D_ общей величины расходов на сырье и материалы | AD35: тыс.руб. | BF35: PJ_GSM_UNDER_5
E36: 45 | F36: {=OFFSET(E36,-1,1)} -> 0 | T36: {=T35} -> FALSE | AB36: 2.2 | AC36: Расходы на горюче-смазочные материалы, превышающие 5 процентов_x000D_ общей величины расходов на сырье и материалы, в том числе: | AD36: тыс.руб. | AE36: =SUMIF($AD37:$AD40,$AD36,AE37:AE40) -> 0 | AF36: =SUMIF($AD37:$AD40,$AD36,AF37:AF40) -> 0 | AG36: =SUMIF($AD37:$AD40,$AD36,AG37:AG40) -> 0 | AH36: =SUMIF($AD37:$AD40,$AD36,AH37:AH40) -> 0 | AI36: =SUMIF($AD37:$AD40,$AD36,AI37:AI40) -> 0 | AJ36: =SUMIF($AD37:$AD40,$AD36,AJ37:AJ40) -> 0 | AK36: =SUMIF($AD37:$AD40,$AD36,AK37:AK40) -> 0 | AL36: =SUMIF($AD37:$AD40,$AD36,AL37:AL40) -> 0 | ... BB36: =SUMIF($AD37:$AD40,$AD36,BB37:BB40) -> 0 | BF36: PJ_GSM_OVER_5
E37: 15 | F37: {=OFFSET(E37,-1,1)} -> 0 | T37: =AND(F37>0,Y37>0) -> FALSE | W37: et_2 | Y37: 0 | AA37: × | AB37: ="2.3."&Y37 -> 2.3.0 | AD37: тыс.руб. | BF37: PJ_GSM | BG37: DYN_GSM | BH37: {=AC37} -> 0 | BI37: {=AD38} -> 0 | BK37: TRUE
E38: 15 | F38: {=OFFSET(E38,-1,1)} -> 0 | T38: {=T37} -> FALSE | AB38: =AB37&".1" -> 2.3.0.1 | AC38: Расход (ед. изм.) | BF38: PJ_CONS | BG38: DYN_GSM | BH38: {=BH37} -> 0 | BI38: {=BI37} -> 0
E39: 15 | F39: {=OFFSET(E39,-1,1)} -> 0 | T39: {=T38} -> FALSE | AB39: =AB37&".2" -> 2.3.0.2 | AC39: Цена за единицу | AD39: руб. | BF39: PJ_PRICE | BG39: DYN_GSM | BH39: {=BH38} -> 0 | BI39: {=BI38} -> 0
E40: 15 | F40: {=OFFSET(E40,-1,1)} -> 0 | T40: =F40>0 -> FALSE | W40: { _x000D_ funcDyn: 'msg',_x000D_ blok: '',_x000D_ wsCross: '',_x000D_ linkFormula: '',_x000D_ levelDyn: '2'_x000D_ } | AC40: Добавить | BJ40: DYN_GSM
E41: 23.25 | F41: {=OFFSET(E41,-1,1)} -> 0 | I41: Материалы | T41: {=T40} -> FALSE | AB41: 3 | AC41: Материалы и малоценные основные средства | AD41: тыс.руб. | AE41: =AE42+AE43 -> 0 | AF41: =AF42+AF43 -> 0 | AG41: =AG42+AG43 -> 0 | AH41: =AH42+AH43 -> 0 | AI41: =AI42+AI43 -> 0 | AJ41: =AJ42+AJ43 -> 0 | AK41: =AK42+AK43 -> 0 | AL41: =AL42+AL43 -> 0 | ... BB41: =BB42+BB43 -> 0 | BF41: PJ_MAT_TOTAL
E42: 33.75 | F42: {=OFFSET(E42,-1,1)} -> 0 | T42: {=T41} -> FALSE | AB42: 3.1 | AC42: Расходы на материалы и малоценные основные средства, не превышающие 5 процентов общей величины расходов на сырье и материалы | AD42: тыс.руб. | BF42: PJ_MAT_UNDER_5
E43: 45 | F43: {=OFFSET(E43,-1,1)} -> 0 | T43: {=T42} -> FALSE | AB43: 3.2 | AC43: Расходы на материалы и малоценные основные средства, превышающие 5 процентов общей величины расходов на сырье и материалы, в том числе: | AD43: тыс.руб. | AE43: =SUMIF($AD44:$AD47,$AD43,AE44:AE47) -> 0 | AF43: =SUMIF($AD44:$AD47,$AD43,AF44:AF47) -> 0 | AG43: =SUMIF($AD44:$AD47,$AD43,AG44:AG47) -> 0 | AH43: =SUMIF($AD44:$AD47,$AD43,AH44:AH47) -> 0 | AI43: =SUMIF($AD44:$AD47,$AD43,AI44:AI47) -> 0 | AJ43: =SUMIF($AD44:$AD47,$AD43,AJ44:AJ47) -> 0 | AK43: =SUMIF($AD44:$AD47,$AD43,AK44:AK47) -> 0 | AL43: =SUMIF($AD44:$AD47,$AD43,AL44:AL47) -> 0 | ... BB43: =SUMIF($AD44:$AD47,$AD43,BB44:BB47) -> 0 | BF43: PJ_MAT_OVER_5
E44: 15 | F44: {=OFFSET(E44,-1,1)} -> 0 | T44: =AND(F44>0,Y44>0) -> FALSE | W44: et_2 | Y44: 0 | AA44: × | AB44: ="3.3."&Y44 -> 3.3.0 | AD44: тыс.руб. | BF44: PJ_MAT | BG44: DYN_MAT | BH44: {=AC44} -> 0 | BI44: {=AD45} -> 0 | BK44: TRUE
E45: 15 | F45: {=OFFSET(E45,-1,1)} -> 0 | T45: {=T44} -> FALSE | AB45: =AB44&".1" -> 3.3.0.1 | AC45: Расход (ед. изм.) | BF45: PJ_CONS | BG45: DYN_MAT | BH45: {=BH44} -> 0 | BI45: {=BI44} -> 0
E46: 15 | F46: {=OFFSET(E46,-1,1)} -> 0 | T46: {=T45} -> FALSE | AB46: =AB44&".2" -> 3.3.0.2 | AC46: Цена за единицу | AD46: руб. | BF46: PJ_PRICE | BG46: DYN_MAT | BH46: {=BH45} -> 0 | BI46: {=BI45} -> 0
E47: 15 | F47: {=OFFSET(E47,-1,1)} -> 0 | T47: =F47>0 -> FALSE | W47: { _x000D_ funcDyn: 'msg',_x000D_ blok: '',_x000D_ wsCross: '',_x000D_ linkFormula: '',_x000D_ levelDyn: '3'_x000D_ } | AC47: Добавить | BJ47: DYN_MAT
E48: 15 | F48: {=X48} -> 1 | T48: =X48>0 -> TRUE | V48: {='Условные метры'!$AB$32} -> Тариф 1 (Водоснабжение) - тариф на питьевую воду (Доп. признак не требуется) | X48: 1 | AB48: {='Условные метры'!$AB$32} -> Тариф 1 (Водоснабжение) - тариф на питьевую воду (Доп. признак не требуется)
E49: 15 | F49: {=OFFSET(E49,-1,1)} -> 1 | H49: {=AC49} -> Всего по тарифу | K49: =F49&"komm" -> 1komm | L49: {=BC49} -> п.п. 10 п. 49 Методических указаний 1746-э. | T49: {=T48} -> TRUE | AC49: Всего по тарифу | AD49: тыс.руб. | AE49: =AE50+AE58+AE65 -> 164.85368 | AF49: =AF50+AF58+AF65 -> 174.23 | AG49: =AG50+AG58+AG65 -> 174.23 | AH49: =AH50+AH58+AH65 -> 184.25708 | AI49: =AI50+AI58+AI65 -> 201.27 | AJ49: =AJ50+AJ58+AJ65 -> 0 | AK49: =AK50+AK58+AK65 -> 0 | AL49: =AL50+AL58+AL65 -> 0 | ... BB49: =BB50+BB58+BB65 -> 0 | BC49: п.п. 10 п. 49 Методических указаний 1746-э. | BF49: PJ_REAG_TOTAL
E50: 15 | F50: {=OFFSET(E50,-1,1)} -> 1 | I50: Реагенты | T50: {=T49} -> TRUE | AB50: 1 | AC50: Реагенты | AD50: тыс.руб. | AE50: =SUMIF($AD51:$AD57,$AD50,AE51:AE57) -> 164.85368 | AF50: =SUMIF($AD51:$AD57,$AD50,AF51:AF57) -> 174.23 | AG50: =SUMIF($AD51:$AD57,$AD50,AG51:AG57) -> 174.23 | AH50: =SUMIF($AD51:$AD57,$AD50,AH51:AH57) -> 184.25708 | AI50: =SUMIF($AD51:$AD57,$AD50,AI51:AI57) -> 201.27 | AJ50: =SUMIF($AD51:$AD57,$AD50,AJ51:AJ57) -> 0 | AK50: =SUMIF($AD51:$AD57,$AD50,AK51:AK57) -> 0 | AL50: =SUMIF($AD51:$AD57,$AD50,AL51:AL57) -> 0 | ... BB50: =SUMIF($AD51:$AD57,$AD50,BB51:BB57) -> 0 | BF50: PJ_REAG_SUM
E51: 15 | F51: {=OFFSET(E51,-1,1)} -> 1 | G51: l1 | H51: {=AC51} -> 0 | T51: =AND(F51>0,Y51>0) -> FALSE | W51: et_2 | Y51: 0 | AA51: × | AB51: ="1."&Y51 -> 1.0 | AD51: тыс.руб. | BF51: PJ_REAG | BG51: DYN_REAG | BH51: {=AC51} -> 0 | BK51: TRUE
E52: 15 | F52: {=OFFSET(E52,-1,1)} -> 1 | T52: {=T51} -> FALSE | AB52: =AB51&".1" -> 1.0.1 | AC52: Расход (ед. изм.) | AD52: т | BF52: PJ_CONS | BG52: DYN_REAG | BH52: {=BH51} -> 0
E53: 15 | F53: {=OFFSET(E53,-1,1)} -> 1 | T53: {=T52} -> FALSE | AB53: =AB51&".2" -> 1.0.2 | AC53: Цена за тонну | AD53: руб. | BF53: PJ_PRICE | BG53: DYN_REAG | BH53: {=BH52} -> 0
E54: 15 | F54: {=OFFSET(E54,-1,1)} -> 1 | G54: l1 | H54: {=AC54} -> Гипохлорит натрия | T54: =AND(F54>0,Y54>0) -> TRUE | Y54: 1 | AA54: × | AB54: ="1."&Y54 -> 1.1 | AC54: Гипохлорит натрия | AD54: тыс.руб. | AE54: 164.85368 | AF54: 174.23 | AG54: {=AF54} -> 174.23 | AH54: 184.25708 | AI54: 201.27 | AS54: 180.65 | BC54: объем реагента рассчитан по удельному расходу факта 2024 года (4,95 тн./1455,466 тыс.куб.м. подано в сеть), на объемы принятые в расчет. Цена на 2026 год принята по договору от 01.04.2024 ООО Региональная деловая компания" 37125,00 руб./тн., с применением ИПЦ Минэкономразвития России (химпродукты) на 2025 год 104,2%, на 2026 год 104,0%. | BF54: PJ_REAG | BG54: DYN_REAG | BH54: {=AC54} -> Гипохлорит натрия | BK54: TRUE
E55: 15 | F55: {=OFFSET(E55,-1,1)} -> 1 | T55: {=T54} -> TRUE | AB55: =AB54&".1" -> 1.1.1 | AC55: Расход (ед. изм.) | AD55: т | BF55: PJ_CONS | BG55: DYN_REAG | BH55: {=BH54} -> Гипохлорит натрия
E56: 15 | F56: {=OFFSET(E56,-1,1)} -> 1 | T56: {=T55} -> TRUE | AB56: =AB54&".2" -> 1.1.2 | AC56: Цена за тонну | AD56: руб. | BF56: PJ_PRICE | BG56: DYN_REAG | BH56: {=BH55} -> Гипохлорит натрия
E57: 15 | F57: {=OFFSET(E57,-1,1)} -> 1 | H57: ="!== 'Всего по тарифу'" -> !== 'Всего по тарифу' | T57: =F57>0 -> TRUE | W57: { _x000D_ funcDyn: 'msg',_x000D_ blok: '',_x000D_ wsCross: '',_x000D_ linkFormula: '',_x000D_ levelDyn: '1',_x000D_ addDynValue: 'det_name|AC|0'_x000D_ } | AC57: Добавить | BJ57: DYN_REAG
E58: 15 | F58: {=OFFSET(E58,-1,1)} -> 1 | I58: Горюче-смазочные материалы | T58: {=T57} -> TRUE | AB58: 2 | AC58: Горюче-смазочные материалы | AD58: тыс.руб. | AE58: =AE59+AE60 -> 0 | AF58: =AF59+AF60 -> 0 | AG58: =AG59+AG60 -> 0 | AH58: =AH59+AH60 -> 0 | AI58: =AI59+AI60 -> 0 | AJ58: =AJ59+AJ60 -> 0 | AK58: =AK59+AK60 -> 0 | AL58: =AL59+AL60 -> 0 | ... BB58: =BB59+BB60 -> 0 | BF58: PJ_GSM_TOTAL
E59: 33.75 | F59: {=OFFSET(E59,-1,1)} -> 1 | T59: {=T58} -> TRUE | AB59: 2.1 | AC59: Расходы на горюче-смазочные материалы, не превышающие 5 процентов_x000D_ общей величины расходов на сырье и материалы | AD59: тыс.руб. | BF59: PJ_GSM_UNDER_5
E60: 45 | F60: {=OFFSET(E60,-1,1)} -> 1 | T60: {=T59} -> TRUE | AB60: 2.2 | AC60: Расходы на горюче-смазочные материалы, превышающие 5 процентов_x000D_ общей величины расходов на сырье и материалы, в том числе: | AD60: тыс.руб. | AE60: =SUMIF($AD61:$AD64,$AD60,AE61:AE64) -> 0 | AF60: =SUMIF($AD61:$AD64,$AD60,AF61:AF64) -> 0 | AG60: =SUMIF($AD61:$AD64,$AD60,AG61:AG64) -> 0 | AH60: =SUMIF($AD61:$AD64,$AD60,AH61:AH64) -> 0 | AI60: =SUMIF($AD61:$AD64,$AD60,AI61:AI64) -> 0 | AJ60: =SUMIF($AD61:$AD64,$AD60,AJ61:AJ64) -> 0 | AK60: =SUMIF($AD61:$AD64,$AD60,AK61:AK64) -> 0 | AL60: =SUMIF($AD61:$AD64,$AD60,AL61:AL64) -> 0 | ... BB60: =SUMIF($AD61:$AD64,$AD60,BB61:BB64) -> 0 | BF60: PJ_GSM_OVER_5
E61: 15 | F61: {=OFFSET(E61,-1,1)} -> 1 | T61: =AND(F61>0,Y61>0) -> FALSE | W61: et_2 | Y61: 0 | AA61: × | AB61: ="2.3."&Y61 -> 2.3.0 | AD61: тыс.руб. | BF61: PJ_GSM | BG61: DYN_GSM | BH61: {=AC61} -> 0 | BI61: {=AD62} -> 0 | BK61: TRUE
E62: 15 | F62: {=OFFSET(E62,-1,1)} -> 1 | T62: {=T61} -> FALSE | AB62: =AB61&".1" -> 2.3.0.1 | AC62: Расход (ед. изм.) | BF62: PJ_CONS | BG62: DYN_GSM | BH62: {=BH61} -> 0 | BI62: {=BI61} -> 0
E63: 15 | F63: {=OFFSET(E63,-1,1)} -> 1 | T63: {=T62} -> FALSE | AB63: =AB61&".2" -> 2.3.0.2 | AC63: Цена за единицу | AD63: руб. | BF63: PJ_PRICE | BG63: DYN_GSM | BH63: {=BH62} -> 0 | BI63: {=BI62} -> 0
E64: 15 | F64: {=OFFSET(E64,-1,1)} -> 1 | T64: =F64>0 -> TRUE | W64: { _x000D_ funcDyn: 'msg',_x000D_ blok: '',_x000D_ wsCross: '',_x000D_ linkFormula: '',_x000D_ levelDyn: '2'_x000D_ } | AC64: Добавить | BJ64: DYN_GSM
E65: 23.25 | F65: {=OFFSET(E65,-1,1)} -> 1 | I65: Материалы | T65: {=T64} -> TRUE | AB65: 3 | AC65: Материалы и малоценные основные средства | AD65: тыс.руб. | AE65: =AE66+AE67 -> 0 | AF65: =AF66+AF67 -> 0 | AG65: =AG66+AG67 -> 0 | AH65: =AH66+AH67 -> 0 | AI65: =AI66+AI67 -> 0 | AJ65: =AJ66+AJ67 -> 0 | AK65: =AK66+AK67 -> 0 | AL65: =AL66+AL67 -> 0 | ... BB65: =BB66+BB67 -> 0 | BF65: PJ_MAT_TOTAL
E66: 33.75 | F66: {=OFFSET(E66,-1,1)} -> 1 | T66: {=T65} -> TRUE | AB66: 3.1 | AC66: Расходы на материалы и малоценные основные средства, не превышающие 5 процентов общей величины расходов на сырье и материалы | AD66: тыс.руб. | BF66: PJ_MAT_UNDER_5
E67: 45 | F67: {=OFFSET(E67,-1,1)} -> 1 | T67: {=T66} -> TRUE | AB67: 3.2 | AC67: Расходы на материалы и малоценные основные средства, превышающие 5 процентов общей величины расходов на сырье и материалы, в том числе: | AD67: тыс.руб. | AE67: =SUMIF($AD68:$AD71,$AD67,AE68:AE71) -> 0 | AF67: =SUMIF($AD68:$AD71,$AD67,AF68:AF71) -> 0 | AG67: =SUMIF($AD68:$AD71,$AD67,AG68:AG71) -> 0 | AH67: =SUMIF($AD68:$AD71,$AD67,AH68:AH71) -> 0 | AI67: =SUMIF($AD68:$AD71,$AD67,AI68:AI71) -> 0 | AJ67: =SUMIF($AD68:$AD71,$AD67,AJ68:AJ71) -> 0 | AK67: =SUMIF($AD68:$AD71,$AD67,AK68:AK71) -> 0 | AL67: =SUMIF($AD68:$AD71,$AD67,AL68:AL71) -> 0 | ... BB67: =SUMIF($AD68:$AD71,$AD67,BB68:BB71) -> 0 | BF67: PJ_MAT_OVER_5
E68: 15 | F68: {=OFFSET(E68,-1,1)} -> 1 | T68: =AND(F68>0,Y68>0) -> FALSE | W68: et_2 | Y68: 0 | AA68: × | AB68: ="3.3."&Y68 -> 3.3.0 | AD68: тыс.руб. | BF68: PJ_MAT | BG68: DYN_MAT | BH68: {=AC68} -> 0 | BI68: {=AD69} -> 0 | BK68: TRUE
E69: 15 | F69: {=OFFSET(E69,-1,1)} -> 1 | T69: {=T68} -> FALSE | AB69: =AB68&".1" -> 3.3.0.1 | AC69: Расход (ед. изм.) | BF69: PJ_CONS | BG69: DYN_MAT | BH69: {=BH68} -> 0 | BI69: {=BI68} -> 0
E70: 15 | F70: {=OFFSET(E70,-1,1)} -> 1 | T70: {=T69} -> FALSE | AB70: =AB68&".2" -> 3.3.0.2 | AC70: Цена за единицу | AD70: руб. | BF70: PJ_PRICE | BG70: DYN_MAT | BH70: {=BH69} -> 0 | BI70: {=BI69} -> 0
E71: 15 | F71: {=OFFSET(E71,-1,1)} -> 1 | T71: =F71>0 -> TRUE | W71: { _x000D_ funcDyn: 'msg',_x000D_ blok: '',_x000D_ wsCross: '',_x000D_ linkFormula: '',_x000D_ levelDyn: '3'_x000D_ } | AC71: Добавить | BJ71: DYN_MAT
E72: 15 | F72: {=X72} -> 2 | T72: =X72>0 -> TRUE | V72: {='Условные метры'!$AB$35} -> Тариф 2 (Водоотведение) - тариф на водоотведение (Доп. признак не требуется) | X72: 2 | AB72: {='Условные метры'!$AB$35} -> Тариф 2 (Водоотведение) - тариф на водоотведение (Доп. признак не требуется)
E73: 15 | F73: {=OFFSET(E73,-1,1)} -> 2 | H73: {=AC73} -> Всего по тарифу | K73: =F73&"komm" -> 2komm | L73: {=BC73} -> п.п. 10 п. 49 Методических указаний 1746-э. | T73: {=T72} -> TRUE | AC73: Всего по тарифу | AD73: тыс.руб. | AE73: =AE74+AE82+AE89 -> 155.17451 | AF73: =AF74+AF82+AF89 -> 93.92 | AG73: =AG74+AG82+AG89 -> 93.92 | AH73: =AH74+AH82+AH89 -> 153.09608 | AI73: =AI74+AI82+AI89 -> 160.48 | AJ73: =AJ74+AJ82+AJ89 -> 0 | AK73: =AK74+AK82+AK89 -> 0 | AL73: =AL74+AL82+AL89 -> 0 | ... BB73: =BB74+BB82+BB89 -> 0 | BC73: п.п. 10 п. 49 Методических указаний 1746-э. | BF73: PJ_REAG_TOTAL
E74: 15 | F74: {=OFFSET(E74,-1,1)} -> 2 | I74: Реагенты | T74: {=T73} -> TRUE | AB74: 1 | AC74: Реагенты | AD74: тыс.руб. | AE74: =SUMIF($AD75:$AD81,$AD74,AE75:AE81) -> 155.17451 | AF74: =SUMIF($AD75:$AD81,$AD74,AF75:AF81) -> 93.92 | AG74: =SUMIF($AD75:$AD81,$AD74,AG75:AG81) -> 93.92 | AH74: =SUMIF($AD75:$AD81,$AD74,AH75:AH81) -> 153.09608 | AI74: =SUMIF($AD75:$AD81,$AD74,AI75:AI81) -> 160.48 | AJ74: =SUMIF($AD75:$AD81,$AD74,AJ75:AJ81) -> 0 | AK74: =SUMIF($AD75:$AD81,$AD74,AK75:AK81) -> 0 | AL74: =SUMIF($AD75:$AD81,$AD74,AL75:AL81) -> 0 | ... BB74: =SUMIF($AD75:$AD81,$AD74,BB75:BB81) -> 0 | BF74: PJ_REAG_SUM
E75: 15 | F75: {=OFFSET(E75,-1,1)} -> 2 | G75: l1 | H75: {=AC75} -> 0 | T75: =AND(F75>0,Y75>0) -> FALSE | W75: et_2 | Y75: 0 | AA75: × | AB75: ="1."&Y75 -> 1.0 | AD75: тыс.руб. | BF75: PJ_REAG | BG75: DYN_REAG | BH75: {=AC75} -> 0 | BK75: TRUE
E76: 15 | F76: {=OFFSET(E76,-1,1)} -> 2 | T76: {=T75} -> FALSE | AB76: =AB75&".1" -> 1.0.1 | AC76: Расход (ед. изм.) | AD76: т | BF76: PJ_CONS | BG76: DYN_REAG | BH76: {=BH75} -> 0
E77: 15 | F77: {=OFFSET(E77,-1,1)} -> 2 | T77: {=T76} -> FALSE | AB77: =AB75&".2" -> 1.0.2 | AC77: Цена за тонну | AD77: руб. | BF77: PJ_PRICE | BG77: DYN_REAG | BH77: {=BH76} -> 0
E78: 15 | F78: {=OFFSET(E78,-1,1)} -> 2 | G78: l1 | H78: {=AC78} -> Гипохлорит натрия | T78: =AND(F78>0,Y78>0) -> TRUE | Y78: 1 | AA78: × | AB78: ="1."&Y78 -> 1.1 | AC78: Гипохлорит натрия | AD78: тыс.руб. | AE78: 155.17451 | AF78: 93.92 | AG78: {=AF78} -> 93.92 | AH78: 153.09608 | AI78: 160.48 | AS78: 118.08 | BC78: объем реагента рассчитан по удельному расходу факта 2024 года (2,94 тн./948,163 тыс.куб.м.), на объемы принятые в расчет. Цена на 2026 год принята по договору от 01.04.2024 ООО Региональная деловая компания" 37125,00 руб./тн., с применением ИПЦ Минэкономразвития России (химпродукты) на 2025 год 104,2%, на 2026 год 104,0%. | BF78: PJ_REAG | BG78: DYN_REAG | BH78: {=AC78} -> Гипохлорит натрия | BK78: TRUE
E79: 15 | F79: {=OFFSET(E79,-1,1)} -> 2 | T79: {=T78} -> TRUE | AB79: =AB78&".1" -> 1.1.1 | AC79: Расход (ед. изм.) | AD79: т | BF79: PJ_CONS | BG79: DYN_REAG | BH79: {=BH78} -> Гипохлорит натрия
E80: 15 | F80: {=OFFSET(E80,-1,1)} -> 2 | T80: {=T79} -> TRUE | AB80: =AB78&".2" -> 1.1.2 | AC80: Цена за тонну | AD80: руб. | BF80: PJ_PRICE | BG80: DYN_REAG | BH80: {=BH79} -> Гипохлорит натрия
E81: 15 | F81: {=OFFSET(E81,-1,1)} -> 2 | H81: ="!== 'Всего по тарифу'" -> !== 'Всего по тарифу' | T81: =F81>0 -> TRUE | W81: { _x000D_ funcDyn: 'msg',_x000D_ blok: '',_x000D_ wsCross: '',_x000D_ linkFormula: '',_x000D_ levelDyn: '1',_x000D_ addDynValue: 'det_name|AC|0'_x000D_ } | AC81: Добавить | BJ81: DYN_REAG
E82: 15 | F82: {=OFFSET(E82,-1,1)} -> 2 | I82: Горюче-смазочные материалы | T82: {=T81} -> TRUE | AB82: 2 | AC82: Горюче-смазочные материалы | AD82: тыс.руб. | AE82: =AE83+AE84 -> 0 | AF82: =AF83+AF84 -> 0 | AG82: =AG83+AG84 -> 0 | AH82: =AH83+AH84 -> 0 | AI82: =AI83+AI84 -> 0 | AJ82: =AJ83+AJ84 -> 0 | AK82: =AK83+AK84 -> 0 | AL82: =AL83+AL84 -> 0 | ... BB82: =BB83+BB84 -> 0 | BF82: PJ_GSM_TOTAL
E83: 33.75 | F83: {=OFFSET(E83,-1,1)} -> 2 | T83: {=T82} -> TRUE | AB83: 2.1 | AC83: Расходы на горюче-смазочные материалы, не превышающие 5 процентов_x000D_ общей величины расходов на сырье и материалы | AD83: тыс.руб. | BF83: PJ_GSM_UNDER_5
E84: 45 | F84: {=OFFSET(E84,-1,1)} -> 2 | T84: {=T83} -> TRUE | AB84: 2.2 | AC84: Расходы на горюче-смазочные материалы, превышающие 5 процентов_x000D_ общей величины расходов на сырье и материалы, в том числе: | AD84: тыс.руб. | AE84: =SUMIF($AD85:$AD88,$AD84,AE85:AE88) -> 0 | AF84: =SUMIF($AD85:$AD88,$AD84,AF85:AF88) -> 0 | AG84: =SUMIF($AD85:$AD88,$AD84,AG85:AG88) -> 0 | AH84: =SUMIF($AD85:$AD88,$AD84,AH85:AH88) -> 0 | AI84: =SUMIF($AD85:$AD88,$AD84,AI85:AI88) -> 0 | AJ84: =SUMIF($AD85:$AD88,$AD84,AJ85:AJ88) -> 0 | AK84: =SUMIF($AD85:$AD88,$AD84,AK85:AK88) -> 0 | AL84: =SUMIF($AD85:$AD88,$AD84,AL85:AL88) -> 0 | ... BB84: =SUMIF($AD85:$AD88,$AD84,BB85:BB88) -> 0 | BF84: PJ_GSM_OVER_5
E85: 15 | F85: {=OFFSET(E85,-1,1)} -> 2 | T85: =AND(F85>0,Y85>0) -> FALSE | W85: et_2 | Y85: 0 | AA85: × | AB85: ="2.3."&Y85 -> 2.3.0 | AD85: тыс.руб. | BF85: PJ_GSM | BG85: DYN_GSM | BH85: {=AC85} -> 0 | BI85: {=AD86} -> 0 | BK85: TRUE
E86: 15 | F86: {=OFFSET(E86,-1,1)} -> 2 | T86: {=T85} -> FALSE | AB86: =AB85&".1" -> 2.3.0.1 | AC86: Расход (ед. изм.) | BF86: PJ_CONS | BG86: DYN_GSM | BH86: {=BH85} -> 0 | BI86: {=BI85} -> 0
E87: 15 | F87: {=OFFSET(E87,-1,1)} -> 2 | T87: {=T86} -> FALSE | AB87: =AB85&".2" -> 2.3.0.2 | AC87: Цена за единицу | AD87: руб. | BF87: PJ_PRICE | BG87: DYN_GSM | BH87: {=BH86} -> 0 | BI87: {=BI86} -> 0
E88: 15 | F88: {=OFFSET(E88,-1,1)} -> 2 | T88: =F88>0 -> TRUE | W88: { _x000D_ funcDyn: 'msg',_x000D_ blok: '',_x000D_ wsCross: '',_x000D_ linkFormula: '',_x000D_ levelDyn: '2'_x000D_ } | AC88: Добавить | BJ88: DYN_GSM
E89: 23.25 | F89: {=OFFSET(E89,-1,1)} -> 2 | I89: Материалы | T89: {=T88} -> TRUE | AB89: 3 | AC89: Материалы и малоценные основные средства | AD89: тыс.руб. | AE89: =AE90+AE91 -> 0 | AF89: =AF90+AF91 -> 0 | AG89: =AG90+AG91 -> 0 | AH89: =AH90+AH91 -> 0 | AI89: =AI90+AI91 -> 0 | AJ89: =AJ90+AJ91 -> 0 | AK89: =AK90+AK91 -> 0 | AL89: =AL90+AL91 -> 0 | ... BB89: =BB90+BB91 -> 0 | BF89: PJ_MAT_TOTAL
E90: 33.75 | F90: {=OFFSET(E90,-1,1)} -> 2 | T90: {=T89} -> TRUE | AB90: 3.1 | AC90: Расходы на материалы и малоценные основные средства, не превышающие 5 процентов общей величины расходов на сырье и материалы | AD90: тыс.руб. | BF90: PJ_MAT_UNDER_5
E91: 45 | F91: {=OFFSET(E91,-1,1)} -> 2 | T91: {=T90} -> TRUE | AB91: 3.2 | AC91: Расходы на материалы и малоценные основные средства, превышающие 5 процентов общей величины расходов на сырье и материалы, в том числе: | AD91: тыс.руб. | AE91: =SUMIF($AD92:$AD95,$AD91,AE92:AE95) -> 0 | AF91: =SUMIF($AD92:$AD95,$AD91,AF92:AF95) -> 0 | AG91: =SUMIF($AD92:$AD95,$AD91,AG92:AG95) -> 0 | AH91: =SUMIF($AD92:$AD95,$AD91,AH92:AH95) -> 0 | AI91: =SUMIF($AD92:$AD95,$AD91,AI92:AI95) -> 0 | AJ91: =SUMIF($AD92:$AD95,$AD91,AJ92:AJ95) -> 0 | AK91: =SUMIF($AD92:$AD95,$AD91,AK92:AK95) -> 0 | AL91: =SUMIF($AD92:$AD95,$AD91,AL92:AL95) -> 0 | ... BB91: =SUMIF($AD92:$AD95,$AD91,BB92:BB95) -> 0 | BF91: PJ_MAT_OVER_5
E92: 15 | F92: {=OFFSET(E92,-1,1)} -> 2 | T92: =AND(F92>0,Y92>0) -> FALSE | W92: et_2 | Y92: 0 | AA92: × | AB92: ="3.3."&Y92 -> 3.3.0 | AD92: тыс.руб. | BF92: PJ_MAT | BG92: DYN_MAT | BH92: {=AC92} -> 0 | BI92: {=AD93} -> 0 | BK92: TRUE
E93: 15 | F93: {=OFFSET(E93,-1,1)} -> 2 | T93: {=T92} -> FALSE | AB93: =AB92&".1" -> 3.3.0.1 | AC93: Расход (ед. изм.) | BF93: PJ_CONS | BG93: DYN_MAT | BH93: {=BH92} -> 0 | BI93: {=BI92} -> 0
E94: 15 | F94: {=OFFSET(E94,-1,1)} -> 2 | T94: {=T93} -> FALSE | AB94: =AB92&".2" -> 3.3.0.2 | AC94: Цена за единицу | AD94: руб. | BF94: PJ_PRICE | BG94: DYN_MAT | BH94: {=BH93} -> 0 | BI94: {=BI93} -> 0
E95: 15 | F95: {=OFFSET(E95,-1,1)} -> 2 | T95: =F95>0 -> TRUE | W95: { _x000D_ funcDyn: 'msg',_x000D_ blok: '',_x000D_ wsCross: '',_x000D_ linkFormula: '',_x000D_ levelDyn: '3'_x000D_ } | AC95: Добавить | BJ95: DYN_MAT
E96: 11.25 | U96: Добавить | V96: { _x000D_ funcDyn: 'msg1',_x000D_ blok: 'blok_1',_x000D_ wsCross: 'ЭЭ',_x000D_ linkFormula: 'AB-AB',_x000D_ levelDyn: ''_x000D_ }
E97: 11.25
E98: 15 | AB98: Комментарии и обоснования к разделу
E99: 15 | AB99: Индексы приняты согласно основных параметров прогноза социально-экономического развития Российской Федерации на 2026 год и на плановый период 2027 и 2028 годов, определенных в базовом варианте прогноза социально-экономического развития Российской Федерации на 2026 год и на плановый период 2027 и 2028 годов, опубликованном 26.09.2025 года на официальном сайте Министерства экономического развития Российской Федерации.
E100: 15 | T100: =ROW(W100)>ROW(W$100) -> FALSE | W100: et_2 | AA100: ×
E101: 15 | W101: { _x000D_ funcDyn: 'msg',_x000D_ blok: '',_x000D_ wsCross: '',_x000D_ linkFormula: '',_x000D_ levelDyn: ''_x000D_ } | AC101: Добавить комментарий
E102: 11

Sheet ЭЭ
F1: tariffNum | G1: pok | H1: det_name | T1: vis_1 | U1: dyn_1 | V1: blok_1 | W1: blok_2 | X1: ren_1 | Y1: ren_2 | Z1: del_1 | AA1: del_2 | AC1: dyn_2 | BF1: pok_js | BG1: PJ_DYN | BH1: PJ_NAME | BI1: PJ_NAME_ORG | BJ1: dyn_add | BK1: dyn_fill
B2: flag_vis | AF2: {=isOrgDeclare} -> TRUE | AI2: =AND(AI6<=last_year_vis,isOrgDeclare) -> TRUE | AJ2: =AND(AJ6<=last_year_vis,isOrgDeclare) -> FALSE | AK2: =AND(AK6<=last_year_vis,isOrgDeclare) -> FALSE | AL2: =AND(AL6<=last_year_vis,isOrgDeclare) -> FALSE | AM2: =AND(AM6<=last_year_vis,isOrgDeclare) -> FALSE | AN2: =AND(AN6<=last_year_vis,isOrgDeclare) -> FALSE | AO2: =AND(AO6<=last_year_vis,isOrgDeclare) -> FALSE | AP2: =AND(AP6<=last_year_vis,isOrgDeclare) -> FALSE | ... AR2: =AND(AR6<=last_year_vis,isOrgDeclare) -> FALSE | AS2: =AS6<=last_year_vis -> TRUE | AT2: =AT6<=last_year_vis -> FALSE | AU2: =AU6<=last_year_vis -> FALSE | AV2: =AV6<=last_year_vis -> FALSE | AW2: =AW6<=last_year_vis -> FALSE | AX2: =AX6<=last_year_vis -> FALSE | AY2: =AY6<=last_year_vis -> FALSE | AZ2: =AZ6<=last_year_vis -> FALSE | ... BB2: =BB6<=last_year_vis -> FALSE
E5: flag_size | AA5: 3 | AB5: 11 | AC5: 35 | AD5: 12.57 | AE5: 14.57 | AF5: 12.57 | AG5: 15 | AH5: 16 | AI5: 12.57 | AJ5: 12.57 | AK5: 12.57 | AL5: 12.57 | AM5: 12.57 | AN5: 12.57 | AO5: 12.57 | AP5: 12.57 | AQ5: 12.57 | AR5: 12.57 | AS5: 15.43 | AT5: 15.43 | AU5: 15.43 | AV5: 15.43 | AW5: 15.43 | AX5: 15.43 | AY5: 15.43 | AZ5: 15.43 | BA5: 15.43 | BB5: 15.43 | BC5: 20 | BD5: 3
A6: prd2_name | AE6: =god-2 -> 2024 | AF6: =god-2 -> 2024 | AG6: =god-2 -> 2024 | AH6: =god-1 -> 2025 | AI6: {=god} -> 2026 | AJ6: =god+1 -> 2027 | AK6: =god+2 -> 2028 | AL6: =god+3 -> 2029 | AM6: =god+4 -> 2030 | AN6: =god+5 -> 2031 | AO6: =god+6 -> 2032 | AP6: =god+7 -> 2033 | AQ6: =god+8 -> 2034 | AR6: =god+9 -> 2035 | AS6: {=god} -> 2026 | AT6: =god+1 -> 2027 | AU6: =god+2 -> 2028 | AV6: =god+3 -> 2029 | AW6: =god+4 -> 2030 | AX6: =god+5 -> 2031 | AY6: =god+6 -> 2032 | AZ6: =god+7 -> 2033 | BA6: =god+8 -> 2034 | BB6: =god+9 -> 2035
A7: pf_name | AE7: {=AE25} -> Принято органом регулирования | AF7: {=AF25} -> Факт по данным организации | AG7: {=AG25} -> Факт, принятый органом регулирования | AH7: {=AH25} -> Принято органом регулирования | AI7: {=$AI$25} -> Предложение организации | AJ7: {=$AI$25} -> Предложение организации | AK7: {=$AI$25} -> Предложение организации | AL7: {=$AI$25} -> Предложение организации | AM7: {=$AI$25} -> Предложение организации | AN7: {=$AI$25} -> Предложение организации | AO7: {=$AI$25} -> Предложение организации | AP7: {=$AI$25} -> Предложение организации | ... AR7: {=$AI$25} -> Предложение организации | AS7: {=$AS$25} -> Принято органом регулирования | AT7: {=$AS$25} -> Принято органом регулирования | AU7: {=$AS$25} -> Принято органом регулирования | AV7: {=$AS$25} -> Принято органом регулирования | AW7: {=$AS$25} -> Принято органом регулирования | AX7: {=$AS$25} -> Принято органом регулирования | AY7: {=$AS$25} -> Принято органом регулирования | AZ7: {=$AS$25} -> Принято органом регулирования | ... BB7: {=$AS$25} -> Принято органом регулирования
AE8: =AE6&AE7 -> 2024Принято органом регулирования | AF8: =AF6&AF7 -> 2024Факт по данным организации | AG8: =AG6&AG7 -> 2024Факт, принятый органом регулирования | AH8: =AH6&AH7 -> 2025Принято органом регулирования | AI8: =AI6&AI7 -> 2026Предложение организации | AJ8: =AJ6&AJ7 -> 2027Предложение организации | AK8: =AK6&AK7 -> 2028Предложение организации | AL8: =AL6&AL7 -> 2029Предложение организации | ... BB8: =BB6&BB7 -> 2035Принято органом регулирования
A9: PJ_YEAR | AE9: {=AE6} -> 2024 | AF9: {=AF6} -> 2024 | AG9: {=AG6} -> 2024 | AH9: {=AH6} -> 2025 | AI9: {=AI6} -> 2026 | AJ9: {=AJ6} -> 2027 | AK9: {=AK6} -> 2028 | AL9: {=AL6} -> 2029 | ... BB9: {=BB6} -> 2035
A10: PJ_PF | AE10: {=AE25} -> Принято органом регулирования | AF10: {=AF25} -> Факт по данным организации | AG10: {=AG25} -> Факт, принятый органом регулирования | AH10: {=AH25} -> Принято органом регулирования | AI10: {=AI25} -> Предложение организации | AJ10: {=AJ25} -> Предложение организации | AK10: {=AK25} -> Предложение организации | AL10: {=AL25} -> Предложение организации | ... BB10: {=BB25} -> Принято органом регулирования
A11: PJ_DOP | BC11: {=BC24} -> Ссылка на правовую норму (основание для принятия показателя в расчет тарифа)
A12: dyn_names | AC12: PJ_NAME
AC18: Наименование
E21: 15 | AC21: {=tpl_title} -> Кемеровская область / 2026 / ООО "Энергосервис г. Гурьевска" (ИНН:4202049045, КПП:420201001) / ДПР: 2024-2028
E22: 20 | AB22: Расходы на электрическую энергию
E23: 11.25
E24: 15 | AB24: № п/п | AC24: Наименование показателя | AD24: Единица измерения | AE24: =god-2&" год" -> 2024 год | AF24: =god-2&" год" -> 2024 год | AG24: =god-2&" год" -> 2024 год | AH24: =god-1&" год" -> 2025 год | AI24: =god&" год" -> 2026 год | AJ24: =god+1&" год" -> 2027 год | AK24: =god+2&" год" -> 2028 год | AL24: =god+3&" год" -> 2029 год | AM24: =god+4&" год" -> 2030 год | AN24: =god+5&" год" -> 2031 год | AO24: =god+6&" год" -> 2032 год | AP24: =god+7&" год" -> 2033 год | AQ24: =god+8&" год" -> 2034 год | AR24: =god+9&" год" -> 2035 год | AS24: =god&" год" -> 2026 год | AT24: =god+1&" год" -> 2027 год | AU24: =god+2&" год" -> 2028 год | AV24: =god+3&" год" -> 2029 год | AW24: =god+4&" год" -> 2030 год | AX24: =god+5&" год" -> 2031 год | AY24: =god+6&" год" -> 2032 год | AZ24: =god+7&" год" -> 2033 год | BA24: =god+8&" год" -> 2034 год | BB24: =god+9&" год" -> 2035 год | BC24: Ссылка на правовую норму (основание для принятия показателя в расчет тарифа)
E25: 50 | AE25: Принято органом регулирования | AF25: Факт по данным организации | AG25: Факт, принятый органом регулирования | AH25: Принято органом регулирования | AI25: Предложение организации | AJ25: Предложение организации | AK25: Предложение организации | AL25: Предложение организации | AM25: Предложение организации | AN25: Предложение организации | AO25: Предложение организации | AP25: Предложение организации | AQ25: Предложение организации | AR25: Предложение организации | AS25: Принято органом регулирования | AT25: Принято органом регулирования | AU25: Принято органом регулирования | AV25: Принято органом регулирования | AW25: Принято органом регулирования | AX25: Принято органом регулирования | AY25: Принято органом регулирования | AZ25: Принято органом регулирования | BA25: Принято органом регулирования | BB25: Принято органом регулирования
E26: 0
E27: 15 | F27: {=X27} -> 0 | T27: =X27>0 -> FALSE | V27: et_1 | X27: 0 | AB27: {=INDEX('Общие сведения'!$AG$179:$AG$222,MATCH($X27,'Общие сведения'!$Z$179:$Z$222,0))} -> Тариф 0 () -
E28: 11.25 | F28: {=OFFSET(E28,-1,1)} -> 0 | G28: l1 | K28: =F28&"komm" -> 0komm | L28: {=BC28} -> 0 | T28: {=T27} -> FALSE | AB28: 1 | AC28: Всего по тарифу | AD28: тыс.руб. | AE28: =IF(COUNTIF(AE33:AE48,"Ошибка")>0,"Ошибка",SUMIF($AD33:$AD48,$AD28,AE33:AE48)) -> 0 | AF28: =IF(COUNTIF(AF33:AF48,"Ошибка")>0,"Ошибка",SUMIF($AD33:$AD48,$AD28,AF33:AF48)) -> 0 | AG28: =IF(COUNTIF(AG33:AG48,"Ошибка")>0,"Ошибка",SUMIF($AD33:$AD48,$AD28,AG33:AG48)) -> 0 | AH28: =IF(COUNTIF(AH33:AH48,"Ошибка")>0,"Ошибка",SUMIF($AD33:$AD48,$AD28,AH33:AH48)) -> 0 | AI28: =IF(COUNTIF(AI33:AI48,"Ошибка")>0,"Ошибка",SUMIF($AD33:$AD48,$AD28,AI33:AI48)) -> 0 | AJ28: =IF(COUNTIF(AJ33:AJ48,"Ошибка")>0,"Ошибка",SUMIF($AD33:$AD48,$AD28,AJ33:AJ48)) -> 0 | AK28: =IF(COUNTIF(AK33:AK48,"Ошибка")>0,"Ошибка",SUMIF($AD33:$AD48,$AD28,AK33:AK48)) -> 0 | AL28: =IF(COUNTIF(AL33:AL48,"Ошибка")>0,"Ошибка",SUMIF($AD33:$AD48,$AD28,AL33:AL48)) -> 0 | ... BB28: =IF(COUNTIF(BB33:BB48,"Ошибка")>0,"Ошибка",SUMIF($AD33:$AD48,$AD28,BB33:BB48)) -> 0 | BF28: P_TOTAL_MONEY
E29: 11.25 | F29: {=OFFSET(E29,-1,1)} -> 0 | G29: l2 | T29: {=T28} -> FALSE | AB29: 2 | AC29: Объём покупаемой электроэнергии всего | AD29: тыс.кВтч | AE29: =SUMIF(AD33:AD48,AD29,AE33:AE48) -> 0 | AF29: =SUMIF(AD33:AD48,AD29,AF33:AF48) -> 0 | AG29: =SUMIF(AD33:AD48,AD29,AG33:AG48) -> 0 | AH29: =SUMIF(AD33:AD48,AD29,AH33:AH48) -> 0 | AI29: =SUMIF(AD33:AD48,AD29,AI33:AI48) -> 0 | AJ29: =SUMIF(AD33:AD48,AD29,AJ33:AJ48) -> 0 | AK29: =SUMIF(AD33:AD48,AD29,AK33:AK48) -> 0 | AL29: =SUMIF(AD33:AD48,AD29,AL33:AL48) -> 0 | AM29: =SUMIF(AD33:AD48,AD29,AM33:AM48) -> 0 | AN29: =SUMIF(AD33:AD48,AD29,AN33:AN48) -> 0 | AO29: =SUMIF(AD33:AD48,AD29,AO33:AO48) -> 0 | AP29: =SUMIF(AD33:AD48,AD29,AP33:AP48) -> 0 | AQ29: =SUMIF(AD33:AD48,AD29,AQ33:AQ48) -> 0 | AR29: =SUMIF(AD33:AD48,AD29,AR33:AR48) -> 0 | AS29: =SUMIF(AD33:AD48,AD29,AS33:AS48) -> 0 | AT29: =SUMIF(AD33:AD48,AD29,AT33:AT48) -> 0 | AU29: =SUMIF(AD33:AD48,AD29,AU33:AU48) -> 0 | AV29: =SUMIF(AD33:AD48,AD29,AV33:AV48) -> 0 | AW29: =SUMIF(AD33:AD48,AD29,AW33:AW48) -> 0 | AX29: =SUMIF(AD33:AD48,AD29,AX33:AX48) -> 0 | AY29: =SUMIF(AD33:AD48,AD29,AY33:AY48) -> 0 | AZ29: =SUMIF(AD33:AD48,AD29,AZ33:AZ48) -> 0 | BA29: =SUMIF(AD33:AD48,AD29,BA33:BA48) -> 0 | BB29: =SUMIF(AD33:AD48,AD29,BB33:BB48) -> 0 | BF29: P_VOL_EE
E30: 11.25 | F30: {=OFFSET(E30,-1,1)} -> 0 | G30: l3 | T30: {=T29} -> FALSE | AB30: 3 | AC30: Объём воды/сточных вод | AD30: тыс.куб.м. | BF30: P_VOL_WATER
E31: 11.25 | F31: {=OFFSET(E31,-1,1)} -> 0 | G31: l4 | T31: {=T30} -> FALSE | AB31: 4 | AC31: Средний (расчетный) тариф | AD31: руб./кВтч | AE31: =IF(AE29=0,0,AE28/AE29) -> 0 | AF31: =IF(AF29=0,0,AF28/AF29) -> 0 | AG31: =IF(AG29=0,0,AG28/AG29) -> 0 | AH31: =IF(AH29=0,0,AH28/AH29) -> 0 | AI31: =IF(AI29=0,0,AI28/AI29) -> 0 | AJ31: =IF(AJ29=0,0,AJ28/AJ29) -> 0 | AK31: =IF(AK29=0,0,AK28/AK29) -> 0 | AL31: =IF(AL29=0,0,AL28/AL29) -> 0 | ... BB31: =IF(BB29=0,0,BB28/BB29) -> 0 | BF31: P_AVG_TAR
E32: 11.25 | F32: {=OFFSET(E32,-1,1)} -> 0 | G32: l5 | T32: {=T31} -> FALSE | AB32: 5 | AC32: Удельный расход электроэнергии | AD32: кВтч/куб.м. | AE32: =IF(AE30=0,0,AE29/AE30) -> 0 | AF32: =IF(AF30=0,0,AF29/AF30) -> 0 | AG32: =IF(AG30=0,0,AG29/AG30) -> 0 | AH32: =IF(AH30=0,0,AH29/AH30) -> 0 | AI32: =IF(AI30=0,0,AI29/AI30) -> 0 | AJ32: =IF(AJ30=0,0,AJ29/AJ30) -> 0 | AK32: =IF(AK30=0,0,AK29/AK30) -> 0 | AL32: =IF(AL30=0,0,AL29/AL30) -> 0 | ... BB32: =IF(BB30=0,0,BB29/BB30) -> 0 | BF32: P_EE_CONS
E33: 13 | F33: {=OFFSET(E33,-1,1)} -> 0 | T33: {=T32} -> FALSE | AC33: Одноставочный тариф
E34: 11 | F34: {=OFFSET(E34,-1,1)} -> 0 | T34: =AND(F34>0,Y34>0) -> FALSE | W34: et_2 | Y34: 0 | AA34: × | AB34: ="6."&Y34 -> 6.0
E35: 11.25 | F35: {=OFFSET(E35,-1,1)} -> 0 | G35: l6 | H35: {=AC35} -> 0 | T35: {=T34} -> FALSE | Y35: 0 | AA35: × | AB35: =AB34&".1" -> 6.0.1 | AD35: тыс.руб. | BF35: P_ONE_MONEY | BG35: DYN_ONE | BH35: {=AC35} -> 0 | BI35: {=AC34} -> 0 | BK35: TRUE
E36: 11.25 | F36: {=OFFSET(E36,-1,1)} -> 0 | G36: l6_1 | H36: {=H35} -> 0 | T36: {=T35} -> FALSE | AB36: =AB34&".2" -> 6.0.2 | AC36: Тариф на электроэнергию | AD36: руб./кВтч | AE36: =IF(OR(AND(AE35<>0,AE37=0),AND(AE35=0,AE37<>0)),"Ошибка",IF(AE37=0,0,AE35/AE37)) -> 0 | AF36: =IF(OR(AND(AF35<>0,AF37=0),AND(AF35=0,AF37<>0)),"Ошибка",IF(AF37=0,0,AF35/AF37)) -> 0 | AG36: =IF(OR(AND(AG35<>0,AG37=0),AND(AG35=0,AG37<>0)),"Ошибка",IF(AG37=0,0,AG35/AG37)) -> 0 | AH36: =IF(OR(AND(AH35<>0,AH37=0),AND(AH35=0,AH37<>0)),"Ошибка",IF(AH37=0,0,AH35/AH37)) -> 0 | AI36: =IF(OR(AND(AI35<>0,AI37=0),AND(AI35=0,AI37<>0)),"Ошибка",IF(AI37=0,0,AI35/AI37)) -> 0 | AJ36: =IF(OR(AND(AJ35<>0,AJ37=0),AND(AJ35=0,AJ37<>0)),"Ошибка",IF(AJ37=0,0,AJ35/AJ37)) -> 0 | AK36: =IF(OR(AND(AK35<>0,AK37=0),AND(AK35=0,AK37<>0)),"Ошибка",IF(AK37=0,0,AK35/AK37)) -> 0 | AL36: =IF(OR(AND(AL35<>0,AL37=0),AND(AL35=0,AL37<>0)),"Ошибка",IF(AL37=0,0,AL35/AL37)) -> 0 | ... BB36: =IF(OR(AND(BB35<>0,BB37=0),AND(BB35=0,BB37<>0)),"Ошибка",IF(BB37=0,0,BB35/BB37)) -> 0 | BF36: P_ONE_TAR | BG36: DYN_ONE | BH36: {=BH35} -> 0 | BI36: {=BI35} -> 0
E37: 11.25 | F37: {=OFFSET(E37,-1,1)} -> 0 | G37: l6_2 | H37: {=H36} -> 0 | T37: {=T36} -> FALSE | AB37: =AB34&".3" -> 6.0.3 | AC37: Объём покупной электроэнергии | AD37: тыс.кВтч | BF37: P_ONE_VOL | BG37: DYN_ONE | BH37: {=BH36} -> 0 | BI37: {=BI36} -> 0
E38: 15 | F38: {=OFFSET(E38,-1,1)} -> 0 | H38: !== 'не определено' && row.l6 !== null | T38: =F38>0 -> FALSE | W38: { _x000D_ funcDyn: 'msg',_x000D_ blok: '',_x000D_ wsCross: '',_x000D_ linkFormula: '',_x000D_ levelDyn: '1',_x000D_ addDynValue: 'det_name|AC|0'_x000D_ } | AC38: Добавить | BJ38: DYN_ONE
E39: 13 | F39: {=OFFSET(E39,-1,1)} -> 0 | T39: {=T38} -> FALSE | AC39: Двухставочный тариф
E40: 11 | F40: {=OFFSET(E40,-1,1)} -> 0 | T40: =AND(F40>0,Y40>0) -> FALSE | W40: et_2 | Y40: 0 | AA40: × | AB40: ="7."&Y40 -> 7.0
E41: 11.25 | F41: {=OFFSET(E41,-1,1)} -> 0 | G41: l6 | H41: {=AC41} -> 0 | T41: {=T40} -> FALSE | Y41: 0 | AA41: × | AB41: =AB40&".1" -> 7.0.1 | AD41: тыс.руб. | AE41: =AE42+AE45 -> 0 | AF41: =AF42+AF45 -> 0 | AG41: =AG42+AG45 -> 0 | AH41: =AH42+AH45 -> 0 | AI41: =AI42+AI45 -> 0 | AJ41: =AJ42+AJ45 -> 0 | AK41: =AK42+AK45 -> 0 | AL41: =AL42+AL45 -> 0 | ... BB41: =BB42+BB45 -> 0 | BF41: P_DBL_MONEY | BG41: DYN_DBL | BH41: {=AC41} -> 0 | BI41: {=AC40} -> 0 | BK41: TRUE
E42: 11.25 | F42: {=OFFSET(E42,-1,1)} -> 0 | G42: l7_1 | H42: {=H41} -> 0 | T42: {=T41} -> FALSE | AB42: =AB40&".2" -> 7.0.2 | AC42: Затраты на электроэнергию | AD42: тыс.руб. | BF42: P_DBL_EE | BG42: DYN_DBL | BH42: {=BH41} -> 0 | BI42: {=BI41} -> 0
E43: 11.25 | F43: {=OFFSET(E43,-1,1)} -> 0 | G43: l7_1_1 | H43: {=H42} -> 0 | T43: {=T42} -> FALSE | AB43: =AB40&".3" -> 7.0.3 | AC43: Тариф на электроэнергию | AD43: руб./кВтч | AE43: =IF(OR(AND(AE42<>0,AE44=0),AND(AE42=0,AE44<>0)),"Ошибка",IF(AE44=0,0,AE42/AE44)) -> 0 | AF43: =IF(OR(AND(AF42<>0,AF44=0),AND(AF42=0,AF44<>0)),"Ошибка",IF(AF44=0,0,AF42/AF44)) -> 0 | AG43: =IF(OR(AND(AG42<>0,AG44=0),AND(AG42=0,AG44<>0)),"Ошибка",IF(AG44=0,0,AG42/AG44)) -> 0 | AH43: =IF(OR(AND(AH42<>0,AH44=0),AND(AH42=0,AH44<>0)),"Ошибка",IF(AH44=0,0,AH42/AH44)) -> 0 | AI43: =IF(OR(AND(AI42<>0,AI44=0),AND(AI42=0,AI44<>0)),"Ошибка",IF(AI44=0,0,AI42/AI44)) -> 0 | AJ43: =IF(OR(AND(AJ42<>0,AJ44=0),AND(AJ42=0,AJ44<>0)),"Ошибка",IF(AJ44=0,0,AJ42/AJ44)) -> 0 | AK43: =IF(OR(AND(AK42<>0,AK44=0),AND(AK42=0,AK44<>0)),"Ошибка",IF(AK44=0,0,AK42/AK44)) -> 0 | AL43: =IF(OR(AND(AL42<>0,AL44=0),AND(AL42=0,AL44<>0)),"Ошибка",IF(AL44=0,0,AL42/AL44)) -> 0 | ... BB43: =IF(OR(AND(BB42<>0,BB44=0),AND(BB42=0,BB44<>0)),"Ошибка",IF(BB44=0,0,BB42/BB44)) -> 0 | BF43: P_DBL_EE_TAR | BG43: DYN_DBL | BH43: {=BH42} -> 0 | BI43: {=BI42} -> 0
E44: 11.25 | F44: {=OFFSET(E44,-1,1)} -> 0 | G44: l7_1_2 | H44: {=H43} -> 0 | T44: {=T43} -> FALSE | AB44: =AB40&".4" -> 7.0.4 | AC44: Объём покупной электроэнергии | AD44: тыс.кВтч | BF44: P_DBL_EE_VOL | BG44: DYN_DBL | BH44: {=BH43} -> 0 | BI44: {=BI43} -> 0
E45: 11.25 | F45: {=OFFSET(E45,-1,1)} -> 0 | G45: l7_2 | H45: {=H44} -> 0 | T45: {=T44} -> FALSE | AB45: =AB40&".5" -> 7.0.5 | AC45: Затраты на электрическую мощность | AD45: тыс.руб. | BF45: P_DBL_POWER_MONEY | BG45: DYN_DBL | BH45: {=BH44} -> 0 | BI45: {=BI44} -> 0
E46: 11.25 | F46: {=OFFSET(E46,-1,1)} -> 0 | G46: l7_2_1 | H46: {=H45} -> 0 | T46: {=T45} -> FALSE | AB46: =AB40&".6" -> 7.0.6 | AC46: Тариф на электрическую мощность | AD46: руб./МВт в мес | AE46: =IF(OR(AND(AE45<>0,AE47=0),AND(AE45=0,AE47<>0)),"Ошибка",IF(AE47=0,0,AE45/AE47*1000/12)) -> 0 | AF46: =IF(OR(AND(AF45<>0,AF47=0),AND(AF45=0,AF47<>0)),"Ошибка",IF(AF47=0,0,AF45/AF47*1000/12)) -> 0 | AG46: =IF(OR(AND(AG45<>0,AG47=0),AND(AG45=0,AG47<>0)),"Ошибка",IF(AG47=0,0,AG45/AG47*1000/12)) -> 0 | AH46: =IF(OR(AND(AH45<>0,AH47=0),AND(AH45=0,AH47<>0)),"Ошибка",IF(AH47=0,0,AH45/AH47*1000/12)) -> 0 | AI46: =IF(OR(AND(AI45<>0,AI47=0),AND(AI45=0,AI47<>0)),"Ошибка",IF(AI47=0,0,AI45/AI47*1000/12)) -> 0 | AJ46: =IF(OR(AND(AJ45<>0,AJ47=0),AND(AJ45=0,AJ47<>0)),"Ошибка",IF(AJ47=0,0,AJ45/AJ47*1000/12)) -> 0 | AK46: =IF(OR(AND(AK45<>0,AK47=0),AND(AK45=0,AK47<>0)),"Ошибка",IF(AK47=0,0,AK45/AK47*1000/12)) -> 0 | AL46: =IF(OR(AND(AL45<>0,AL47=0),AND(AL45=0,AL47<>0)),"Ошибка",IF(AL47=0,0,AL45/AL47*1000/12)) -> 0 | ... BB46: =IF(OR(AND(BB45<>0,BB47=0),AND(BB45=0,BB47<>0)),"Ошибка",IF(BB47=0,0,BB45/BB47*1000/12)) -> 0 | BF46: P_DBL_POWER_TAR | BG46: DYN_DBL | BH46: {=BH45} -> 0 | BI46: {=BI45} -> 0
E47: 11.25 | F47: {=OFFSET(E47,-1,1)} -> 0 | G47: l7_2_2 | H47: {=H46} -> 0 | T47: {=T46} -> FALSE | AB47: =AB40&".7" -> 7.0.7 | AC47: Объём покупной мощности | AD47: МВт в мес. | BF47: P_DBL_POWER_VOL | BG47: DYN_DBL | BH47: {=BH46} -> 0 | BI47: {=BI46} -> 0
E48: 15 | F48: {=OFFSET(E48,-1,1)} -> 0 | H48: !== 'не определено' && row.l7 !== null | T48: =F48>0 -> FALSE | W48: { _x000D_ funcDyn: 'msg',_x000D_ blok: '',_x000D_ wsCross: '',_x000D_ linkFormula: '',_x000D_ levelDyn: '2',_x000D_ addDynValue: 'det_name|AC|0'_x000D_ } | AC48: Добавить | BJ48: DYN_DBL
E49: 15 | F49: {=X49} -> 1 | T49: =X49>0 -> TRUE | V49: {='Сырье и материалы'!$AB$48} -> Тариф 1 (Водоснабжение) - тариф на питьевую воду (Доп. признак не требуется) | X49: 1 | AB49: {='Сырье и материалы'!$AB$48} -> Тариф 1 (Водоснабжение) - тариф на питьевую воду (Доп. признак не требуется)
E50: 11.25 | F50: {=OFFSET(E50,-1,1)} -> 1 | G50: l1 | K50: =F50&"komm" -> 1komm | L50: {=BC50} -> В соответствии с п. 95 Методических указаний № 1746-э расходы на приобретение энергетических ресурсов, определяемые на основе фактических значений параметров расчета тарифов взамен прогнозных. | T50: {=T49} -> TRUE | AB50: 1 | AC50: Всего по тарифу | AD50: тыс.руб. | AE50: =IF(COUNTIF(AE55:AE78,"Ошибка")>0,"Ошибка",SUMIF($AD55:$AD78,$AD50,AE55:AE78)) -> 7312.7744 | AF50: =IF(COUNTIF(AF55:AF78,"Ошибка")>0,"Ошибка",SUMIF($AD55:$AD78,$AD50,AF55:AF78)) -> 8020.52 | AG50: =IF(COUNTIF(AG55:AG78,"Ошибка")>0,"Ошибка",SUMIF($AD55:$AD78,$AD50,AG55:AG78)) -> 7740.74 | AH50: =IF(COUNTIF(AH55:AH78,"Ошибка")>0,"Ошибка",SUMIF($AD55:$AD78,$AD50,AH55:AH78)) -> 7643.4825 | AI50: =IF(COUNTIF(AI55:AI78,"Ошибка")>0,"Ошибка",SUMIF($AD55:$AD78,$AD50,AI55:AI78)) -> 9416.45 | AJ50: =IF(COUNTIF(AJ55:AJ78,"Ошибка")>0,"Ошибка",SUMIF($AD55:$AD78,$AD50,AJ55:AJ78)) -> 0 | AK50: =IF(COUNTIF(AK55:AK78,"Ошибка")>0,"Ошибка",SUMIF($AD55:$AD78,$AD50,AK55:AK78)) -> 0 | AL50: =IF(COUNTIF(AL55:AL78,"Ошибка")>0,"Ошибка",SUMIF($AD55:$AD78,$AD50,AL55:AL78)) -> 0 | ... BB50: =IF(COUNTIF(BB55:BB78,"Ошибка")>0,"Ошибка",SUMIF($AD55:$AD78,$AD50,BB55:BB78)) -> 0 | BC50: В соответствии с п. 95 Методических указаний № 1746-э расходы на приобретение энергетических ресурсов, определяемые на основе фактических значений параметров расчета тарифов взамен прогнозных. | BF50: P_TOTAL_MONEY
E51: 11.25 | F51: {=OFFSET(E51,-1,1)} -> 1 | G51: l2 | T51: {=T50} -> TRUE | AB51: 2 | AC51: Объём покупаемой электроэнергии всего | AD51: тыс.кВтч | AE51: =SUMIF(AD55:AD78,AD51,AE55:AE78) -> 925.48851 | AF51: =SUMIF(AD55:AD78,AD51,AF55:AF78) -> 1043.14 | AG51: =SUMIF(AD55:AD78,AD51,AG55:AG78) -> 999.79 | AH51: =SUMIF(AD55:AD78,AD51,AH55:AH78) -> 922.15554 | AI51: =SUMIF(AD55:AD78,AD51,AI55:AI78) -> 1043.14 | AJ51: =SUMIF(AD55:AD78,AD51,AJ55:AJ78) -> 0 | AK51: =SUMIF(AD55:AD78,AD51,AK55:AK78) -> 0 | AL51: =SUMIF(AD55:AD78,AD51,AL55:AL78) -> 0 | AM51: =SUMIF(AD55:AD78,AD51,AM55:AM78) -> 0 | AN51: =SUMIF(AD55:AD78,AD51,AN55:AN78) -> 0 | AO51: =SUMIF(AD55:AD78,AD51,AO55:AO78) -> 0 | AP51: =SUMIF(AD55:AD78,AD51,AP55:AP78) -> 0 | AQ51: =SUMIF(AD55:AD78,AD51,AQ55:AQ78) -> 0 | AR51: =SUMIF(AD55:AD78,AD51,AR55:AR78) -> 0 | AS51: =SUMIF(AD55:AD78,AD51,AS55:AS78) -> 911.64 | AT51: =SUMIF(AD55:AD78,AD51,AT55:AT78) -> 911.64 | AU51: =SUMIF(AD55:AD78,AD51,AU55:AU78) -> 911.64 | AV51: =SUMIF(AD55:AD78,AD51,AV55:AV78) -> 0 | AW51: =SUMIF(AD55:AD78,AD51,AW55:AW78) -> 0 | AX51: =SUMIF(AD55:AD78,AD51,AX55:AX78) -> 0 | AY51: =SUMIF(AD55:AD78,AD51,AY55:AY78) -> 0 | AZ51: =SUMIF(AD55:AD78,AD51,AZ55:AZ78) -> 0 | BA51: =SUMIF(AD55:AD78,AD51,BA55:BA78) -> 0 | BB51: =SUMIF(AD55:AD78,AD51,BB55:BB78) -> 0 | BF51: P_VOL_EE
E52: 11.25 | F52: {=OFFSET(E52,-1,1)} -> 1 | G52: l3 | T52: {=T51} -> TRUE | AB52: 3 | AC52: Объём воды/сточных вод | AD52: тыс.куб.м. | AE52: 1352.01 | AF52: =Баланс!AF120+Баланс!AF127 -> 1468.026 | AG52: =Баланс!AG120+Баланс!AG127 -> 1468.026 | AH52: 1347.141 | AI52: =Баланс!AI120+Баланс!AI127 -> 1469.513 | AS52: =Баланс!AS120+Баланс!AS127 -> 1331.781 | AT52: {=AS52} -> 1331.781 | AU52: {=AT52} -> 1331.781 | BF52: P_VOL_WATER
E53: 11.25 | F53: {=OFFSET(E53,-1,1)} -> 1 | G53: l4 | T53: {=T52} -> TRUE | AB53: 4 | AC53: Средний (расчетный) тариф | AD53: руб./кВтч | AE53: =IF(AE51=0,0,AE50/AE51) -> 7.9015291 | AF53: =IF(AF51=0,0,AF50/AF51) -> 7.6888241 | AG53: =IF(AG51=0,0,AG50/AG51) -> 7.7423659 | AH53: =IF(AH51=0,0,AH50/AH51) -> 8.2887129 | AI53: =IF(AI51=0,0,AI50/AI51) -> 9.0270242 | AJ53: =IF(AJ51=0,0,AJ50/AJ51) -> 0 | AK53: =IF(AK51=0,0,AK50/AK51) -> 0 | AL53: =IF(AL51=0,0,AL50/AL51) -> 0 | ... BB53: =IF(BB51=0,0,BB50/BB51) -> 0 | BF53: P_AVG_TAR
E54: 11.25 | F54: {=OFFSET(E54,-1,1)} -> 1 | G54: l5 | T54: {=T53} -> TRUE | AB54: 5 | AC54: Удельный расход электроэнергии | AD54: кВтч/куб.м. | AE54: =IF(AE52=0,0,AE51/AE52) -> 0.68452786 | AF54: =IF(AF52=0,0,AF51/AF52) -> 0.71057325 | AG54: =IF(AG52=0,0,AG51/AG52) -> 0.6810438 | AH54: =IF(AH52=0,0,AH51/AH52) -> 0.68452786 | AI54: =IF(AI52=0,0,AI51/AI52) -> 0.70985422 | AJ54: =IF(AJ52=0,0,AJ51/AJ52) -> 0 | AK54: =IF(AK52=0,0,AK51/AK52) -> 0 | AL54: =IF(AL52=0,0,AL51/AL52) -> 0 | ... BB54: =IF(BB52=0,0,BB51/BB52) -> 0 | BF54: P_EE_CONS
E55: 13 | F55: {=OFFSET(E55,-1,1)} -> 1 | T55: {=T54} -> TRUE | AC55: Одноставочный тариф
E56: 11 | F56: {=OFFSET(E56,-1,1)} -> 1 | T56: =AND(F56>0,Y56>0) -> FALSE | W56: et_2 | Y56: 0 | AA56: × | AB56: ="6."&Y56 -> 6.0
E57: 11.25 | F57: {=OFFSET(E57,-1,1)} -> 1 | G57: l6 | H57: {=AC57} -> 0 | T57: {=T56} -> FALSE | Y57: 0 | AA57: × | AB57: =AB56&".1" -> 6.0.1 | AD57: тыс.руб. | BF57: P_ONE_MONEY | BG57: DYN_ONE | BH57: {=AC57} -> 0 | BI57: {=AC56} -> 0 | BK57: TRUE
E58: 11.25 | F58: {=OFFSET(E58,-1,1)} -> 1 | G58: l6_1 | H58: {=H57} -> 0 | T58: {=T57} -> FALSE | AB58: =AB56&".2" -> 6.0.2 | AC58: Тариф на электроэнергию | AD58: руб./кВтч | AE58: =IF(OR(AND(AE57<>0,AE59=0),AND(AE57=0,AE59<>0)),"Ошибка",IF(AE59=0,0,AE57/AE59)) -> 0 | AF58: =IF(OR(AND(AF57<>0,AF59=0),AND(AF57=0,AF59<>0)),"Ошибка",IF(AF59=0,0,AF57/AF59)) -> 0 | AG58: =IF(OR(AND(AG57<>0,AG59=0),AND(AG57=0,AG59<>0)),"Ошибка",IF(AG59=0,0,AG57/AG59)) -> 0 | AH58: =IF(OR(AND(AH57<>0,AH59=0),AND(AH57=0,AH59<>0)),"Ошибка",IF(AH59=0,0,AH57/AH59)) -> 0 | AI58: =IF(OR(AND(AI57<>0,AI59=0),AND(AI57=0,AI59<>0)),"Ошибка",IF(AI59=0,0,AI57/AI59)) -> 0 | AJ58: =IF(OR(AND(AJ57<>0,AJ59=0),AND(AJ57=0,AJ59<>0)),"Ошибка",IF(AJ59=0,0,AJ57/AJ59)) -> 0 | AK58: =IF(OR(AND(AK57<>0,AK59=0),AND(AK57=0,AK59<>0)),"Ошибка",IF(AK59=0,0,AK57/AK59)) -> 0 | AL58: =IF(OR(AND(AL57<>0,AL59=0),AND(AL57=0,AL59<>0)),"Ошибка",IF(AL59=0,0,AL57/AL59)) -> 0 | ... BB58: =IF(OR(AND(BB57<>0,BB59=0),AND(BB57=0,BB59<>0)),"Ошибка",IF(BB59=0,0,BB57/BB59)) -> 0 | BF58: P_ONE_TAR | BG58: DYN_ONE | BH58: {=BH57} -> 0 | BI58: {=BI57} -> 0
E59: 11.25 | F59: {=OFFSET(E59,-1,1)} -> 1 | G59: l6_2 | H59: {=H58} -> 0 | T59: {=T58} -> FALSE | AB59: =AB56&".3" -> 6.0.3 | AC59: Объём покупной электроэнергии | AD59: тыс.кВтч | BF59: P_ONE_VOL | BG59: DYN_ONE | BH59: {=BH58} -> 0 | BI59: {=BI58} -> 0
E60: 11 | F60: {=OFFSET(E60,-1,1)} -> 1 | T60: =AND(F60>0,Y60>0) -> TRUE | Y60: 1 | AA60: × | AB60: ="6."&Y60 -> 6.1 | AC60: ПАО "Кузбассэнергосбыт" (ИНН: 4205109214, КПП: 420501001)
E61: 11.25 | F61: {=OFFSET(E61,-1,1)} -> 1 | G61: l6 | H61: {=AC61} -> НН | T61: {=T60} -> TRUE | Y61: 1 | AA61: × | AB61: =AB60&".1" -> 6.1.1 | AC61: НН | AD61: тыс.руб. | AE61: 2080.3466 | AF61: 1964.49 | AG61: 2142.55 | AH61: 2174.4272 | AI61: 2373.4 | AS61: 2572.1516 | BF61: P_ONE_MONEY | BG61: DYN_ONE | BH61: {=AC61} -> НН | BI61: {=AC60} -> ПАО "Кузбассэнергосбыт" (ИНН: 4205109214, КПП: 420501001) | BK61: TRUE
E62: 11.25 | F62: {=OFFSET(E62,-1,1)} -> 1 | G62: l6_1 | H62: {=H61} -> НН | T62: {=T61} -> TRUE | AB62: =AB60&".2" -> 6.1.2 | AC62: Тариф на электроэнергию | AD62: руб./кВтч | AE62: =IF(OR(AND(AE61<>0,AE63=0),AND(AE61=0,AE63<>0)),"Ошибка",IF(AE63=0,0,AE61/AE63)) -> 9.6459928 | AF62: =IF(OR(AND(AF61<>0,AF63=0),AND(AF61=0,AF63<>0)),"Ошибка",IF(AF63=0,0,AF61/AF63)) -> 9.1961895 | AG62: =IF(OR(AND(AG61<>0,AG63=0),AND(AG61=0,AG63<>0)),"Ошибка",IF(AG63=0,0,AG61/AG63)) -> 9.1962829 | AH62: =IF(OR(AND(AH61<>0,AH63=0),AND(AH61=0,AH63<>0)),"Ошибка",IF(AH63=0,0,AH61/AH63)) -> 10.118659 | AI62: =IF(OR(AND(AI61<>0,AI63=0),AND(AI61=0,AI63<>0)),"Ошибка",IF(AI63=0,0,AI61/AI63)) -> 11.110383 | AJ62: =IF(OR(AND(AJ61<>0,AJ63=0),AND(AJ61=0,AJ63<>0)),"Ошибка",IF(AJ63=0,0,AJ61/AJ63)) -> 0 | AK62: =IF(OR(AND(AK61<>0,AK63=0),AND(AK61=0,AK63<>0)),"Ошибка",IF(AK63=0,0,AK61/AK63)) -> 0 | AL62: =IF(OR(AND(AL61<>0,AL63=0),AND(AL61=0,AL63<>0)),"Ошибка",IF(AL63=0,0,AL61/AL63)) -> 0 | ... BB62: =IF(OR(AND(BB61<>0,BB63=0),AND(BB61=0,BB63<>0)),"Ошибка",IF(BB63=0,0,BB61/BB63)) -> 0 | BC62: по факту 2024 года, с учетом ИЦП Минэкономразвития России на 2025 год 114,4%, на 2026 год 113,2%, с учетом НДС 22%. | BF62: P_ONE_TAR | BG62: DYN_ONE | BH62: {=BH61} -> НН | BI62: {=BI61} -> ПАО "Кузбассэнергосбыт" (ИНН: 4205109214, КПП: 420501001)
E63: 11.25 | F63: {=OFFSET(E63,-1,1)} -> 1 | G63: l6_2 | H63: {=H62} -> НН | T63: {=T62} -> TRUE | AB63: =AB60&".3" -> 6.1.3 | AC63: Объём покупной электроэнергии | AD63: тыс.кВтч | AE63: 215.66951 | AF63: 213.62 | AG63: 232.98 | AH63: 214.89282 | AI63: 213.62 | AS63: 212.44 | AT63: {=AS63} -> 212.44 | AU63: {=AT63} -> 212.44 | BC63: по утвержденному удельному расходу. | BF63: P_ONE_VOL | BG63: DYN_ONE | BH63: {=BH62} -> НН | BI63: {=BI62} -> ПАО "Кузбассэнергосбыт" (ИНН: 4205109214, КПП: 420501001)
E64: 11 | F64: {=OFFSET(E64,-1,1)} -> 1 | T64: =AND(F64>0,Y64>0) -> TRUE | Y64: 2 | AA64: × | AB64: ="6."&Y64 -> 6.2 | AC64: ПАО "Кузбассэнергосбыт" (ИНН: 4205109214, КПП: 420501001)
E65: 11.25 | F65: {=OFFSET(E65,-1,1)} -> 1 | G65: l6 | H65: {=AC65} -> СН2 | T65: {=T64} -> TRUE | Y65: 2 | AA65: × | AB65: =AB64&".1" -> 6.2.1 | AC65: СН2 | AD65: тыс.руб. | AE65: 5232.4278 | AF65: 6056.03 | AG65: 5598.19 | AH65: 5469.0554 | AI65: 7043.05 | AS65: 6720.6817 | BF65: P_ONE_MONEY | BG65: DYN_ONE | BH65: {=AC65} -> СН2 | BI65: {=AC64} -> ПАО "Кузбассэнергосбыт" (ИНН: 4205109214, КПП: 420501001) | BK65: TRUE
E66: 11.25 | F66: {=OFFSET(E66,-1,1)} -> 1 | G66: l6_1 | H66: {=H65} -> СН2 | T66: {=T65} -> TRUE | AB66: =AB64&".2" -> 6.2.2 | AC66: Тариф на электроэнергию | AD66: руб./кВтч | AE66: =IF(OR(AND(AE65<>0,AE67=0),AND(AE65=0,AE67<>0)),"Ошибка",IF(AE67=0,0,AE65/AE67)) -> 7.3714959 | AF66: =IF(OR(AND(AF65<>0,AF67=0),AND(AF65=0,AF67<>0)),"Ошибка",IF(AF67=0,0,AF65/AF67)) -> 7.3006437 | AG66: =IF(OR(AND(AG65<>0,AG67=0),AND(AG65=0,AG67<>0)),"Ошибка",IF(AG67=0,0,AG65/AG67)) -> 7.3006221 | AH66: =IF(OR(AND(AH65<>0,AH67=0),AND(AH65=0,AH67<>0)),"Ошибка",IF(AH67=0,0,AH65/AH67)) -> 7.732707 | AI66: =IF(OR(AND(AI65<>0,AI67=0),AND(AI65=0,AI67<>0)),"Ошибка",IF(AI67=0,0,AI65/AI67)) -> 8.4905126 | AJ66: =IF(OR(AND(AJ65<>0,AJ67=0),AND(AJ65=0,AJ67<>0)),"Ошибка",IF(AJ67=0,0,AJ65/AJ67)) -> 0 | AK66: =IF(OR(AND(AK65<>0,AK67=0),AND(AK65=0,AK67<>0)),"Ошибка",IF(AK67=0,0,AK65/AK67)) -> 0 | AL66: =IF(OR(AND(AL65<>0,AL67=0),AND(AL65=0,AL67<>0)),"Ошибка",IF(AL67=0,0,AL65/AL67)) -> 0 | ... BB66: =IF(OR(AND(BB65<>0,BB67=0),AND(BB65=0,BB67<>0)),"Ошибка",IF(BB67=0,0,BB65/BB67)) -> 0 | BC66: по факту 2024 года, с учетом ИЦП Минэкономразвития России на 2025 год 114,4%, на 2026 год 113,2%, с учетом НДС 22%. | BF66: P_ONE_TAR | BG66: DYN_ONE | BH66: {=BH65} -> СН2 | BI66: {=BI65} -> ПАО "Кузбассэнергосбыт" (ИНН: 4205109214, КПП: 420501001)
E67: 11.25 | F67: {=OFFSET(E67,-1,1)} -> 1 | G67: l6_2 | H67: {=H66} -> СН2 | T67: {=T66} -> TRUE | AB67: =AB64&".3" -> 6.2.3 | AC67: Объём покупной электроэнергии | AD67: тыс.кВтч | AE67: 709.819 | AF67: 829.52 | AG67: 766.81 | AH67: 707.26272 | AI67: 829.52 | AS67: 699.2 | AT67: {=AS67} -> 699.2 | AU67: {=AT67} -> 699.2 | BC67: по утвержденному удельному расходу. | BF67: P_ONE_VOL | BG67: DYN_ONE | BH67: {=BH66} -> СН2 | BI67: {=BI66} -> ПАО "Кузбассэнергосбыт" (ИНН: 4205109214, КПП: 420501001)
E68: 15 | F68: {=OFFSET(E68,-1,1)} -> 1 | H68: !== 'не определено' && row.l6 !== null | T68: =F68>0 -> TRUE | W68: { _x000D_ funcDyn: 'msg',_x000D_ blok: '',_x000D_ wsCross: '',_x000D_ linkFormula: '',_x000D_ levelDyn: '1',_x000D_ addDynValue: 'det_name|AC|0'_x000D_ } | AC68: Добавить | BJ68: DYN_ONE
E69: 13 | F69: {=OFFSET(E69,-1,1)} -> 1 | T69: {=T68} -> TRUE | AC69: Двухставочный тариф
E70: 11 | F70: {=OFFSET(E70,-1,1)} -> 1 | T70: =AND(F70>0,Y70>0) -> FALSE | W70: et_2 | Y70: 0 | AA70: × | AB70: ="7."&Y70 -> 7.0
E71: 11.25 | F71: {=OFFSET(E71,-1,1)} -> 1 | G71: l6 | H71: {=AC71} -> 0 | T71: {=T70} -> FALSE | Y71: 0 | AA71: × | AB71: =AB70&".1" -> 7.0.1 | AD71: тыс.руб. | AE71: =AE72+AE75 -> 0 | AF71: =AF72+AF75 -> 0 | AG71: =AG72+AG75 -> 0 | AH71: =AH72+AH75 -> 0 | AI71: =AI72+AI75 -> 0 | AJ71: =AJ72+AJ75 -> 0 | AK71: =AK72+AK75 -> 0 | AL71: =AL72+AL75 -> 0 | ... BB71: =BB72+BB75 -> 0 | BF71: P_DBL_MONEY | BG71: DYN_DBL | BH71: {=AC71} -> 0 | BI71: {=AC70} -> 0 | BK71: TRUE
E72: 11.25 | F72: {=OFFSET(E72,-1,1)} -> 1 | G72: l7_1 | H72: {=H71} -> 0 | T72: {=T71} -> FALSE | AB72: =AB70&".2" -> 7.0.2 | AC72: Затраты на электроэнергию | AD72: тыс.руб. | BF72: P_DBL_EE | BG72: DYN_DBL | BH72: {=BH71} -> 0 | BI72: {=BI71} -> 0
E73: 11.25 | F73: {=OFFSET(E73,-1,1)} -> 1 | G73: l7_1_1 | H73: {=H72} -> 0 | T73: {=T72} -> FALSE | AB73: =AB70&".3" -> 7.0.3 | AC73: Тариф на электроэнергию | AD73: руб./кВтч | AE73: =IF(OR(AND(AE72<>0,AE74=0),AND(AE72=0,AE74<>0)),"Ошибка",IF(AE74=0,0,AE72/AE74)) -> 0 | AF73: =IF(OR(AND(AF72<>0,AF74=0),AND(AF72=0,AF74<>0)),"Ошибка",IF(AF74=0,0,AF72/AF74)) -> 0 | AG73: =IF(OR(AND(AG72<>0,AG74=0),AND(AG72=0,AG74<>0)),"Ошибка",IF(AG74=0,0,AG72/AG74)) -> 0 | AH73: =IF(OR(AND(AH72<>0,AH74=0),AND(AH72=0,AH74<>0)),"Ошибка",IF(AH74=0,0,AH72/AH74)) -> 0 | AI73: =IF(OR(AND(AI72<>0,AI74=0),AND(AI72=0,AI74<>0)),"Ошибка",IF(AI74=0,0,AI72/AI74)) -> 0 | AJ73: =IF(OR(AND(AJ72<>0,AJ74=0),AND(AJ72=0,AJ74<>0)),"Ошибка",IF(AJ74=0,0,AJ72/AJ74)) -> 0 | AK73: =IF(OR(AND(AK72<>0,AK74=0),AND(AK72=0,AK74<>0)),"Ошибка",IF(AK74=0,0,AK72/AK74)) -> 0 | AL73: =IF(OR(AND(AL72<>0,AL74=0),AND(AL72=0,AL74<>0)),"Ошибка",IF(AL74=0,0,AL72/AL74)) -> 0 | ... BB73: =IF(OR(AND(BB72<>0,BB74=0),AND(BB72=0,BB74<>0)),"Ошибка",IF(BB74=0,0,BB72/BB74)) -> 0 | BF73: P_DBL_EE_TAR | BG73: DYN_DBL | BH73: {=BH72} -> 0 | BI73: {=BI72} -> 0
E74: 11.25 | F74: {=OFFSET(E74,-1,1)} -> 1 | G74: l7_1_2 | H74: {=H73} -> 0 | T74: {=T73} -> FALSE | AB74: =AB70&".4" -> 7.0.4 | AC74: Объём покупной электроэнергии | AD74: тыс.кВтч | BF74: P_DBL_EE_VOL | BG74: DYN_DBL | BH74: {=BH73} -> 0 | BI74: {=BI73} -> 0
E75: 11.25 | F75: {=OFFSET(E75,-1,1)} -> 1 | G75: l7_2 | H75: {=H74} -> 0 | T75: {=T74} -> FALSE | AB75: =AB70&".5" -> 7.0.5 | AC75: Затраты на электрическую мощность | AD75: тыс.руб. | BF75: P_DBL_POWER_MONEY | BG75: DYN_DBL | BH75: {=BH74} -> 0 | BI75: {=BI74} -> 0
E76: 11.25 | F76: {=OFFSET(E76,-1,1)} -> 1 | G76: l7_2_1 | H76: {=H75} -> 0 | T76: {=T75} -> FALSE | AB76: =AB70&".6" -> 7.0.6 | AC76: Тариф на электрическую мощность | AD76: руб./МВт в мес | AE76: =IF(OR(AND(AE75<>0,AE77=0),AND(AE75=0,AE77<>0)),"Ошибка",IF(AE77=0,0,AE75/AE77*1000/12)) -> 0 | AF76: =IF(OR(AND(AF75<>0,AF77=0),AND(AF75=0,AF77<>0)),"Ошибка",IF(AF77=0,0,AF75/AF77*1000/12)) -> 0 | AG76: =IF(OR(AND(AG75<>0,AG77=0),AND(AG75=0,AG77<>0)),"Ошибка",IF(AG77=0,0,AG75/AG77*1000/12)) -> 0 | AH76: =IF(OR(AND(AH75<>0,AH77=0),AND(AH75=0,AH77<>0)),"Ошибка",IF(AH77=0,0,AH75/AH77*1000/12)) -> 0 | AI76: =IF(OR(AND(AI75<>0,AI77=0),AND(AI75=0,AI77<>0)),"Ошибка",IF(AI77=0,0,AI75/AI77*1000/12)) -> 0 | AJ76: =IF(OR(AND(AJ75<>0,AJ77=0),AND(AJ75=0,AJ77<>0)),"Ошибка",IF(AJ77=0,0,AJ75/AJ77*1000/12)) -> 0 | AK76: =IF(OR(AND(AK75<>0,AK77=0),AND(AK75=0,AK77<>0)),"Ошибка",IF(AK77=0,0,AK75/AK77*1000/12)) -> 0 | AL76: =IF(OR(AND(AL75<>0,AL77=0),AND(AL75=0,AL77<>0)),"Ошибка",IF(AL77=0,0,AL75/AL77*1000/12)) -> 0 | ... BB76: =IF(OR(AND(BB75<>0,BB77=0),AND(BB75=0,BB77<>0)),"Ошибка",IF(BB77=0,0,BB75/BB77*1000/12)) -> 0 | BF76: P_DBL_POWER_TAR | BG76: DYN_DBL | BH76: {=BH75} -> 0 | BI76: {=BI75} -> 0
E77: 11.25 | F77: {=OFFSET(E77,-1,1)} -> 1 | G77: l7_2_2 | H77: {=H76} -> 0 | T77: {=T76} -> FALSE | AB77: =AB70&".7" -> 7.0.7 | AC77: Объём покупной мощности | AD77: МВт в мес. | BF77: P_DBL_POWER_VOL | BG77: DYN_DBL | BH77: {=BH76} -> 0 | BI77: {=BI76} -> 0
E78: 15 | F78: {=OFFSET(E78,-1,1)} -> 1 | H78: !== 'не определено' && row.l7 !== null | T78: =F78>0 -> TRUE | W78: { _x000D_ funcDyn: 'msg',_x000D_ blok: '',_x000D_ wsCross: '',_x000D_ linkFormula: '',_x000D_ levelDyn: '2',_x000D_ addDynValue: 'det_name|AC|0'_x000D_ } | AC78: Добавить | BJ78: DYN_DBL
E79: 15 | F79: {=X79} -> 2 | T79: =X79>0 -> TRUE | V79: {='Сырье и материалы'!$AB$72} -> Тариф 2 (Водоотведение) - тариф на водоотведение (Доп. признак не требуется) | X79: 2 | AB79: {='Сырье и материалы'!$AB$72} -> Тариф 2 (Водоотведение) - тариф на водоотведение (Доп. признак не требуется)
E80: 11.25 | F80: {=OFFSET(E80,-1,1)} -> 2 | G80: l1 | K80: =F80&"komm" -> 2komm | L80: {=BC80} -> В соответствии с п. 95 Методических указаний № 1746-э расходы на приобретение энергетических ресурсов, определяемые на основе фактических значений параметров расчета тарифов взамен прогнозных. | T80: {=T79} -> TRUE | AB80: 1 | AC80: Всего по тарифу | AD80: тыс.руб. | AE80: =IF(COUNTIF(AE85:AE108,"Ошибка")>0,"Ошибка",SUMIF($AD85:$AD108,$AD80,AE85:AE108)) -> 3604.1135 | AF80: =IF(COUNTIF(AF85:AF108,"Ошибка")>0,"Ошибка",SUMIF($AD85:$AD108,$AD80,AF85:AF108)) -> 3180.12 | AG80: =IF(COUNTIF(AG85:AG108,"Ошибка")>0,"Ошибка",SUMIF($AD85:$AD108,$AD80,AG85:AG108)) -> 3180.12 | AH80: =IF(COUNTIF(AH85:AH108,"Ошибка")>0,"Ошибка",SUMIF($AD85:$AD108,$AD80,AH85:AH108)) -> 3797.2435 | AI80: =IF(COUNTIF(AI85:AI108,"Ошибка")>0,"Ошибка",SUMIF($AD85:$AD108,$AD80,AI85:AI108)) -> 4189.45 | AJ80: =IF(COUNTIF(AJ85:AJ108,"Ошибка")>0,"Ошибка",SUMIF($AD85:$AD108,$AD80,AJ85:AJ108)) -> 0 | AK80: =IF(COUNTIF(AK85:AK108,"Ошибка")>0,"Ошибка",SUMIF($AD85:$AD108,$AD80,AK85:AK108)) -> 0 | AL80: =IF(COUNTIF(AL85:AL108,"Ошибка")>0,"Ошибка",SUMIF($AD85:$AD108,$AD80,AL85:AL108)) -> 0 | ... BB80: =IF(COUNTIF(BB85:BB108,"Ошибка")>0,"Ошибка",SUMIF($AD85:$AD108,$AD80,BB85:BB108)) -> 0 | BC80: В соответствии с п. 95 Методических указаний № 1746-э расходы на приобретение энергетических ресурсов, определяемые на основе фактических значений параметров расчета тарифов взамен прогнозных. | BF80: P_TOTAL_MONEY
E81: 11.25 | F81: {=OFFSET(E81,-1,1)} -> 2 | G81: l2 | T81: {=T80} -> TRUE | AB81: 2 | AC81: Объём покупаемой электроэнергии всего | AD81: тыс.кВтч | AE81: =SUMIF(AD85:AD108,AD81,AE85:AE108) -> 483.70871 | AF81: =SUMIF(AD85:AD108,AD81,AF85:AF108) -> 430.26 | AG81: =SUMIF(AD85:AD108,AD81,AG85:AG108) -> 430.26 | AH81: =SUMIF(AD85:AD108,AD81,AH85:AH108) -> 485.82376 | AI81: =SUMIF(AD85:AD108,AD81,AI85:AI108) -> 485.82 | AJ81: =SUMIF(AD85:AD108,AD81,AJ85:AJ108) -> 0 | AK81: =SUMIF(AD85:AD108,AD81,AK85:AK108) -> 0 | AL81: =SUMIF(AD85:AD108,AD81,AL85:AL108) -> 0 | AM81: =SUMIF(AD85:AD108,AD81,AM85:AM108) -> 0 | AN81: =SUMIF(AD85:AD108,AD81,AN85:AN108) -> 0 | AO81: =SUMIF(AD85:AD108,AD81,AO85:AO108) -> 0 | AP81: =SUMIF(AD85:AD108,AD81,AP85:AP108) -> 0 | AQ81: =SUMIF(AD85:AD108,AD81,AQ85:AQ108) -> 0 | AR81: =SUMIF(AD85:AD108,AD81,AR85:AR108) -> 0 | AS81: =SUMIF(AD85:AD108,AD81,AS85:AS108) -> 484.90117 | AT81: =SUMIF(AD85:AD108,AD81,AT85:AT108) -> 484.90117 | AU81: =SUMIF(AD85:AD108,AD81,AU85:AU108) -> 484.90117 | AV81: =SUMIF(AD85:AD108,AD81,AV85:AV108) -> 0 | AW81: =SUMIF(AD85:AD108,AD81,AW85:AW108) -> 0 | AX81: =SUMIF(AD85:AD108,AD81,AX85:AX108) -> 0 | AY81: =SUMIF(AD85:AD108,AD81,AY85:AY108) -> 0 | AZ81: =SUMIF(AD85:AD108,AD81,AZ85:AZ108) -> 0 | BA81: =SUMIF(AD85:AD108,AD81,BA85:BA108) -> 0 | BB81: =SUMIF(AD85:AD108,AD81,BB85:BB108) -> 0 | BF81: P_VOL_EE
E82: 11.25 | F82: {=OFFSET(E82,-1,1)} -> 2 | G82: l3 | T82: {=T81} -> TRUE | AB82: 3 | AC82: Объём воды/сточных вод | AD82: тыс.куб.м. | AE82: 945.83128 | AF82: {=Баланс!AF266} -> 948.163 | AG82: {=Баланс!AG266} -> 948.163 | AH82: 949.967 | AI82: {=Баланс!AI266} -> 938.937 | AS82: {=Баланс!AS266} -> 948.163 | AT82: {=AS82} -> 948.163 | AU82: {=AT82} -> 948.163 | BF82: P_VOL_WATER
E83: 11.25 | F83: {=OFFSET(E83,-1,1)} -> 2 | G83: l4 | T83: {=T82} -> TRUE | AB83: 4 | AC83: Средний (расчетный) тариф | AD83: руб./кВтч | AE83: =IF(AE81=0,0,AE80/AE81) -> 7.4509998 | AF83: =IF(AF81=0,0,AF80/AF81) -> 7.3911588 | AG83: =IF(AG81=0,0,AG80/AG81) -> 7.3911588 | AH83: =IF(AH81=0,0,AH80/AH81) -> 7.8160926 | AI83: =IF(AI81=0,0,AI80/AI81) -> 8.6234614 | AJ83: =IF(AJ81=0,0,AJ80/AJ81) -> 0 | AK83: =IF(AK81=0,0,AK80/AK81) -> 0 | AL83: =IF(AL81=0,0,AL80/AL81) -> 0 | ... BB83: =IF(BB81=0,0,BB80/BB81) -> 0 | BF83: P_AVG_TAR
E84: 11.25 | F84: {=OFFSET(E84,-1,1)} -> 2 | G84: l5 | T84: {=T83} -> TRUE | AB84: 5 | AC84: Удельный расход электроэнергии | AD84: кВтч/куб.м. | AE84: =IF(AE82=0,0,AE81/AE82) -> 0.5114112 | AF84: =IF(AF82=0,0,AF81/AF82) -> 0.45378274 | AG84: =IF(AG82=0,0,AG81/AG82) -> 0.45378274 | AH84: =IF(AH82=0,0,AH81/AH82) -> 0.5114112 | AI84: =IF(AI82=0,0,AI81/AI82) -> 0.51741491 | AJ84: =IF(AJ82=0,0,AJ81/AJ82) -> 0 | AK84: =IF(AK82=0,0,AK81/AK82) -> 0 | AL84: =IF(AL82=0,0,AL81/AL82) -> 0 | ... BB84: =IF(BB82=0,0,BB81/BB82) -> 0 | BF84: P_EE_CONS
E85: 13 | F85: {=OFFSET(E85,-1,1)} -> 2 | T85: {=T84} -> TRUE | AC85: Одноставочный тариф
E86: 11 | F86: {=OFFSET(E86,-1,1)} -> 2 | T86: =AND(F86>0,Y86>0) -> FALSE | W86: et_2 | Y86: 0 | AA86: × | AB86: ="6."&Y86 -> 6.0
E87: 11.25 | F87: {=OFFSET(E87,-1,1)} -> 2 | G87: l6 | H87: {=AC87} -> 0 | T87: {=T86} -> FALSE | Y87: 0 | AA87: × | AB87: =AB86&".1" -> 6.0.1 | AD87: тыс.руб. | BF87: P_ONE_MONEY | BG87: DYN_ONE | BH87: {=AC87} -> 0 | BI87: {=AC86} -> 0 | BK87: TRUE
E88: 11.25 | F88: {=OFFSET(E88,-1,1)} -> 2 | G88: l6_1 | H88: {=H87} -> 0 | T88: {=T87} -> FALSE | AB88: =AB86&".2" -> 6.0.2 | AC88: Тариф на электроэнергию | AD88: руб./кВтч | AE88: =IF(OR(AND(AE87<>0,AE89=0),AND(AE87=0,AE89<>0)),"Ошибка",IF(AE89=0,0,AE87/AE89)) -> 0 | AF88: =IF(OR(AND(AF87<>0,AF89=0),AND(AF87=0,AF89<>0)),"Ошибка",IF(AF89=0,0,AF87/AF89)) -> 0 | AG88: =IF(OR(AND(AG87<>0,AG89=0),AND(AG87=0,AG89<>0)),"Ошибка",IF(AG89=0,0,AG87/AG89)) -> 0 | AH88: =IF(OR(AND(AH87<>0,AH89=0),AND(AH87=0,AH89<>0)),"Ошибка",IF(AH89=0,0,AH87/AH89)) -> 0 | AI88: =IF(OR(AND(AI87<>0,AI89=0),AND(AI87=0,AI89<>0)),"Ошибка",IF(AI89=0,0,AI87/AI89)) -> 0 | AJ88: =IF(OR(AND(AJ87<>0,AJ89=0),AND(AJ87=0,AJ89<>0)),"Ошибка",IF(AJ89=0,0,AJ87/AJ89)) -> 0 | AK88: =IF(OR(AND(AK87<>0,AK89=0),AND(AK87=0,AK89<>0)),"Ошибка",IF(AK89=0,0,AK87/AK89)) -> 0 | AL88: =IF(OR(AND(AL87<>0,AL89=0),AND(AL87=0,AL89<>0)),"Ошибка",IF(AL89=0,0,AL87/AL89)) -> 0 | ... BB88: =IF(OR(AND(BB87<>0,BB89=0),AND(BB87=0,BB89<>0)),"Ошибка",IF(BB89=0,0,BB87/BB89)) -> 0 | BF88: P_ONE_TAR | BG88: DYN_ONE | BH88: {=BH87} -> 0 | BI88: {=BI87} -> 0
E89: 11.25 | F89: {=OFFSET(E89,-1,1)} -> 2 | G89: l6_2 | H89: {=H88} -> 0 | T89: {=T88} -> FALSE | AB89: =AB86&".3" -> 6.0.3 | AC89: Объём покупной электроэнергии | AD89: тыс.кВтч | BF89: P_ONE_VOL | BG89: DYN_ONE | BH89: {=BH88} -> 0 | BI89: {=BI88} -> 0
E90: 11 | F90: {=OFFSET(E90,-1,1)} -> 2 | T90: =AND(F90>0,Y90>0) -> TRUE | Y90: 1 | AA90: × | AB90: ="6."&Y90 -> 6.1 | AC90: ПАО "Кузбассэнергосбыт" (ИНН: 4205109214, КПП: 420501001)
E91: 11.25 | F91: {=OFFSET(E91,-1,1)} -> 2 | G91: l6 | H91: {=AC91} -> НН | T91: {=T90} -> TRUE | Y91: 1 | AA91: × | AB91: =AB90&".1" -> 6.1.1 | AC91: НН | AD91: тыс.руб. | AE91: 268.56665 | AF91: 323.11 | AG91: {=AF91} -> 323.11 | AH91: 282.95828 | AI91: 392.35 | AS91: 336.23 | BF91: P_ONE_MONEY | BG91: DYN_ONE | BH91: {=AC91} -> НН | BI91: {=AC90} -> ПАО "Кузбассэнергосбыт" (ИНН: 4205109214, КПП: 420501001) | BK91: TRUE
E92: 11.25 | F92: {=OFFSET(E92,-1,1)} -> 2 | G92: l6_1 | H92: {=H91} -> НН | T92: {=T91} -> TRUE | AB92: =AB90&".2" -> 6.1.2 | AC92: Тариф на электроэнергию | AD92: руб./кВтч | AE92: =IF(OR(AND(AE91<>0,AE93=0),AND(AE91=0,AE93<>0)),"Ошибка",IF(AE93=0,0,AE91/AE93)) -> 9.6990136 | AF92: =IF(OR(AND(AF91<>0,AF93=0),AND(AF91=0,AF93<>0)),"Ошибка",IF(AF93=0,0,AF91/AF93)) -> 9.2001708 | AG92: =IF(OR(AND(AG91<>0,AG93=0),AND(AG91=0,AG93<>0)),"Ошибка",IF(AG93=0,0,AG91/AG93)) -> 9.2001708 | AH92: =IF(OR(AND(AH91<>0,AH93=0),AND(AH91=0,AH93<>0)),"Ошибка",IF(AH93=0,0,AH91/AH93)) -> 10.174265 | AI92: =IF(OR(AND(AI91<>0,AI93=0),AND(AI91=0,AI93<>0)),"Ошибка",IF(AI93=0,0,AI91/AI93)) -> 11.171697 | AJ92: =IF(OR(AND(AJ91<>0,AJ93=0),AND(AJ91=0,AJ93<>0)),"Ошибка",IF(AJ93=0,0,AJ91/AJ93)) -> 0 | AK92: =IF(OR(AND(AK91<>0,AK93=0),AND(AK91=0,AK93<>0)),"Ошибка",IF(AK93=0,0,AK91/AK93)) -> 0 | AL92: =IF(OR(AND(AL91<>0,AL93=0),AND(AL91=0,AL93<>0)),"Ошибка",IF(AL93=0,0,AL91/AL93)) -> 0 | ... BB92: =IF(OR(AND(BB91<>0,BB93=0),AND(BB91=0,BB93<>0)),"Ошибка",IF(BB93=0,0,BB91/BB93)) -> 0 | BC92: по факту 2024 года, с учетом ИЦП Минэкономразвития России на 2025 год 114,4%, на 2026 год 113,2%, с учетом НДС 22%. | BF92: P_ONE_TAR | BG92: DYN_ONE | BH92: {=BH91} -> НН | BI92: {=BI91} -> ПАО "Кузбассэнергосбыт" (ИНН: 4205109214, КПП: 420501001)
E93: 11.25 | F93: {=OFFSET(E93,-1,1)} -> 2 | G93: l6_2 | H93: {=H92} -> НН | T93: {=T92} -> TRUE | AB93: =AB90&".3" -> 6.1.3 | AC93: Объём покупной электроэнергии | AD93: тыс.кВтч | AE93: 27.690099 | AF93: 35.12 | AG93: {=AF93} -> 35.12 | AH93: 27.811176 | AI93: 35.12 | AS93: =AH93/AH82*AS82 -> 27.758362 | AT93: {=AS93} -> 27.758362 | AU93: {=AT93} -> 27.758362 | BC93: по утвержденному удельному расходу. | BF93: P_ONE_VOL | BG93: DYN_ONE | BH93: {=BH92} -> НН | BI93: {=BI92} -> ПАО "Кузбассэнергосбыт" (ИНН: 4205109214, КПП: 420501001)
E94: 11 | F94: {=OFFSET(E94,-1,1)} -> 2 | T94: =AND(F94>0,Y94>0) -> TRUE | Y94: 2 | AA94: × | AB94: ="6."&Y94 -> 6.2 | AC94: ПАО "Кузбассэнергосбыт" (ИНН: 4205109214, КПП: 420501001)
E95: 11.25 | F95: {=OFFSET(E95,-1,1)} -> 2 | G95: l6 | H95: {=AC95} -> СН2 | T95: {=T94} -> TRUE | Y95: 2 | AA95: × | AB95: =AB94&".1" -> 6.2.1 | AC95: СН2 | AD95: тыс.руб. | AE95: 3335.5468 | AF95: 2857.01 | AG95: {=AF95} -> 2857.01 | AH95: 3514.2852 | AI95: 3797.1 | AS95: 4351.76 | BF95: P_ONE_MONEY | BG95: DYN_ONE | BH95: {=AC95} -> СН2 | BI95: {=AC94} -> ПАО "Кузбассэнергосбыт" (ИНН: 4205109214, КПП: 420501001) | BK95: TRUE
